Workbook
Name \0: #REF!
Name \0: #REF!
Name \0: #REF!
Name \1: #REF!
Name \1: #REF!
Name \1: #REF!
Name \11: #REF!
Name \11: #REF!
Name \11: #REF!
Name \A: #REF!
Name \b: #REF!
Name \c: #REF!
Name \Convergence: 1000000
Name \d: #N/A
Name \f: #N/A
Name \fagf: #REF!
Name \I: #REF!
Name \IterationCount: 0
Name \p: #N/A
Name \S: #REF!
Name \w: #REF!
Name \WorstStream: " "
Name \x: #REF!
Name \y: #REF!
Name \z: #REF!
Name ______________________________________________cab1: #REF!
Name ____________________________________________cab1: #REF!
Name ____________________________________________RET1: #REF!
Name __________________________________________cab1: #REF!
Name __________________________________________oac2: #REF!
Name __________________________________________RET1: #REF!
Name __________________________________________TT21: #REF!
Name __________________________________________TT22: #REF!
Name _________________________________________cab1: #REF!
Name _________________________________________JAZ1: #REF!
Name _________________________________________JAZ11: #REF!
Name _________________________________________JAZ2: #REF!
Name _________________________________________JAZ22: #REF!
Name _________________________________________JAZ3: #REF!
Name _________________________________________JAZ33: #REF!
Name _________________________________________RET1: #REF!
Name ________________________________________EXT1: #REF!
Name ________________________________________ind100: #REF!
Name ________________________________________JAZ1: #REF!
Name ________________________________________JAZ11: #REF!
Name ________________________________________JAZ2: #REF!
Name ________________________________________JAZ22: #REF!
Name ________________________________________JAZ3: #REF!
Name ________________________________________JAZ33: #REF!
Name ________________________________________oac2: #REF!
Name ________________________________________RET1: #REF!
Name ________________________________________TT21: #REF!
Name ________________________________________TT22: #REF!
Name _______________________________________cab1: #REF!
Name _______________________________________JAZ1: #REF!
Name _______________________________________JAZ11: #REF!
Name _______________________________________JAZ2: #REF!
Name _______________________________________JAZ22: #REF!
Name _______________________________________JAZ3: #REF!
Name _______________________________________JAZ33: #REF!

Sheet DADOS DA OBRA
B10: DADOS DO EMPREENDIMENTO
B12: OBJETO
B13: Construção de ponte de concreto sobre o Rio do Peixe, na GO-479, demolição de ponte existente, transporte e destinação do entulho da demolição
B15: ENDEREÇO
B16: GO-479, Zona Rural
B18: DISTRITO | J18: Cidade | P18: UF
B19: Distrito de Lagolândia | J19: Pirenópolis | P19: GO
B21: Área Total de Construção | F21: BDI | J21: ENCARGOS SOCIAIS HORISTAS | N21: Data do Orçamento
N22: 45681
B24: Prazo | F24: BDI REDUZIDO | J24: ENCARGOS SOCIAIS MENSALISTAS | N24: Revisão
B25: 10 MESES | N25: 00
B27: BASE
B28: GOINFRA CIVIL-10/2024, GOINFRA RODOVIÁRIA-10/2024, SINAPI-12/2024, SICRO3-10/2024, ORSE-11/2024.

Sheet CAPA - ORÇAMENTO
C9: ORÇAMENTO
C15: OBJETO: | D15: ='DADOS DA OBRA'!B13 -> Construção de ponte de concreto sobre o Rio do Peixe, na GO-479, demolição de ponte existente, transporte e destinação do entulho da demolição
C16: LOCAL: | D16: =+""&'DADOS DA OBRA'!$B$16&", "&'DADOS DA OBRA'!$B$19&", "&'DADOS DA OBRA'!$J$19&", "&'DADOS DA OBRA'!$P$19 -> GO-479, Zona Rural, Distrito de Lagolândia, Pirenópolis, GO
C17: DATA: | D17: ='DADOS DA OBRA'!N22 -> 45681
C18: RESPONSÁVEL: | D18: Engenheiro Civil Alberto Andrade de Castro
C19: CREA: | D19: 1021673722D-GO
C20: ART: | D20: 1020250022827

Sheet CAPA - VANTAJOSIDADE
C9: VANTAJOSIDADE

Sheet VANTAJOSIDADE
B1: CÁLCULO DE VANTAJOSIDADE
B4: OBJETO: | C4: ='DADOS DA OBRA'!B13 -> Construção de ponte de concreto sobre o Rio do Peixe, na GO-479, demolição de ponte existente, transporte e destinação do entulho da demolição | M4: DATA: | N4: ='DADOS DA OBRA'!N22 -> 45681
B5: LOCAL: | C5: =+""&'DADOS DA OBRA'!$B$16&", "&'DADOS DA OBRA'!$B$19&", "&'DADOS DA OBRA'!$J$19&", "&'DADOS DA OBRA'!$P$19 -> GO-479, Zona Rural, Distrito de Lagolândia, Pirenópolis, GO | M5: REVISÃO: | N5: ='DADOS DA OBRA'!N25 -> 00
B7: O cálculo de vantajosidade se baseia na comparação direta entre os valores totais do orçamento e a escolha pelo que representa o menor valor, para tanto temos:
F10: a. Orçamento com desoneração: | J10: ='ORÇAMENTO SINTÉTICO (CD)'!L124 -> 11362315
F11: b. Orçamento sem desoneração: | J11: ='ORÇAMENTO SINTÉTICO (SD)'!L124 -> 11281852
F13: % de Diferença (a / b) | J13: =(J10/J11)-1 -> 0.0071320096
F15: ORÇAMENTO COM MELHOR VANTAJOSIDADE: | J15: =+IF(J11<J10,"SEM DESONERAÇÃO","COM DESONERAÇÃO") -> SEM DESONERAÇÃO

Sheet CAPA - ORÇAMENTO (SD)
C9: ORÇAMENTO SEM DESONERAÇÃO

Sheet ORÇAMENTO RESUMO (SD)
B1: ORÇAMENTO RESUMO SEM DESONERAÇÃO
B3: OBJETO: | C3: ='DADOS DA OBRA'!B13 -> Construção de ponte de concreto sobre o Rio do Peixe, na GO-479, demolição de ponte existente, transporte e destinação do entulho da demolição | F3: DATA: | G3: ='DADOS DA OBRA'!N22 -> 45681 | J3: ENCARGOS SOCIAIS HORISTAS: | K3: =+'ENCARGOS SOCIAIS'!E41 -> 1.11496
B4: LOCAL: | C4: =+""&'DADOS DA OBRA'!$B$16&", "&'DADOS DA OBRA'!$B$19&", "&'DADOS DA OBRA'!$J$19&", "&'DADOS DA OBRA'!$P$19 -> GO-479, Zona Rural, Distrito de Lagolândia, Pirenópolis, GO | F4: REVISÃO: | G4: ='DADOS DA OBRA'!N25 -> 00 | J4: BDI OBRA: | K4: =+'BDI NORMAL (SD) '!F21/100 -> 0.2721
B5: BASE: | C5: ='DADOS DA OBRA'!B28 -> GOINFRA CIVIL-10/2024, GOINFRA RODOVIÁRIA-10/2024, SINAPI-12/2024, SICRO3-10/2024, ORSE-11/2024. | F5: PRAZO: | G5: ='DADOS DA OBRA'!B25 -> 10 MESES
B8: Item | E8: Descrição | J8: Total Sem BDI | K8: Total Com BDI
B9: 1 | E9: ADMINISTRAÇÃO LOCAL | J9: =+'ORÇAMENTO SINTÉTICO (SD)'!I9 -> 588300.17 | K9: =+'ORÇAMENTO SINTÉTICO (SD)'!L9 -> 748376.64
B10: 2 | E10: CANTEIRO DE OBRAS | J10: =+'ORÇAMENTO SINTÉTICO (SD)'!I11 -> 306335.09 | K10: =+'ORÇAMENTO SINTÉTICO (SD)'!L11 -> 389688.86
B11: 3 | E11: DEMOLIÇÕES E LIMPEZA | J11: =+'ORÇAMENTO SINTÉTICO (SD)'!I14 -> 230275.39 | K11: =+'ORÇAMENTO SINTÉTICO (SD)'!L14 -> 292703.31
B12: 4 | E12: TERRAPLANAGEM CABECEIRA | J12: =+'ORÇAMENTO SINTÉTICO (SD)'!I21 -> 238254.56 | K12: =+'ORÇAMENTO SINTÉTICO (SD)'!L21 -> 302895.61
B13: 5 | E13: PROTEÇÃO DE MARGEM - GABIÃO E COLCHÃO RENO | J13: =+'ORÇAMENTO SINTÉTICO (SD)'!I27 -> 2078581 | K13: ='ORÇAMENTO SINTÉTICO (SD)'!L27 -> 2643797.2
B14: 6 | E14: FUNDAÇÕES | J14: =+'ORÇAMENTO SINTÉTICO (SD)'!I43 -> 1189988.3 | K14: ='ORÇAMENTO SINTÉTICO (SD)'!L43 -> 1513669.8
B15: 7 | E15: ENSAIO DE PROVA DE CARGA | J15: ='ORÇAMENTO SINTÉTICO (SD)'!I63 -> 106883.72 | K15: ='ORÇAMENTO SINTÉTICO (SD)'!L63 -> 135962.07
B16: 8 | E16: ESCORAMENTO | J16: ='ORÇAMENTO SINTÉTICO (SD)'!I72 -> 1233986.4 | K16: ='ORÇAMENTO SINTÉTICO (SD)'!L72 -> 1569654.7
B17: 9 | E17: MESO-ESTRUTURA | J17: ='ORÇAMENTO SINTÉTICO (SD)'!I74 -> 288891.02 | K17: ='ORÇAMENTO SINTÉTICO (SD)'!L74 -> 367433.03
B18: 10 | E18: SUPER-ESTRUTURA | J18: ='ORÇAMENTO SINTÉTICO (SD)'!I87 -> 2440371.5 | K18: ='ORÇAMENTO SINTÉTICO (SD)'!L87 -> 3103820.7
B19: 11 | E19: DIVERSOS | J19: ='ORÇAMENTO SINTÉTICO (SD)'!I112 -> 153417.15 | K19: ='ORÇAMENTO SINTÉTICO (SD)'!L112 -> 194844.4
B20: 12 | E20: SINALIZAÇÃO DE OBRAS | J20: ='ORÇAMENTO SINTÉTICO (SD)'!I118 -> 14940.74 | K20: ='ORÇAMENTO SINTÉTICO (SD)'!L118 -> 19005.99
G22: Total sem BDI | J22: =SUM(J9:J21) -> 8870225
G23: Valor do BDI | J23: =+J24-J22 -> 2411627.4
G24: Total Geral | J24: =SUM(K9:K20) -> 11281852

Sheet ORÇAMENTO SINTÉTICO (SD)
B1: ORÇAMENTO SINTÉTICO SEM DESONERAÇÃO
B3: OBJETO: | C3: ='CAPA - ORÇAMENTO'!D15 -> Construção de ponte de concreto sobre o Rio do Peixe, na GO-479, demolição de ponte existente, transporte e destinação do entulho da demolição | F3: DATA: | G3: ='DADOS DA OBRA'!N22 -> 45681 | K3: ENCARGOS SOCIAIS HORISTAS: | L3: ='ORÇAMENTO RESUMO (SD)'!K3 -> 1.11496
B4: LOCAL: | C4: =+'CAPA - ORÇAMENTO'!D16 -> GO-479, Zona Rural, Distrito de Lagolândia, Pirenópolis, GO | F4: REVISÃO: | G4: ='DADOS DA OBRA'!N25 -> 00 | K4: BDI OBRA: | L4: ='BDI NORMAL (SD) '!F21/100 -> 0.2721
B5: BASE: | C5: =+'DADOS DA OBRA'!B28 -> GOINFRA CIVIL-10/2024, GOINFRA RODOVIÁRIA-10/2024, SINAPI-12/2024, SICRO3-10/2024, ORSE-11/2024. | F5: PRAZO : | G5: ='DADOS DA OBRA'!B25 -> 10 MESES
B8: Item | C8: Código | D8: Banco | E8: Descrição | F8: Und | G8: Qtd | H8: Valor Unit | I8: Valor Total sem BDI | J8: BDI | K8: Valor Unit com BDI | L8: Valor Total com BDI
B9: 1 | E9: ADMINISTRAÇÃO LOCAL | I9: =SUBTOTAL(9,I10:I10) -> 588300.17 | L9: =SUBTOTAL(9,L10:L10) -> 748376.64
B10: 1.1 | C10: 42190 | D10: AGETOP RODOVIARIA | E10: ADMINISTRAÇÃO LOCAL - TIPO F - CONFORME DEMONSTRATIVO | F10: un | G10: 1 | H10: 588300.17 | I10: =TRUNC(G10 * H10, 2) -> 588300.17 | J10: =+$L$4 -> 0.2721 | K10: =TRUNC(H10 * (1 + J10), 2) -> 748376.64 | L10: =TRUNC(G10 * K10, 2) -> 748376.64
B11: 2 | E11: CANTEIRO DE OBRAS | I11: =SUBTOTAL(9,I12:I13) -> 306335.09 | L11: =SUBTOTAL(9,L12:L13) -> 389688.86
B12: 2.1 | C12: 42290 | D12: AGETOP RODOVIARIA | E12: CANTEIRO DE OBRA - TIPO F - CONFORME DEMONSTRATIVO | F12: un | G12: 1 | H12: 269605.37 | I12: =TRUNC(G12 * H12, 2) -> 269605.37 | J12: =+$L$4 -> 0.2721 | K12: =TRUNC(H12 * (1 + J12), 2) -> 342964.99 | L12: =TRUNC(G12 * K12, 2) -> 342964.99
B13: 2.2 | C13: 42301 | D13: AGETOP RODOVIARIA | E13: MOBILIZAÇÃO / DESMOBILIZAÇÃO - CONFORME DEMONSTRATIVO | F13: un | G13: 1 | H13: 36729.72 | I13: =TRUNC(G13 * H13, 2) -> 36729.72 | J13: =+$L$4 -> 0.2721 | K13: =TRUNC(H13 * (1 + J13), 2) -> 46723.87 | L13: =TRUNC(G13 * K13, 2) -> 46723.87
B14: 3 | E14: DEMOLIÇÕES E LIMPEZA | I14: =SUBTOTAL(9,I15:I20) -> 230275.39 | L14: =SUBTOTAL(9,L15:L20) -> 292703.31
B15: 3.1 | C15: 42825 | D15: AGETOP RODOVIARIA | E15: DEMOLIÇÃO DE CONCRETO ARMADO | F15: m³ | G15: 174.69 | H15: 652.45 | I15: =TRUNC(G15 * H15, 2) -> 113976.49 | J15: =+$L$4 -> 0.2721 | K15: =TRUNC(H15 * (1 + J15), 2) -> 829.98 | L15: =TRUNC(G15 * K15, 2) -> 144989.2
B16: 3.2 | C16: 40001 | D16: AGETOP RODOVIARIA | E16: DESMATAMENTO E LIMPEZA - INCLUSO DESTOCAMENTO DE ÁRVORES COM DIÂMETROS MENORES DE 15 cm | F16: m² | G16: 374.4 | H16: 0.54 | I16: =TRUNC(G16 * H16, 2) -> 202.17 | J16: =+$L$4 -> 0.2721 | K16: =TRUNC(H16 * (1 + J16), 2) -> 0.68 | L16: =TRUNC(G16 * K16, 2) -> 254.59
B17: 3.3 | C17: 40005 | D17: AGETOP RODOVIARIA | E17: CARGA DE ENTULHOS | F17: m³ | G17: 193.41 | H17: 2.49 | I17: =TRUNC(G17 * H17, 2) -> 481.59 | J17: =+$L$4 -> 0.2721 | K17: =TRUNC(H17 * (1 + J17), 2) -> 3.16 | L17: =TRUNC(G17 * K17, 2) -> 611.17
B18: 3.4 | C18: 40006 | D18: AGETOP RODOVIARIA | E18: TRANSPORTE DE ENTULHOS | F18: m3km | G18: 45343.41 | H18: 2.26 | I18: =TRUNC(G18 * H18, 2) -> 102476.1 | J18: =+$L$4 -> 0.2721 | K18: =TRUNC(H18 * (1 + J18), 2) -> 2.87 | L18: =TRUNC(G18 * K18, 2) -> 130135.58
B19: 3.5 | C19: 40145 | D19: AGETOP RODOVIARIA | E19: ESPALHAMENTO DE MATERIAL EM BOTA-FORA | F19: m³ | G19: 18.72 | H19: 2 | I19: =TRUNC(G19 * H19, 2) -> 37.44 | J19: =+$L$4 -> 0.2721 | K19: =TRUNC(H19 * (1 + J19), 2) -> 2.54 | L19: =TRUNC(G19 * K19, 2) -> 47.54
B20: 3.6 | C20: 10039 | D20: ORSE | E20: DESCARTE DE RESÍDUOS DA CONSTRUÇÃO CIVIL EM ÁREA LICENCIADA | F20: t | G20: 436.72 | H20: 30 | I20: =TRUNC(G20 * H20, 2) -> 13101.6 | J20: =+$L$4 -> 0.2721 | K20: =TRUNC(H20 * (1 + J20), 2) -> 38.16 | L20: =TRUNC(G20 * K20, 2) -> 16665.23
B21: 4 | E21: TERRAPLANAGEM CABECEIRA | I21: =SUBTOTAL(9,I22:I26) -> 238254.56 | L21: =SUBTOTAL(9,L22:L26) -> 302895.61
B22: 4.1 | C22: 45020 | D22: AGETOP RODOVIARIA | E22: ESCAVAÇÃO MECÂNIZADA | F22: m³ | G22: 6.29 | H22: 7.58 | I22: =TRUNC(G22 * H22, 2) -> 47.67 | J22: =+$L$4 -> 0.2721 | K22: =TRUNC(H22 * (1 + J22), 2) -> 9.64 | L22: =TRUNC(G22 * K22, 2) -> 60.63
B23: 4.2 | C23: 40317 | D23: AGETOP RODOVIARIA | E23: FORNECIMENTO DE MATERIAL DE JAZIDA (CASCALHO) | F23: m³ | G23: 8015.37 | H23: 19.11 | I23: =TRUNC(G23 * H23, 2) -> 153173.72 | J23: =+$L$4 -> 0.2721 | K23: =TRUNC(H23 * (1 + J23), 2) -> 24.3 | L23: =TRUNC(G23 * K23, 2) -> 194773.49
B24: 4.3 | C24: 40315 | D24: AGETOP RODOVIARIA | E24: ESCAVAÇÃO E CARGA DE MATERIAL DE JAZIDA | F24: m³ | G24: 8015.37 | H24: 4.18 | I24: =TRUNC(G24 * H24, 2) -> 33504.24 | J24: =+$L$4 -> 0.2721 | K24: =TRUNC(H24 * (1 + J24), 2) -> 5.31 | L24: =TRUNC(G24 * K24, 2) -> 42561.61
B25: 4.4 | C25: 40320 | D25: AGETOP RODOVIARIA | E25: TRANSPORTE DE MATERIAL DE JAZIDA (CASCALHO) | F25: m3km | G25: 5209.99 | H25: 2.5 | I25: =TRUNC(G25 * H25, 2) -> 13024.97 | J25: =+$L$4 -> 0.2721 | K25: =TRUNC(H25 * (1 + J25), 2) -> 3.18 | L25: =TRUNC(G25 * K25, 2) -> 16567.76
B26: 4.5 | C26: 40100 | D26: AGETOP RODOVIARIA | E26: COMPACTAÇÃO A 95% DO PROCTOR NORMAL | F26: m³ | G26: 8021.66 | H26: 4.8 | I26: =TRUNC(G26 * H26, 2) -> 38503.96 | J26: =+$L$4 -> 0.2721 | K26: =TRUNC(H26 * (1 + J26), 2) -> 6.1 | L26: =TRUNC(G26 * K26, 2) -> 48932.12
B27: 5 | E27: PROTEÇÃO DE MARGEM - GABIÃO E COLCHÃO RENO | I27: =SUBTOTAL(9,I28:I42) -> 2078581 | L27: =SUBTOTAL(9,L28:L42) -> 2643797.2
B28: 5.1 | C28: 42805 | D28: AGETOP RODOVIARIA | E28: GABIÕES (0,5 M) | F28: m³ | G28: 62 | H28: 815.09 | I28: =TRUNC(G28 * H28, 2) -> 50535.58 | J28: =+$L$4 -> 0.2721 | K28: =TRUNC(H28 * (1 + J28), 2) -> 1036.87 | L28: =TRUNC(G28 * K28, 2) -> 64285.94
B29: 5.2 | C29: 42800 | D29: AGETOP RODOVIARIA | E29: GABIÕES (1,00 M) | F29: m³ | G29: 1390.5 | H29: 640.02 | I29: =TRUNC(G29 * H29, 2) -> 889947.81 | J29: =+$L$4 -> 0.2721 | K29: =TRUNC(H29 * (1 + J29), 2) -> 814.16 | L29: =TRUNC(G29 * K29, 2) -> 1132089.5
B30: 5.3 | C30: 42810 | D30: AGETOP RODOVIARIA | E30: COLCHÕES RENO (0,23 M). (Adaptado conforme altura do colchão reno) | F30: m³ | G30: 504.62 | H30: 1037.13 | I30: =TRUNC(G30 * H30, 2) -> 523356.54 | J30: =+$L$4 -> 0.2721 | K30: =TRUNC(H30 * (1 + J30), 2) -> 1319.33 | L30: =TRUNC(G30 * K30, 2) -> 665760.3
B31: 5.4 | C31: 070229 | D31: AGETOP CIVIL | E31: ARAME GALVANIZADO 10 BWG. (Adaptado conforme modificação do insumo) | F31: Kg | G31: 1298.1 | H31: 35.78 | I31: =TRUNC(G31 * H31, 2) -> 46446.01 | J31: =+$L$4 -> 0.2721 | K31: =TRUNC(H31 * (1 + J31), 2) -> 45.51 | L31: =TRUNC(G31 * K31, 2) -> 59076.53
B32: 5.5 | C32: 45575 | D32: AGETOP RODOVIARIA | E32: GEOTEXTIL - BIDIM RT-16 OU EQUIVALENTE | F32: m² | G32: 3418 | H32: 9.11 | I32: =TRUNC(G32 * H32, 2) -> 31137.98 | J32: =+$L$4 -> 0.2721 | K32: =TRUNC(H32 * (1 + J32), 2) -> 11.58 | L32: =TRUNC(G32 * K32, 2) -> 39580.44
B33: 5.6 | C33: 45020 | D33: AGETOP RODOVIARIA | E33: ESCAVAÇÃO MECÂNIZADA | F33: m³ | G33: 3866.48 | H33: 7.58 | I33: =TRUNC(G33 * H33, 2) -> 29307.91 | J33: =+$L$4 -> 0.2721 | K33: =TRUNC(H33 * (1 + J33), 2) -> 9.64 | L33: =TRUNC(G33 * K33, 2) -> 37272.86
B34: 5.7 | C34: 41293 | D34: AGETOP RODOVIARIA | E34: APILOAMENTO MANUAL | F34: m² | G34: 1068.45 | H34: 4.94 | I34: =TRUNC(G34 * H34, 2) -> 5278.14 | J34: =+$L$4 -> 0.2721 | K34: =TRUNC(H34 * (1 + J34), 2) -> 6.28 | L34: =TRUNC(G34 * K34, 2) -> 6709.86
B35: 5.8 | C35: 40455 | D35: AGETOP RODOVIARIA | E35: TRANSPORTE COMERCIAL DE AGREGADOS | F35: m3km | G35: 89636.1 | H35: 1.22 | I35: =TRUNC(G35 * H35, 2) -> 109356.04 | J35: =+$L$4 -> 0.2721 | K35: =TRUNC(H35 * (1 + J35), 2) -> 1.55 | L35: =TRUNC(G35 * K35, 2) -> 138935.95
B36: 5.9 | C36: 40317 | D36: AGETOP RODOVIARIA | E36: FORNECIMENTO DE MATERIAL DE JAZIDA (CASCALHO) | F36: m³ | G36: 3695.09 | H36: 19.11 | I36: =TRUNC(G36 * H36, 2) -> 70613.16 | J36: =+$L$4 -> 0.2721 | K36: =TRUNC(H36 * (1 + J36), 2) -> 24.3 | L36: =TRUNC(G36 * K36, 2) -> 89790.68
B37: 5.10 | C37: 40315 | D37: AGETOP RODOVIARIA | E37: ESCAVAÇÃO E CARGA DE MATERIAL DE JAZIDA | F37: m³ | G37: 3695.09 | H37: 4.18 | I37: =TRUNC(G37 * H37, 2) -> 15445.47 | J37: =+$L$4 -> 0.2721 | K37: =TRUNC(H37 * (1 + J37), 2) -> 5.31 | L37: =TRUNC(G37 * K37, 2) -> 19620.92
B38: 5.11 | C38: 40320 | D38: AGETOP RODOVIARIA | E38: TRANSPORTE DE MATERIAL DE JAZIDA (CASCALHO) | F38: m3km | G38: 2401.81 | H38: 2.5 | I38: =TRUNC(G38 * H38, 2) -> 6004.52 | J38: =+$L$4 -> 0.2721 | K38: =TRUNC(H38 * (1 + J38), 2) -> 3.18 | L38: =TRUNC(G38 * K38, 2) -> 7637.75
B39: 5.12 | C39: 45430 | D39: AGETOP RODOVIARIA | E39: REATERRO APILOADO DE VALAS | F39: m³ | G39: 3695.09 | H39: 67.14 | I39: =TRUNC(G39 * H39, 2) -> 248088.34 | J39: =+$L$4 -> 0.2721 | K39: =TRUNC(H39 * (1 + J39), 2) -> 85.4 | L39: =TRUNC(G39 * K39, 2) -> 315560.68
... B42: 5.15 | C42: 40145 | D42: AGETOP RODOVIARIA | E42: ESPALHAMENTO DE MATERIAL EM BOTA-FORA | F42: m³ | G42: 3866.48 | H42: 2 | I42: =TRUNC(G42 * H42, 2) -> 7732.96 | J42: =+$L$4 -> 0.2721 | K42: =TRUNC(H42 * (1 + J42), 2) -> 2.54 | L42: =TRUNC(G42 * K42, 2) -> 9820.85
B43: 6 | E43: FUNDAÇÕES | I43: =SUBTOTAL(9,I44:I62) -> 1189988.3 | L43: =SUBTOTAL(9,L44:L62) -> 1513669.8
B44: 6.1 | E44: ESTACAS | I44: =SUBTOTAL(9,I45:I51) -> 929836.55 | L44: =SUBTOTAL(9,L45:L51) -> 1182793.4
B45: 6.1.1 | C45: 45266 | D45: AGETOP RODOVIARIA | E45: ESTACA RAIZ PERFURADA NO SOLO - D = 40 cm | F45: m | G45: 186 | H45: 269.94 | I45: =TRUNC(G45 * H45, 2) -> 50208.84 | J45: =+$L$4 -> 0.2721 | K45: =TRUNC(H45 * (1 + J45), 2) -> 343.39 | L45: =TRUNC(G45 * K45, 2) -> 63870.54
B46: 6.1.2 | C46: 45276 | D46: AGETOP RODOVIARIA | E46: ESTACA RAIZ PERFURADA NA ROCHA - D = 40 cm | F46: m | G46: 327.6 | H46: 2213.88 | I46: =TRUNC(G46 * H46, 2) -> 725267.08 | J46: =+$L$4 -> 0.2721 | K46: =TRUNC(H46 * (1 + J46), 2) -> 2816.27 | L46: =TRUNC(G46 * K46, 2) -> 922610.05
B47: 6.1.3 | C47: 45155 | D47: AGETOP RODOVIARIA | E47: AÇO CA50/60 AQUISIÇÃO, ARMAÇÃO E COLOCAÇÃO (INCLUSO PERDAS) | F47: Kg | G47: 12127.54 | H47: 12.4 | I47: =TRUNC(G47 * H47, 2) -> 150381.49 | J47: =+$L$4 -> 0.2721 | K47: =TRUNC(H47 * (1 + J47), 2) -> 15.77 | L47: =TRUNC(G47 * K47, 2) -> 191251.3
B48: 6.1.4 | C48: 45291 | D48: AGETOP RODOVIARIA | E48: ARRASAMENTO DE ESTACAS DE CONCRETO | F48: m³ | G48: 5.88 | H48: 573.59 | I48: =TRUNC(G48 * H48, 2) -> 3372.7 | J48: =+$L$4 -> 0.2721 | K48: =TRUNC(H48 * (1 + J48), 2) -> 729.66 | L48: =TRUNC(G48 * K48, 2) -> 4290.4
B49: 6.1.5 | C49: 45605 | D49: AGETOP RODOVIARIA | E49: CARGA DE MATERIAL DE GALERIAS | F49: m³ | G49: 44.19 | H49: 9.93 | I49: =TRUNC(G49 * H49, 2) -> 438.8 | J49: =+$L$4 -> 0.2721 | K49: =TRUNC(H49 * (1 + J49), 2) -> 12.63 | L49: =TRUNC(G49 * K49, 2) -> 558.11
B50: 6.1.6 | C50: 041006 | D50: AGETOP CIVIL | E50: TRANSPORTE DE MATERIAL ESCAVADO M3.KM | F50: m3km | G50: 28.72 | H50: 2.76 | I50: =TRUNC(G50 * H50, 2) -> 79.26 | J50: =+$L$4 -> 0.2721 | K50: =TRUNC(H50 * (1 + J50), 2) -> 3.51 | L50: =TRUNC(G50 * K50, 2) -> 100.8
B51: 6.1.7 | C51: 40145 | D51: AGETOP RODOVIARIA | E51: ESPALHAMENTO DE MATERIAL EM BOTA-FORA | F51: m³ | G51: 44.19 | H51: 2 | I51: =TRUNC(G51 * H51, 2) -> 88.38 | J51: =+$L$4 -> 0.2721 | K51: =TRUNC(H51 * (1 + J51), 2) -> 2.54 | L51: =TRUNC(G51 * K51, 2) -> 112.24
B52: 6.2 | E52: BLOCOS | I52: =SUBTOTAL(9,I53:I62) -> 260151.72 | L52: =SUBTOTAL(9,L53:L62) -> 330876.39
B53: 6.2.1 | C53: 45020 | D53: AGETOP RODOVIARIA | E53: ESCAVAÇÃO MECÂNIZADA | F53: m³ | G53: 226.71 | H53: 7.58 | I53: =TRUNC(G53 * H53, 2) -> 1718.46 | J53: =+$L$4 -> 0.2721 | K53: =TRUNC(H53 * (1 + J53), 2) -> 9.64 | L53: =TRUNC(G53 * K53, 2) -> 2185.48
B54: 6.2.2 | C54: 41293 | D54: AGETOP RODOVIARIA | E54: APILOAMENTO MANUAL | F54: m² | G54: 79.56 | H54: 4.94 | I54: =TRUNC(G54 * H54, 2) -> 393.02 | J54: =+$L$4 -> 0.2721 | K54: =TRUNC(H54 * (1 + J54), 2) -> 6.28 | L54: =TRUNC(G54 * K54, 2) -> 499.63
B55: 6.2.3 | C55: 45150 | D55: AGETOP RODOVIARIA | E55: FORMA CHAPA COMPENSADA PLASTIFICADA 17 mm - UTILIZAÇÃO 3X (CONFECÇÃO, INSTALAÇÃO E RETIRADA) | F55: m² | G55: 113.6 | H55: 97.74 | I55: =TRUNC(G55 * H55, 2) -> 11103.26 | J55: =+$L$4 -> 0.2721 | K55: =TRUNC(H55 * (1 + J55), 2) -> 124.33 | L55: =TRUNC(G55 * K55, 2) -> 14123.88
B56: 6.2.4 | C56: 45155 | D56: AGETOP RODOVIARIA | E56: AÇO CA50/60 AQUISIÇÃO, ARMAÇÃO E COLOCAÇÃO (INCLUSO PERDAS) | F56: Kg | G56: 14670.3 | H56: 12.4 | I56: =TRUNC(G56 * H56, 2) -> 181911.72 | J56: =+$L$4 -> 0.2721 | K56: =TRUNC(H56 * (1 + J56), 2) -> 15.77 | L56: =TRUNC(G56 * K56, 2) -> 231350.63
B57: 6.2.5 | C57: 45152 | D57: AGETOP RODOVIARIA | E57: CONCRETO USINADO BOMBEÁVEL FCK=20 MPA | F57: m³ | G57: 84.53 | H57: 651.37 | I57: =TRUNC(G57 * H57, 2) -> 55060.3 | J57: =+$L$4 -> 0.2721 | K57: =TRUNC(H57 * (1 + J57), 2) -> 828.6 | L57: =TRUNC(G57 * K57, 2) -> 70041.55
B58: 6.2.6 | C58: 45054 | D58: AGETOP RODOVIARIA | E58: CONCRETO USINADO BOMBEÁVEL FCK=15 MPA | F58: m³ | G58: 10.03 | H58: 625.8 | I58: =TRUNC(G58 * H58, 2) -> 6276.77 | J58: =+$L$4 -> 0.2721 | K58: =TRUNC(H58 * (1 + J58), 2) -> 796.08 | L58: =TRUNC(G58 * K58, 2) -> 7984.68
B59: 6.2.9 | C59: 45435 | D59: AGETOP RODOVIARIA | E59: REATERRO DE VALAS C/ COMPACTAÇÃO VIBRATÓRIA | F59: m³ | G59: 180.62 | H59: 16.04 | I59: =TRUNC(G59 * H59, 2) -> 2897.14 | J59: =+$L$4 -> 0.2721 | K59: =TRUNC(H59 * (1 + J59), 2) -> 20.4 | L59: =TRUNC(G59 * K59, 2) -> 3684.64
B60: 6.2.10 | C60: 45605 | D60: AGETOP RODOVIARIA | E60: CARGA DE MATERIAL DE GALERIAS | F60: m³ | G60: 57.64 | H60: 9.93 | I60: =TRUNC(G60 * H60, 2) -> 572.36 | J60: =+$L$4 -> 0.2721 | K60: =TRUNC(H60 * (1 + J60), 2) -> 12.63 | L60: =TRUNC(G60 * K60, 2) -> 727.99
B61: 6.2.11 | C61: 041006 | D61: AGETOP CIVIL | E61: TRANSPORTE DE MATERIAL ESCAVADO M3.KM | F61: m3km | G61: 37.47 | H61: 2.76 | I61: =TRUNC(G61 * H61, 2) -> 103.41 | J61: =+$L$4 -> 0.2721 | K61: =TRUNC(H61 * (1 + J61), 2) -> 3.51 | L61: =TRUNC(G61 * K61, 2) -> 131.51
B62: 6.2.12 | C62: 40145 | D62: AGETOP RODOVIARIA | E62: ESPALHAMENTO DE MATERIAL EM BOTA-FORA | F62: m³ | G62: 57.64 | H62: 2 | I62: =TRUNC(G62 * H62, 2) -> 115.28 | J62: =+$L$4 -> 0.2721 | K62: =TRUNC(H62 * (1 + J62), 2) -> 2.54 | L62: =TRUNC(G62 * K62, 2) -> 146.4
B63: 7 | E63: ENSAIO DE PROVA DE CARGA | I63: =SUBTOTAL(9,I64:I71) -> 106883.72 | L63: =SUBTOTAL(9,L64:L71) -> 135962.07
B64: 7.1 | C64: 45266 | D64: AGETOP RODOVIARIA | E64: ESTACA RAIZ PERFURADA NO SOLO - D = 40 cm | F64: m | G64: 22.8 | H64: 269.94 | I64: =TRUNC(G64 * H64, 2) -> 6154.63 | J64: =+$L$4 -> 0.2721 | K64: =TRUNC(H64 * (1 + J64), 2) -> 343.39 | L64: =TRUNC(G64 * K64, 2) -> 7829.29
B65: 7.2 | C65: 45276 | D65: AGETOP RODOVIARIA | E65: ESTACA RAIZ PERFURADA NA ROCHA - D = 40 cm | F65: m | G65: 24 | H65: 2213.88 | I65: =TRUNC(G65 * H65, 2) -> 53133.12 | J65: =+$L$4 -> 0.2721 | K65: =TRUNC(H65 * (1 + J65), 2) -> 2816.27 | L65: =TRUNC(G65 * K65, 2) -> 67590.48
B66: 7.3 | C66: 45155 | D66: AGETOP RODOVIARIA | E66: AÇO CA50/60 AQUISIÇÃO, ARMAÇÃO E COLOCAÇÃO (INCLUSO PERDAS) | F66: Kg | G66: 1115.42 | H66: 12.4 | I66: =TRUNC(G66 * H66, 2) -> 13831.2 | J66: =+$L$4 -> 0.2721 | K66: =TRUNC(H66 * (1 + J66), 2) -> 15.77 | L66: =TRUNC(G66 * K66, 2) -> 17590.17
B67: 7.4 | C67: 98749 | D67: SINAPI | E67: SOLDA DE TOPO EM CHAPA/PERFIL/TUBO DE AÇO CHANFRADO, ESPESSURA=5/16'. (Adaptado conforme Decreto Estadual 9900/2021) | F67: M | G67: 11.2 | H67: 68.07 | I67: =TRUNC(G67 * H67, 2) -> 762.38 | J67: =+$L$4 -> 0.2721 | K67: =TRUNC(H67 * (1 + J67), 2) -> 86.59 | L67: =TRUNC(G67 * K67, 2) -> 969.8
B68: 7.5 | C68: 45150 | D68: AGETOP RODOVIARIA | E68: FORMA CHAPA COMPENSADA PLASTIFICADA 17 mm - UTILIZAÇÃO 3X (CONFECÇÃO, INSTALAÇÃO E RETIRADA) | F68: m² | G68: 2.1 | H68: 97.74 | I68: =TRUNC(G68 * H68, 2) -> 205.25 | J68: =+$L$4 -> 0.2721 | K68: =TRUNC(H68 * (1 + J68), 2) -> 124.33 | L68: =TRUNC(G68 * K68, 2) -> 261.09
B69: 7.6 | C69: 45156 | D69: AGETOP RODOVIARIA | E69: CONCRETO USINADO BOMBEÁVEL FCK=35 MPA | F69: m³ | G69: 0.39 | H69: 713.77 | I69: =TRUNC(G69 * H69, 2) -> 278.37 | J69: =+$L$4 -> 0.2721 | K69: =TRUNC(H69 * (1 + J69), 2) -> 907.98 | L69: =TRUNC(G69 * K69, 2) -> 354.11
B70: 7.7 | C70: 45054 | D70: AGETOP RODOVIARIA | E70: CONCRETO USINADO BOMBEÁVEL FCK=15 MPA | F70: m³ | G70: 0.03 | H70: 625.8 | I70: =TRUNC(G70 * H70, 2) -> 18.77 | J70: =+$L$4 -> 0.2721 | K70: =TRUNC(H70 * (1 + J70), 2) -> 796.08 | L70: =TRUNC(G70 * K70, 2) -> 23.88
B71: 7.10 | C71: 00002 | D71: Próprio | E71: PROVA DE CARGA ESTATICA EM ESTACA RAIZ, COM CARGA DE ATE 300TF, INCL. MOBILIZAÇAO E DESMOBILIZAÇAO | F71: UN | G71: 1 | H71: 32500 | I71: =TRUNC(G71 * H71, 2) -> 32500 | J71: =+$L$4 -> 0.2721 | K71: =TRUNC(H71 * (1 + J71), 2) -> 41343.25 | L71: =TRUNC(G71 * K71, 2) -> 41343.25
B72: 8 | E72: ESCORAMENTO | I72: =SUBTOTAL(9,I73:I73) -> 1233986.4 | L72: =SUBTOTAL(9,L73:L73) -> 1569654.7
B73: 8.1 | C73: 45135 | D73: AGETOP RODOVIARIA | E73: ESCORAMENTO PARA PONTE | F73: m³ | G73: 12009.6 | H73: 102.75 | I73: =TRUNC(G73 * H73, 2) -> 1233986.4 | J73: =+$L$4 -> 0.2721 | K73: =TRUNC(H73 * (1 + J73), 2) -> 130.7 | L73: =TRUNC(G73 * K73, 2) -> 1569654.7
B74: 9 | E74: MESO-ESTRUTURA | I74: =SUBTOTAL(9,I75:I86) -> 288891.02 | L74: =SUBTOTAL(9,L75:L86) -> 367433.03
B75: 9.1 | E75: PILARES | I75: =SUBTOTAL(9,I76:I78) -> 226886.44 | L75: =SUBTOTAL(9,L76:L78) -> 288572.62
B76: 9.1.1 | C76: 45038 | D76: AGETOP RODOVIARIA | E76: FORMA CHAPA COMPENSADA PLASTIFICADA 17 mm - UTILIZAÇÃO 1X (CONFECÇÃO, INSTALAÇÃO E RETIRADA) | F76: m² | G76: 200.48 | H76: 188.71 | I76: =TRUNC(G76 * H76, 2) -> 37832.58 | J76: =+$L$4 -> 0.2721 | K76: =TRUNC(H76 * (1 + J76), 2) -> 240.05 | L76: =TRUNC(G76 * K76, 2) -> 48125.22
B77: 9.1.2 | C77: 45155 | D77: AGETOP RODOVIARIA | E77: AÇO CA50/60 AQUISIÇÃO, ARMAÇÃO E COLOCAÇÃO (INCLUSO PERDAS) | F77: Kg | G77: 11783.92 | H77: 12.4 | I77: =TRUNC(G77 * H77, 2) -> 146120.6 | J77: =+$L$4 -> 0.2721 | K77: =TRUNC(H77 * (1 + J77), 2) -> 15.77 | L77: =TRUNC(G77 * K77, 2) -> 185832.41
B78: 9.1.3 | C78: 45156 | D78: AGETOP RODOVIARIA | E78: CONCRETO USINADO BOMBEÁVEL FCK=35 MPA | F78: m³ | G78: 60.15 | H78: 713.77 | I78: =TRUNC(G78 * H78, 2) -> 42933.26 | J78: =+$L$4 -> 0.2721 | K78: =TRUNC(H78 * (1 + J78), 2) -> 907.98 | L78: =TRUNC(G78 * K78, 2) -> 54614.99
B79: 9.2 | E79: VIGA DE LIGAÇÃO DOS PILARES | I79: =SUBTOTAL(9,I80:I82) -> 38228.87 | L79: =SUBTOTAL(9,L80:L82) -> 48621.82
B80: 9.2.1 | C80: 45150 | D80: AGETOP RODOVIARIA | E80: FORMA CHAPA COMPENSADA PLASTIFICADA 17 mm - UTILIZAÇÃO 3X (CONFECÇÃO, INSTALAÇÃO E RETIRADA) | F80: m² | G80: 45.24 | H80: 97.74 | I80: =TRUNC(G80 * H80, 2) -> 4421.75 | J80: =+$L$4 -> 0.2721 | K80: =TRUNC(H80 * (1 + J80), 2) -> 124.33 | L80: =TRUNC(G80 * K80, 2) -> 5624.68
B81: 9.2.2 | C81: 45155 | D81: AGETOP RODOVIARIA | E81: AÇO CA50/60 AQUISIÇÃO, ARMAÇÃO E COLOCAÇÃO (INCLUSO PERDAS) | F81: Kg | G81: 2187.6 | H81: 12.4 | I81: =TRUNC(G81 * H81, 2) -> 27126.24 | J81: =+$L$4 -> 0.2721 | K81: =TRUNC(H81 * (1 + J81), 2) -> 15.77 | L81: =TRUNC(G81 * K81, 2) -> 34498.45
B82: 9.2.3 | C82: 45156 | D82: AGETOP RODOVIARIA | E82: CONCRETO USINADO BOMBEÁVEL FCK=35 MPA | F82: m³ | G82: 9.36 | H82: 713.77 | I82: =TRUNC(G82 * H82, 2) -> 6680.88 | J82: =+$L$4 -> 0.2721 | K82: =TRUNC(H82 * (1 + J82), 2) -> 907.98 | L82: =TRUNC(G82 * K82, 2) -> 8498.69
B83: 9.3 | E83: VIGA DE RIGIDEZ | I83: =SUBTOTAL(9,I84:I86) -> 23775.71 | L83: =SUBTOTAL(9,L84:L86) -> 30238.59
B84: 9.3.1 | C84: 45150 | D84: AGETOP RODOVIARIA | E84: FORMA CHAPA COMPENSADA PLASTIFICADA 17 mm - UTILIZAÇÃO 3X (CONFECÇÃO, INSTALAÇÃO E RETIRADA) | F84: m² | G84: 19.2 | H84: 97.74 | I84: =TRUNC(G84 * H84, 2) -> 1876.6 | J84: =+$L$4 -> 0.2721 | K84: =TRUNC(H84 * (1 + J84), 2) -> 124.33 | L84: =TRUNC(G84 * K84, 2) -> 2387.13
B85: 9.3.2 | C85: 45155 | D85: AGETOP RODOVIARIA | E85: AÇO CA50/60 AQUISIÇÃO, ARMAÇÃO E COLOCAÇÃO (INCLUSO PERDAS) | F85: Kg | G85: 1576.95 | H85: 12.4 | I85: =TRUNC(G85 * H85, 2) -> 19554.18 | J85: =+$L$4 -> 0.2721 | K85: =TRUNC(H85 * (1 + J85), 2) -> 15.77 | L85: =TRUNC(G85 * K85, 2) -> 24868.5
B86: 9.3.3 | C86: 45152 | D86: AGETOP RODOVIARIA | E86: CONCRETO USINADO BOMBEÁVEL FCK=20 MPA | F86: m³ | G86: 3.6 | H86: 651.37 | I86: =TRUNC(G86 * H86, 2) -> 2344.93 | J86: =+$L$4 -> 0.2721 | K86: =TRUNC(H86 * (1 + J86), 2) -> 828.6 | L86: =TRUNC(G86 * K86, 2) -> 2982.96
B87: 10 | E87: SUPER-ESTRUTURA | I87: =SUBTOTAL(9,I88:I111) -> 2440371.5 | L87: =SUBTOTAL(9,L88:L111) -> 3103820.7
B88: 10.1 | E88: LONGARINA - VIGA PRINCIPAL | I88: =SUBTOTAL(9,I89:I91) -> 1217649.6 | L88: =SUBTOTAL(9,L89:L91) -> 1548648.5
B89: 10.1.1 | C89: 45150 | D89: AGETOP RODOVIARIA | E89: FORMA CHAPA COMPENSADA PLASTIFICADA 17 mm - UTILIZAÇÃO 3X (CONFECÇÃO, INSTALAÇÃO E RETIRADA) | F89: m² | G89: 760.74 | H89: 97.74 | I89: =TRUNC(G89 * H89, 2) -> 74354.72 | J89: =+$L$4 -> 0.2721 | K89: =TRUNC(H89 * (1 + J89), 2) -> 124.33 | L89: =TRUNC(G89 * K89, 2) -> 94582.8
B90: 10.1.2 | C90: 45155 | D90: AGETOP RODOVIARIA | E90: AÇO CA50/60 AQUISIÇÃO, ARMAÇÃO E COLOCAÇÃO (INCLUSO PERDAS) | F90: Kg | G90: 78766.21 | H90: 12.4 | I90: =TRUNC(G90 * H90, 2) -> 976701 | J90: =+$L$4 -> 0.2721 | K90: =TRUNC(H90 * (1 + J90), 2) -> 15.77 | L90: =TRUNC(G90 * K90, 2) -> 1242143.1
B91: 10.1.3 | C91: 45156 | D91: AGETOP RODOVIARIA | E91: CONCRETO USINADO BOMBEÁVEL FCK=35 MPA | F91: m³ | G91: 233.4 | H91: 713.77 | I91: =TRUNC(G91 * H91, 2) -> 166593.91 | J91: =+$L$4 -> 0.2721 | K91: =TRUNC(H91 * (1 + J91), 2) -> 907.98 | L91: =TRUNC(G91 * K91, 2) -> 211922.53
B92: 10.2 | E92: TRANSVERSINAS | I92: =SUBTOTAL(9,I93:I95) -> 41710.34 | L92: =SUBTOTAL(9,L93:L95) -> 53054.1
B93: 10.2.1 | C93: 45150 | D93: AGETOP RODOVIARIA | E93: FORMA CHAPA COMPENSADA PLASTIFICADA 17 mm - UTILIZAÇÃO 3X (CONFECÇÃO, INSTALAÇÃO E RETIRADA) | F93: m² | G93: 165.9 | H93: 97.74 | I93: =TRUNC(G93 * H93, 2) -> 16215.06 | J93: =+$L$4 -> 0.2721 | K93: =TRUNC(H93 * (1 + J93), 2) -> 124.33 | L93: =TRUNC(G93 * K93, 2) -> 20626.34
B94: 10.2.2 | C94: 45156 | D94: AGETOP RODOVIARIA | E94: CONCRETO USINADO BOMBEÁVEL FCK=35 MPA | F94: m³ | G94: 15.64 | H94: 713.77 | I94: =TRUNC(G94 * H94, 2) -> 11163.36 | J94: =+$L$4 -> 0.2721 | K94: =TRUNC(H94 * (1 + J94), 2) -> 907.98 | L94: =TRUNC(G94 * K94, 2) -> 14200.8
B95: 10.2.3 | C95: 45155 | D95: AGETOP RODOVIARIA | E95: AÇO CA50/60 AQUISIÇÃO, ARMAÇÃO E COLOCAÇÃO (INCLUSO PERDAS) | F95: Kg | G95: 1155.8 | H95: 12.4 | I95: =TRUNC(G95 * H95, 2) -> 14331.92 | J95: =+$L$4 -> 0.2721 | K95: =TRUNC(H95 * (1 + J95), 2) -> 15.77 | L95: =TRUNC(G95 * K95, 2) -> 18226.96
B96: 10.3 | E96: LAJE TABULEIRO | I96: =SUBTOTAL(9,I97:I99) -> 872275.72 | L96: =SUBTOTAL(9,L97:L99) -> 1109422
B97: 10.3.1 | C97: 45150 | D97: AGETOP RODOVIARIA | E97: FORMA CHAPA COMPENSADA PLASTIFICADA 17 mm - UTILIZAÇÃO 3X (CONFECÇÃO, INSTALAÇÃO E RETIRADA) | F97: m² | G97: 920.8 | H97: 97.74 | I97: =TRUNC(G97 * H97, 2) -> 89998.99 | J97: =+$L$4 -> 0.2721 | K97: =TRUNC(H97 * (1 + J97), 2) -> 124.33 | L97: =TRUNC(G97 * K97, 2) -> 114483.06
B98: 10.3.2 | C98: 45155 | D98: AGETOP RODOVIARIA | E98: AÇO CA50/60 AQUISIÇÃO, ARMAÇÃO E COLOCAÇÃO (INCLUSO PERDAS) | F98: Kg | G98: 47890.44 | H98: 12.4 | I98: =TRUNC(G98 * H98, 2) -> 593841.45 | J98: =+$L$4 -> 0.2721 | K98: =TRUNC(H98 * (1 + J98), 2) -> 15.77 | L98: =TRUNC(G98 * K98, 2) -> 755232.23
B99: 10.3.3 | C99: 45156 | D99: AGETOP RODOVIARIA | E99: CONCRETO USINADO BOMBEÁVEL FCK=35 MPA | F99: m³ | G99: 264 | H99: 713.77 | I99: =TRUNC(G99 * H99, 2) -> 188435.28 | J99: =+$L$4 -> 0.2721 | K99: =TRUNC(H99 * (1 + J99), 2) -> 907.98 | L99: =TRUNC(G99 * K99, 2) -> 239706.72
B100: 10.4 | E100: GUARDA RODAS | I100: =SUBTOTAL(9,I101:I103) -> 92649.12 | L100: =SUBTOTAL(9,L101:L103) -> 117844.55
B101: 10.4.1 | C101: 45150 | D101: AGETOP RODOVIARIA | E101: FORMA CHAPA COMPENSADA PLASTIFICADA 17 mm - UTILIZAÇÃO 3X (CONFECÇÃO, INSTALAÇÃO E RETIRADA) | F101: m² | G101: 283.2 | H101: 97.74 | I101: =TRUNC(G101 * H101, 2) -> 27679.96 | J101: =+$L$4 -> 0.2721 | K101: =TRUNC(H101 * (1 + J101), 2) -> 124.33 | L101: =TRUNC(G101 * K101, 2) -> 35210.25
B102: 10.4.2 | C102: 45155 | D102: AGETOP RODOVIARIA | E102: AÇO CA50/60 AQUISIÇÃO, ARMAÇÃO E COLOCAÇÃO (INCLUSO PERDAS) | F102: Kg | G102: 3120.42 | H102: 12.4 | I102: =TRUNC(G102 * H102, 2) -> 38693.2 | J102: =+$L$4 -> 0.2721 | K102: =TRUNC(H102 * (1 + J102), 2) -> 15.77 | L102: =TRUNC(G102 * K102, 2) -> 49209.02
B103: 10.4.3 | C103: 45154 | D103: AGETOP RODOVIARIA | E103: CONCRETO USINADO BOMBEÁVEL FCK=30 MPA | F103: m³ | G103: 38.4 | H103: 684.27 | I103: =TRUNC(G103 * H103, 2) -> 26275.96 | J103: =+$L$4 -> 0.2721 | K103: =TRUNC(H103 * (1 + J103), 2) -> 870.45 | L103: =TRUNC(G103 * K103, 2) -> 33425.28
B104: 10.5 | E104: ELEMENTOS DA CABECEIRA | I104: =SUBTOTAL(9,I105:I108) -> 143018.58 | L104: =SUBTOTAL(9,L105:L108) -> 181901.79
B105: 10.5.1 | C105: 45150 | D105: AGETOP RODOVIARIA | E105: FORMA CHAPA COMPENSADA PLASTIFICADA 17 mm - UTILIZAÇÃO 3X (CONFECÇÃO, INSTALAÇÃO E RETIRADA) | F105: m² | G105: 173.77 | H105: 97.74 | I105: =TRUNC(G105 * H105, 2) -> 16984.27 | J105: =+$L$4 -> 0.2721 | K105: =TRUNC(H105 * (1 + J105), 2) -> 124.33 | L105: =TRUNC(G105 * K105, 2) -> 21604.82
...

Sheet CRONOGRAMA (SD)
B1: CRONOGRAMA FISICO-FINANCEIRO SEM DESONERAÇÃO
B8: OBJETO: | C8: ='DADOS DA OBRA'!B13 -> Construção de ponte de concreto sobre o Rio do Peixe, na GO-479, demolição de ponte existente, transporte e destinação do entulho da demolição | AO8: DATA: | AP8: ='DADOS DA OBRA'!N22 -> 45681
B9: LOCAL: | C9: =+""&'DADOS DA OBRA'!$B$16&", "&'DADOS DA OBRA'!$B$19&", "&'DADOS DA OBRA'!$J$19&", "&'DADOS DA OBRA'!$P$19 -> GO-479, Zona Rural, Distrito de Lagolândia, Pirenópolis, GO | AO9: REVISÃO: | AP9: ='DADOS DA OBRA'!N25 -> 00
B11: ITEM | C11: SERVIÇO | D11: VALORES | E11: MESES
E12: MÊS 01 | I12: MÊS 02 | M12: MÊS 03 | Q12: MÊS 04 | U12: MÊS 05 | Y12: MÊS 06 | AC12: MÊS 07 | AG12: MÊS 07 | AK12: MÊS 09 | AO12: MÊS 10
B14: ='[5]ORÇAMENTO RESUMO (SD)'!B9 -> 1 | C14: ='ORÇAMENTO RESUMO (SD)'!E9 -> ADMINISTRAÇÃO LOCAL | D14: ='ORÇAMENTO RESUMO (SD)'!K9 -> 748376.64 | E14: =E16*$D14 -> 10040.093 | I14: =I16*$D14 -> 76102.863 | M14: =M16*$D14 -> 67174.674 | Q14: =Q16*$D14 -> 31741.14 | U14: =U16*$D14 -> 88988.669 | Y14: =Y16*$D14 -> 78145.448 | AC14: =AC16*$D14 -> 117155.65 | AG14: =AG16*$D14 -> 161752.53 | AK14: =AK16*$D14 -> 110091.67 | AO14: =AO16*$D14 -> 7183.8938
D16: =D14/$D$50 -> 0.066334553 | E16: =+SUM(E20,E23,E26,E29,E32,E35,E38,E41,E44,E47)/($D$50-$D$14-$D$17) -> 0.013415829 | I16: =+SUM(I20,I23,I26,I29,I32,I35,I38,I41,I44,I47)/($D$50-$D$14-$D$17) -> 0.10169059 | M16: =+SUM(M20,M23,M26,M29,M32,M35,M38,M41,M44,M47)/($D$50-$D$14-$D$17) -> 0.089760517 | Q16: =+SUM(Q20,Q23,Q26,Q29,Q32,Q35,Q38,Q41,Q44,Q47)/($D$50-$D$14-$D$17) -> 0.042413323 | U16: =+SUM(U20,U23,U26,U29,U32,U35,U38,U41,U44,U47)/($D$50-$D$14-$D$17) -> 0.11890893 | Y16: =+SUM(Y20,Y23,Y26,Y29,Y32,Y35,Y38,Y41,Y44,Y47)/($D$50-$D$14-$D$17) -> 0.10441995 | AC16: =+SUM(AC20,AC23,AC26,AC29,AC32,AC35,AC38,AC41,AC44,AC47)/($D$50-$D$14-$D$17) -> 0.15654638 | AG16: =+SUM(AG20,AG23,AG26,AG29,AG32,AG35,AG38,AG41,AG44,AG47)/($D$50-$D$14-$D$17) -> 0.21613787 | AK16: =+SUM(AK20,AK23,AK26,AK29,AK32,AK35,AK38,AK41,AK44,AK47)/($D$50-$D$14-$D$17) -> 0.14710731 | AO16: =+SUM(AO20,AO23,AO26,AO29,AO32,AO35,AO38,AO41,AO44,AO47)/($D$50-$D$14-$D$17) -> 0.0095993026
B17: ='[5]ORÇAMENTO RESUMO (SD)'!B10 -> 2 | C17: ='ORÇAMENTO RESUMO (SD)'!E10 -> CANTEIRO DE OBRAS | D17: =+'ORÇAMENTO RESUMO (SD)'!K10 -> 389688.86 | E17: =E19*$D17 -> 5227.9992 | I17: =I19*$D17 -> 39627.69 | M17: =M19*$D17 -> 34978.674 | Q17: =Q19*$D17 -> 16527.999 | U17: =U19*$D17 -> 46337.487 | Y17: =Y19*$D17 -> 40691.29 | AC17: =AC19*$D17 -> 61004.381 | AG17: =AG19*$D17 -> 84226.519 | AK17: =AK19*$D17 -> 57326.08 | AO17: =AO19*$D17 -> 3740.7413
D19: =D17/$D$50 -> 0.034541212 | E19: =E16 -> 0.013415829 | I19: =I16 -> 0.10169059 | M19: =M16 -> 0.089760517 | Q19: =Q16 -> 0.042413323 | U19: =U16 -> 0.11890893 | Y19: =Y16 -> 0.10441995 | AC19: =AC16 -> 0.15654638 | AG19: =AG16 -> 0.21613787 | AK19: =AK16 -> 0.14710731 | AO19: =AO16 -> 0.0095993026
B20: ='[5]ORÇAMENTO RESUMO (SD)'!B11 -> 3 | C20: ='ORÇAMENTO RESUMO (SD)'!E11 -> DEMOLIÇÕES E LIMPEZA | D20: =+'ORÇAMENTO RESUMO (SD)'!K11 -> 292703.31 | E20: =E22*$D20 -> 117081.32 | I20: =I22*$D20 -> 117081.32 | M20: =M22*$D20 -> 58540.662 | Q20: =Q22*$D20 -> 0 | U20: =U22*$D20 -> 0 | Y20: =Y22*$D20 -> 0 | AC20: =AC22*$D20 -> 0 | AG20: =AG22*$D20 -> 0 | AK20: =AK22*$D20 -> 0 | AO20: =AO22*$D20 -> 0
D22: =D20/$D$50 -> 0.025944614 | E22: 0.4 | I22: 0.4 | M22: 0.2
B23: ='[5]ORÇAMENTO RESUMO (SD)'!B12 -> 4 | C23: ='ORÇAMENTO RESUMO (SD)'!E12 -> TERRAPLANAGEM CABECEIRA | D23: =+'ORÇAMENTO RESUMO (SD)'!K12 -> 302895.61 | E23: =E25*$D23 -> 0 | I23: =I25*$D23 -> 0 | M23: =M25*$D23 -> 0 | Q23: =Q25*$D23 -> 0 | U23: =U25*$D23 -> 0 | Y23: =Y25*$D23 -> 0 | AC23: =AC25*$D23 -> 0 | AG23: =AG25*$D23 -> 75723.902 | AK23: =AK25*$D23 -> 151447.8 | AO23: =AO25*$D23 -> 75723.902
D25: =D23/$D$50 -> 0.026848039 | AG25: 0.25 | AK25: 0.5 | AO25: 0.25
B26: ='[5]ORÇAMENTO RESUMO (SD)'!B13 -> 5 | C26: ='ORÇAMENTO RESUMO (SD)'!E13 -> PROTEÇÃO DE MARGEM - GABIÃO E COLCHÃO RENO | D26: =+'ORÇAMENTO RESUMO (SD)'!K13 -> 2643797.2 | E26: =E28*$D26 -> 0 | I26: =I28*$D26 -> 0 | M26: =M28*$D26 -> 0 | Q26: =Q28*$D26 -> 0 | U26: =U28*$D26 -> 0 | Y26: =Y28*$D26 -> 0 | AC26: =AC28*$D26 -> 528759.45 | AG26: =AG28*$D26 -> 1057518.9 | AK26: =AK28*$D26 -> 1057518.9 | AO26: =AO28*$D26 -> 0
D28: =D26/$D$50 -> 0.2343407 | AC28: 0.2 | AG28: 0.4 | AK28: 0.4
B29: ='[5]ORÇAMENTO RESUMO (SD)'!B14 -> 6 | C29: ='ORÇAMENTO RESUMO (SD)'!E14 -> FUNDAÇÕES | D29: =+'ORÇAMENTO RESUMO (SD)'!K14 -> 1513669.8 | E29: =E31*$D29 -> 0 | I29: =I31*$D29 -> 756834.91 | M29: =M31*$D29 -> 756834.91 | Q29: =Q31*$D29 -> 0 | U29: =U31*$D29 -> 0 | Y29: =Y31*$D29 -> 0 | AC29: =AC31*$D29 -> 0 | AG29: =AG31*$D29 -> 0 | AK29: =AK31*$D29 -> 0 | AO29: =AO31*$D29 -> 0
D31: =D29/$D$50 -> 0.13416855 | I31: 0.5 | M31: 0.5
B32: ='[5]ORÇAMENTO RESUMO (SD)'!B15 -> 7 | C32: ='ORÇAMENTO RESUMO (SD)'!E15 -> ENSAIO DE PROVA DE CARGA | D32: =+'ORÇAMENTO RESUMO (SD)'!K15 -> 135962.07 | E32: =E34*$D32 -> 0 | I32: =I34*$D32 -> 135962.07 | M32: =M34*$D32 -> 0 | Q32: =Q34*$D32 -> 0 | U32: =U34*$D32 -> 0 | Y32: =Y34*$D32 -> 0 | AC32: =AC34*$D32 -> 0 | AG32: =AG34*$D32 -> 0 | AK32: =AK34*$D32 -> 0 | AO32: =AO34*$D32 -> 0
D34: =D32/$D$50 -> 0.012051396 | I34: 1
B35: ='[5]ORÇAMENTO RESUMO (SD)'!B16 -> 8 | C35: ='ORÇAMENTO RESUMO (SD)'!E16 -> ESCORAMENTO | D35: =+'ORÇAMENTO RESUMO (SD)'!K16 -> 1569654.7 | E35: =E37*$D35 -> 0 | I35: =I37*$D35 -> 0 | M35: =M37*$D35 -> 0 | Q35: =Q37*$D35 -> 261609.12 | U35: =U37*$D35 -> 261609.12 | Y35: =Y37*$D35 -> 261609.12 | AC35: =AC37*$D35 -> 261609.12 | AG35: =AG37*$D35 -> 261609.12 | AK35: =AK37*$D35 -> 261609.12 | AO35: =AO37*$D35 -> 0
D37: =D35/$D$50 -> 0.13913094 | Q37: 0.16666667 | U37: 0.16666667 | Y37: 0.16666667 | AC37: 0.16666667 | AG37: 0.16666667 | AK37: 0.16666667
B38: ='[5]ORÇAMENTO RESUMO (SD)'!B17 -> 9 | C38: ='ORÇAMENTO RESUMO (SD)'!E17 -> MESO-ESTRUTURA | D38: =+'ORÇAMENTO RESUMO (SD)'!K17 -> 367433.03 | E38: =E40*$D38 -> 0 | I38: =I40*$D38 -> 0 | M38: =M40*$D38 -> 73486.606 | Q38: =Q40*$D38 -> 146973.21 | U38: =U40*$D38 -> 146973.21 | Y38: =Y40*$D38 -> 0 | AC38: =AC40*$D38 -> 0 | AG38: =AG40*$D38 -> 0 | AK38: =AK40*$D38 -> 0 | AO38: =AO40*$D38 -> 0
D40: =D38/$D$50 -> 0.032568502 | M40: 0.2 | Q40: 0.4 | U40: 0.4
B41: ='[5]ORÇAMENTO RESUMO (SD)'!B18 -> 10 | C41: ='ORÇAMENTO RESUMO (SD)'!E18 -> SUPER-ESTRUTURA | D41: =+'ORÇAMENTO RESUMO (SD)'!K18 -> 3103820.7 | E41: =E43*$D41 -> 0 | I41: =I43*$D41 -> 0 | M41: =M43*$D41 -> 0 | Q41: =Q43*$D41 -> 0 | U41: =U43*$D41 -> 775955.18 | Y41: =Y43*$D41 -> 775955.18 | AC41: =AC43*$D41 -> 775955.18 | AG41: =AG43*$D41 -> 775955.18 | AK41: =AK43*$D41 -> 0 | AO41: =AO43*$D41 -> 0
D43: =D41/$D$50 -> 0.27511623 | U43: 0.25 | Y43: 0.25 | AC43: 0.25 | AG43: 0.25
B44: ='[5]ORÇAMENTO RESUMO (SD)'!B19 -> 11 | C44: ='ORÇAMENTO RESUMO (SD)'!E19 -> DIVERSOS | D44: =+'ORÇAMENTO RESUMO (SD)'!K19 -> 194844.4 | E44: =E46*$D44 -> 0 | I44: =I46*$D44 -> 21649.378 | M44: =M46*$D44 -> 21649.378 | Q44: =Q46*$D44 -> 21649.378 | U44: =U46*$D44 -> 21649.378 | Y44: =Y46*$D44 -> 21649.378 | AC44: =AC46*$D44 -> 21649.378 | AG44: =AG46*$D44 -> 21649.378 | AK44: =AK46*$D44 -> 21649.378 | AO44: =AO46*$D44 -> 21649.378
D46: =D44/$D$50 -> 0.017270604 | I46: 0.11111111 | M46: 0.11111111 | Q46: 0.11111111 | U46: 0.11111111 | Y46: 0.11111111 | AC46: 0.11111111 | AG46: 0.11111111 | AK46: 0.11111111 | AO46: 0.11111111
B47: 12 | C47: ='ORÇAMENTO RESUMO (SD)'!E20 -> SINALIZAÇÃO DE OBRAS | D47: =+'ORÇAMENTO RESUMO (SD)'!K20 -> 19005.99 | E47: =E49*$D47 -> 19005.99 | I47: =I49*$D47 -> 0 | M47: =M49*$D47 -> 0 | Q47: =Q49*$D47 -> 0 | U47: =U49*$D47 -> 0 | Y47: =Y49*$D47 -> 0 | AC47: =AC49*$D47 -> 0 | AG47: =AG49*$D47 -> 0 | AK47: =AK49*$D47 -> 0 | AO47: =AO49*$D47 -> 0
D49: =D47/$D$50 -> 0.0016846515 | E49: 1
C50: TOTAL SIMPLES COM BDI | D50: =SUM(D47,D44,D41,D38,D35,D32,D29,D26,D23,D20,D17,D14) -> 11281852 | E50: =SUM(E44,E41,E38,E35,E32,E29,E26,E23,E20,E17,E14,E47) -> 151355.41 | F50: =SUM(#REF!,#REF!,#REF!,#REF!,#REF!,#REF!,#REF!,#REF!,#REF!,#REF!,#REF!,#REF!,F44,F41,F38,F35,F32,F29,F26,F23,F20,F17,F14) -> #REF! | G50: =SUM(#REF!,#REF!,#REF!,#REF!,#REF!,#REF!,#REF!,#REF!,#REF!,#REF!,#REF!,#REF!,G44,G41,G38,G35,G32,G29,G26,G23,G20,G17,G14) -> #REF! | H50: =SUM(#REF!,#REF!,#REF!,#REF!,#REF!,#REF!,#REF!,#REF!,#REF!,#REF!,#REF!,#REF!,H44,H41,H38,H35,H32,H29,H26,H23,H20,H17,H14) -> #REF! | I50: =SUM(I44,I41,I38,I35,I32,I29,I26,I23,I20,I17,I14,I47) -> 1147258.2 | J50: =SUM(#REF!,#REF!,#REF!,#REF!,#REF!,#REF!,#REF!,#REF!,#REF!,#REF!,#REF!,#REF!,J44,J41,J38,J35,J32,J29,J26,J23,J20,J17,J14) -> #REF! | K50: =SUM(#REF!,#REF!,#REF!,#REF!,#REF!,#REF!,#REF!,#REF!,#REF!,#REF!,#REF!,#REF!,K44,K41,K38,K35,K32,K29,K26,K23,K20,K17,K14) -> #REF! | L50: =SUM(#REF!,#REF!,#REF!,#REF!,#REF!,#REF!,#REF!,#REF!,#REF!,#REF!,#REF!,#REF!,L44,L41,L38,L35,L32,L29,L26,L23,L20,L17,L14) -> #REF! | M50: =SUM(M44,M41,M38,M35,M32,M29,M26,M23,M20,M17,M14,M47) -> 1012664.9 | N50: =SUM(#REF!,#REF!,#REF!,#REF!,#REF!,#REF!,#REF!,#REF!,#REF!,#REF!,#REF!,#REF!,N44,N41,N38,N35,N32,N29,N26,N23,N20,N17,N14) -> #REF! | O50: =SUM(#REF!,#REF!,#REF!,#REF!,#REF!,#REF!,#REF!,#REF!,#REF!,#REF!,#REF!,#REF!,O44,O41,O38,O35,O32,O29,O26,O23,O20,O17,O14) -> #REF! | P50: =SUM(#REF!,#REF!,#REF!,#REF!,#REF!,#REF!,#REF!,#REF!,#REF!,#REF!,#REF!,#REF!,P44,P41,P38,P35,P32,P29,P26,P23,P20,P17,P14) -> #REF! | Q50: =SUM(Q44,Q41,Q38,Q35,Q32,Q29,Q26,Q23,Q20,Q17,Q14,Q47) -> 478500.85 | R50: =SUM(#REF!,#REF!,#REF!,#REF!,#REF!,#REF!,#REF!,#REF!,#REF!,#REF!,#REF!,#REF!,R44,R41,R38,R35,R32,R29,R26,R23,R20,R17,R14) -> #REF! | S50: =SUM(#REF!,#REF!,#REF!,#REF!,#REF!,#REF!,#REF!,#REF!,#REF!,#REF!,#REF!,#REF!,S44,S41,S38,S35,S32,S29,S26,S23,S20,S17,S14) -> #REF! | T50: =SUM(#REF!,#REF!,#REF!,#REF!,#REF!,#REF!,#REF!,#REF!,#REF!,#REF!,#REF!,#REF!,T44,T41,T38,T35,T32,T29,T26,T23,T20,T17,T14) -> #REF! | U50: =SUM(U44,U41,U38,U35,U32,U29,U26,U23,U20,U17,U14,U47) -> 1341513 | V50: =SUM(#REF!,#REF!,#REF!,#REF!,#REF!,#REF!,#REF!,#REF!,#REF!,#REF!,#REF!,#REF!,V44,V41,V38,V35,V32,V29,V26,V23,V20,V17,V14) -> #REF! | W50: =SUM(#REF!,#REF!,#REF!,#REF!,#REF!,#REF!,#REF!,#REF!,#REF!,#REF!,#REF!,#REF!,W44,W41,W38,W35,W32,W29,W26,W23,W20,W17,W14) -> #REF! | X50: =SUM(#REF!,#REF!,#REF!,#REF!,#REF!,#REF!,#REF!,#REF!,#REF!,#REF!,#REF!,#REF!,X44,X41,X38,X35,X32,X29,X26,X23,X20,X17,X14) -> #REF! | Y50: =SUM(Y44,Y41,Y38,Y35,Y32,Y29,Y26,Y23,Y20,Y17,Y14,Y47) -> 1178050.4 | Z50: =SUM(#REF!,#REF!,#REF!,#REF!,#REF!,#REF!,#REF!,#REF!,#REF!,#REF!,#REF!,#REF!,Z44,Z41,Z38,Z35,Z32,Z29,Z26,Z23,Z20,Z17,Z14) -> #REF! | AA50: =SUM(#REF!,#REF!,#REF!,#REF!,#REF!,#REF!,#REF!,#REF!,#REF!,#REF!,#REF!,#REF!,AA44,AA41,AA38,AA35,AA32,AA29,AA26,AA23,AA20,AA17,AA14) -> #REF! | AB50: =SUM(#REF!,#REF!,#REF!,#REF!,#REF!,#REF!,#REF!,#REF!,#REF!,#REF!,#REF!,#REF!,AB44,AB41,AB38,AB35,AB32,AB29,AB26,AB23,AB20,AB17,AB14) -> #REF! | AC50: =SUM(AC44,AC41,AC38,AC35,AC32,AC29,AC26,AC23,AC20,AC17,AC14,AC47) -> 1766133.2 | AD50: =SUM(#REF!,#REF!,#REF!,#REF!,#REF!,#REF!,#REF!,#REF!,#REF!,#REF!,#REF!,#REF!,AD44,AD41,AD38,AD35,AD32,AD29,AD26,AD23,AD20,AD17,AD14) -> #REF! | AE50: =SUM(#REF!,#REF!,#REF!,#REF!,#REF!,#REF!,#REF!,#REF!,#REF!,#REF!,#REF!,#REF!,AE44,AE41,AE38,AE35,AE32,AE29,AE26,AE23,AE20,AE17,AE14) -> #REF! | AF50: =SUM(#REF!,#REF!,#REF!,#REF!,#REF!,#REF!,#REF!,#REF!,#REF!,#REF!,#REF!,#REF!,AF44,AF41,AF38,AF35,AF32,AF29,AF26,AF23,AF20,AF17,AF14) -> #REF! | AG50: =SUM(AG44,AG41,AG38,AG35,AG32,AG29,AG26,AG23,AG20,AG17,AG14,AG47) -> 2438435.5 | AH50: =SUM(#REF!,#REF!,#REF!,#REF!,#REF!,#REF!,#REF!,#REF!,#REF!,#REF!,#REF!,#REF!,AH44,AH41,AH38,AH35,AH32,AH29,AH26,AH23,AH20,AH17,AH14) -> #REF! | AI50: =SUM(#REF!,#REF!,#REF!,#REF!,#REF!,#REF!,#REF!,#REF!,#REF!,#REF!,#REF!,#REF!,AI44,AI41,AI38,AI35,AI32,AI29,AI26,AI23,AI20,AI17,AI14) -> #REF! | AJ50: =SUM(#REF!,#REF!,#REF!,#REF!,#REF!,#REF!,#REF!,#REF!,#REF!,#REF!,#REF!,#REF!,AJ44,AJ41,AJ38,AJ35,AJ32,AJ29,AJ26,AJ23,AJ20,AJ17,AJ14) -> #REF! | AK50: =SUM(AK44,AK41,AK38,AK35,AK32,AK29,AK26,AK23,AK20,AK17,AK14,AK47) -> 1659643 | AL50: =SUM(#REF!,#REF!,#REF!,#REF!,#REF!,#REF!,#REF!,#REF!,#REF!,#REF!,#REF!,#REF!,AL44,AL41,AL38,AL35,AL32,AL29,AL26,AL23,AL20,AL17,AL14) -> #REF! | AM50: =SUM(#REF!,#REF!,#REF!,#REF!,#REF!,#REF!,#REF!,#REF!,#REF!,#REF!,#REF!,#REF!,AM44,AM41,AM38,AM35,AM32,AM29,AM26,AM23,AM20,AM17,AM14) -> #REF! | AN50: =SUM(#REF!,#REF!,#REF!,#REF!,#REF!,#REF!,#REF!,#REF!,#REF!,#REF!,#REF!,#REF!,AN44,AN41,AN38,AN35,AN32,AN29,AN26,AN23,AN20,AN17,AN14) -> #REF! | AO50: =SUM(AO44,AO41,AO38,AO35,AO32,AO29,AO26,AO23,AO20,AO17,AO14,AO47) -> 108297.92 | AP50: =SUM(#REF!,#REF!,#REF!,#REF!,#REF!,#REF!,#REF!,#REF!,#REF!,#REF!,#REF!,#REF!,AP44,AP41,AP38,AP35,AP32,AP29,AP26,AP23,AP20,AP17,AP14) -> #REF! | AQ50: =SUM(#REF!,#REF!,#REF!,#REF!,#REF!,#REF!,#REF!,#REF!,#REF!,#REF!,#REF!,#REF!,AQ44,AQ41,AQ38,AQ35,AQ32,AQ29,AQ26,AQ23,AQ20,AQ17,AQ14) -> #REF! | AR50: =SUM(#REF!,#REF!,#REF!,#REF!,#REF!,#REF!,#REF!,#REF!,#REF!,#REF!,#REF!,#REF!,AR44,AR41,AR38,AR35,AR32,AR29,AR26,AR23,AR20,AR17,AR14) -> #REF!
C51: PERCENTUAL SIMPLES | D51: =SUM(D46,D43,D40,D37,D34,D31,D28,D25,D22,D19,D16,D49) -> 1 | E51: =E50/$D$50 -> 0.013415829 | I51: =I50/$D$50 -> 0.10169059 | M51: =M50/$D$50 -> 0.089760517 | Q51: =Q50/$D$50 -> 0.042413323 | U51: =U50/$D$50 -> 0.11890893 | Y51: =Y50/$D$50 -> 0.10441995 | AC51: =AC50/$D$50 -> 0.15654638 | AG51: =AG50/$D$50 -> 0.21613787 | AK51: =AK50/$D$50 -> 0.14710731 | AO51: =AO50/$D$50 -> 0.0095993026
C52: TOTAL ACUMULADO COM BDI | E52: =+E50 -> 151355.41 | I52: =+I50+E52 -> 1298613.6 | M52: =+M50+I52 -> 2311278.6 | Q52: =+Q50+M52 -> 2789779.4 | U52: =+U50+Q52 -> 4131292.4 | Y52: =+Y50+U52 -> 5309342.9 | AC52: =+AC50+Y52 -> 7075476 | AG52: =+AG50+AC52 -> 9513911.6 | AK52: =+AK50+AG52 -> 11173555 | AO52: =+AO50+AK52 -> 11281852
C53: PERCENTUAL ACUMULADO | E53: =E51 -> 0.013415829 | I53: =+I51+E53 -> 0.11510642 | M53: =+M51+I53 -> 0.20486694 | Q53: =+Q51+M53 -> 0.24728026 | U53: =+U51+Q53 -> 0.36618919 | Y53: =+Y51+U53 -> 0.47060914 | AC53: =+AC51+Y53 -> 0.62715552 | AG53: =+AG51+AC53 -> 0.84329339 | AK53: =+AK51+AG53 -> 0.9904007 | AO53: =+AO51+AK53 -> 1

Sheet COMPOSIÇÕES (SD)
A1: COMPOSIÇÃO DE PREÇOS UNITÁRIOS SEM DESONERAÇÃO
A3: OBJETO: | B3: ='ORÇAMENTO SINTÉTICO (SD)'!C3 -> Construção de ponte de concreto sobre o Rio do Peixe, na GO-479, demolição de ponte existente, transporte e destinação do entulho da demolição | F3: DATA: | G3: ='ORÇAMENTO SINTÉTICO (SD)'!G3 -> 45681 | I3: ENCARGOS SOCIAIS HORISTAS: | J3: ='ORÇAMENTO SINTÉTICO (SD)'!L3 -> 1.11496
A4: LOCAL: | B4: ='ORÇAMENTO SINTÉTICO (SD)'!C4 -> GO-479, Zona Rural, Distrito de Lagolândia, Pirenópolis, GO | F4: REVISÃO: | G4: ='ORÇAMENTO SINTÉTICO (SD)'!G4 -> 00 | I4: BDI OBRA: | J4: ='ORÇAMENTO SINTÉTICO (SD)'!L4 -> 0.2721
A5: BASE: | B5: ='ORÇAMENTO SINTÉTICO (SD)'!C5 -> GOINFRA CIVIL-10/2024, GOINFRA RODOVIÁRIA-10/2024, SINAPI-12/2024, SICRO3-10/2024, ORSE-11/2024. | F5: PRAZO : | G5: ='ORÇAMENTO SINTÉTICO (SD)'!G5 -> 10 MESES
A8: Composições Principais
A9: 1.1 | B9: Código | C9: Banco | D9: Descrição | E9: Tipo | G9: Und | H9: Quant. | I9: Valor Unit | J9: Total
A10: Composição | B10: 42190 | C10: AGETOP RODOVIARIA | D10: ADMINISTRAÇÃO LOCAL - TIPO F | E10: 4219 | G10: un | H10: 1 | I10: 588300.17 | J10: 588300.17
F11: Custo Horário da Execução (A) + (B) | J11: 0
F12: (D) Produção de Equipe | J12: 1
F13: (E) Custo Unitário de Execução [(A) + (B) + (C)] / (D) | J13: 0
A14: F | B14: Código | C14: Banco | D14: MATERIAL | E14: Quantidade | F14: Unidade | G14: Preço Unitário | J14: Custo Horário
A15: Insumo | B15: 0004 | C15: Emp | D15: ADMINISTRAÇÃO LOCAL - TIPO F (CONFORME DEMONSTRATIVO) | E15: 1 | F15: UN | G15: 588.300,17 | J15: 588.300,17
F16: Custo unitário total de material | J16: 588300.17
E17: MO sem LS => | F17: 0 | G17: LS => | H17: 0 | I17: MO com LS => | J17: 0
E18: Valor do BDI => | F18: 0 | H18: Valor com BDI => | J18: 588300.17
A20: 2.1 | B20: Código | C20: Banco | D20: Descrição | E20: Tipo | G20: Und | H20: Quant. | I20: Valor Unit | J20: Total
A21: Composição | B21: 42290 | C21: AGETOP RODOVIARIA | D21: CANTEIRO DE OBRA - TIPO F | E21: 4229 | G21: un | H21: 1 | I21: 269605.37 | J21: 269605.37
F22: Custo Horário da Execução (A) + (B) | J22: 0
F23: (D) Produção de Equipe | J23: 1
F24: (E) Custo Unitário de Execução [(A) + (B) + (C)] / (D) | J24: 0
A25: F | B25: Código | C25: Banco | D25: MATERIAL | E25: Quantidade | F25: Unidade | G25: Preço Unitário | J25: Custo Horário
A26: Insumo | B26: 0003 | C26: Emp | D26: CANTEIRO DE OBRA - TIPO F | E26: 1 | F26: UN | G26: 269.605,37 | J26: 269.605,37
F27: Custo unitário total de material | J27: 269605.37
E28: MO sem LS => | F28: 0 | G28: LS => | H28: 0 | I28: MO com LS => | J28: 0
E29: Valor do BDI => | F29: 0 | H29: Valor com BDI => | J29: 269605.37
A31: 2.2 | B31: Código | C31: Banco | D31: Descrição | E31: Tipo | G31: Und | H31: Quant. | I31: Valor Unit | J31: Total
A32: Composição | B32: 42301 | C32: AGETOP RODOVIARIA | D32: MOBILIZAÇÃO / DESMOBILIZAÇÃO - CONFORME DEMONSTRATIVO | E32: 4230 | G32: un | H32: 1 | I32: 36729.72 | J32: 36729.72
F33: Custo Horário da Execução (A) + (B) | J33: 0
F34: (D) Produção de Equipe | J34: 1
F35: (E) Custo Unitário de Execução [(A) + (B) + (C)] / (D) | J35: 0
A36: F | B36: Código | C36: Banco | D36: MATERIAL | E36: Quantidade | F36: Unidade | G36: Preço Unitário | J36: Custo Horário
A37: Insumo | B37: 0002 | C37: Emp | D37: MOBILIZAÇÃO / DESMOBILIZAÇÃO - CONFORME DEMONSTRATIVO - SEM DESONERAÇÃO | E37: 1 | F37: UN | G37: 36.729,72 | J37: 36.729,72
F38: Custo unitário total de material | J38: 36729.72
E39: MO sem LS => | F39: 0 | G39: LS => | H39: 0 | I39: MO com LS => | J39: 0
E40: Valor do BDI => | F40: 0 | H40: Valor com BDI => | J40: 36729.72
A42: 3.1 | B42: Código | C42: Banco | D42: Descrição | E42: Tipo | G42: Und | H42: Quant. | I42: Valor Unit | J42: Total
A43: Composição | B43: 42825 | C43: AGETOP RODOVIARIA | D43: DEMOLIÇÃO DE CONCRETO ARMADO | E43: 4282 | G43: m³ | H43: 1 | I43: 652.45 | J43: 652.45
A44: A | B44: Código | C44: Banco | D44: Equipamentos | E44: Quantidade | F44: Utilização | H44: Custo Horário | J44: Custo Horário Total
F45: Operativa | G45: Improdutiva | H45: Operativa | I45: Improdutiva
A46: Insumo | B46: 30027 | C46: AGETOP RODOVIARIA | D46: COMPRESSOR DE AR 340 PCM | E46: 1 | F46: 1 | G46: 0 | H46: 123.77 | I46: 25.42 | J46: 123.77
A47: Insumo | B47: 30037 | C47: AGETOP RODOVIARIA | D47: CAMINHÃO BASCULANTE 10 M3 - 15 T | E47: 0.05 | F47: 1 | G47: 0 | H47: 305.94 | I47: 84.71 | J47: 15.29
A48: Insumo | B48: 30028 | C48: AGETOP RODOVIARIA | D48: MARTELETE PERFURADOR / ROMPEDOR - AR COMPRIMIDO (25kg) | E48: 3 | F48: 1 | G48: 0 | H48: 32.5 | I48: 30.33 | J48: 97.5
F49: Custo horário total de equipamentos | J49: 236.56
A50: B | B50: Código | C50: Banco | D50: Mão de Obra | E50: Quantidade | F50: Custo Horário | J50: Custo Horário Total
A51: Insumo | B51: 20031 | C51: AGETOP RODOVIARIA | D51: SERVENTE | E51: 1 | I51: 21,73 | J51: 21,73
A52: Insumo | B52: 20002 | C52: AGETOP RODOVIARIA | D52: ENCARREGADO DE SERVIÇO | E52: 0.1 | I52: 26,90 | J52: 2,69
F53: Adicional de Mão de obra (%) | J53: 0
F54: Custo horário total de mão de obra | J54: 24.42
F55: Custo Horário da Execução (A) + (B) | J55: 260.98
F56: (D) Produção de Equipe | J56: 0.4
F57: (E) Custo Unitário de Execução [(A) + (B) + (C)] / (D) | J57: 652.45
E58: MO sem LS => | F58: 0 | G58: LS => | H58: 61.05 | I58: MO com LS => | J58: 61.05
E59: Valor do BDI => | F59: 0 | H59: Valor com BDI => | J59: 652.45
A61: 3.2 | B61: Código | C61: Banco | D61: Descrição | E61: Tipo | G61: Und | H61: Quant. | I61: Valor Unit | J61: Total
A62: Composição | B62: 40001 | C62: AGETOP RODOVIARIA | D62: DESMATAMENTO E LIMPEZA - INCLUSO DESTOCAMENTO DE ÁRVORES COM DIÂMETROS MENORES DE 15 cm | E62: 4000 | G62: m² | H62: 1 | I62: 0.54 | J62: 0.54
A63: A | B63: Código | C63: Banco | D63: Equipamentos | E63: Quantidade | F63: Utilização | H63: Custo Horário | J63: Custo Horário Total
F64: Operativa | G64: Improdutiva | H64: Operativa | I64: Improdutiva
A65: Insumo | B65: 30001 | C65: AGETOP RODOVIARIA | D65: TRATOR ESTEIRAS COM LÂMINA - CAT D8 OU EQUIVALENTE | E65: 1 | F65: 1 | G65: 0 | H65: 778.46 | I65: 306.93 | J65: 778.46
F66: Custo horário total de equipamentos | J66: 778.46
A67: B | B67: Código | C67: Banco | D67: Mão de Obra | E67: Quantidade | F67: Custo Horário | J67: Custo Horário Total
A68: Insumo | B68: 20031 | C68: AGETOP RODOVIARIA | D68: SERVENTE | E68: 2 | I68: 21,73 | J68: 43,46
A69: Insumo | B69: 20002 | C69: AGETOP RODOVIARIA | D69: ENCARREGADO DE SERVIÇO | E69: 0.4 | I69: 26,90 | J69: 10,76
F70: Adicional de Mão de obra (%) | J70: 0
F71: Custo horário total de mão de obra | J71: 54.22
F72: Custo Horário da Execução (A) + (B) | J72: 832.68
F73: (D) Produção de Equipe | J73: 1532.91
F74: (E) Custo Unitário de Execução [(A) + (B) + (C)] / (D) | J74: 0.54
E75: MO sem LS => | F75: 0 | G75: LS => | H75: 0.04 | I75: MO com LS => | J75: 0.035370635
E76: Valor do BDI => | F76: 0 | H76: Valor com BDI => | J76: 0.54
A78: 3.3 | B78: Código | C78: Banco | D78: Descrição | E78: Tipo | G78: Und | H78: Quant. | I78: Valor Unit | J78: Total
A79: Composição | B79: 40005 | C79: AGETOP RODOVIARIA | D79: CARGA DE ENTULHOS | E79: 4000 | G79: m³ | H79: 1 | I79: 2.49 | J79: 2.49
A80: A | B80: Código | C80: Banco | D80: Equipamentos | E80: Quantidade | F80: Utilização | H80: Custo Horário | J80: Custo Horário Total
F81: Operativa | G81: Improdutiva | H81: Operativa | I81: Improdutiva
A82: Insumo | B82: 30007 | C82: AGETOP RODOVIARIA | D82: CARREGADEIRA DE PNEUS CAT - 950 H OU EQUIVALENTE | E82: 1 | F82: 1 | G82: 0 | H82: 451.28 | I82: 220.32 | J82: 451.28
F83: Custo horário total de equipamentos | J83: 451.28
A84: B | B84: Código | C84: Banco | D84: Mão de Obra | E84: Quantidade | F84: Custo Horário | J84: Custo Horário Total
A85: Insumo | B85: 20031 | C85: AGETOP RODOVIARIA | D85: SERVENTE | E85: 1 | I85: 21,73 | J85: 21,73
A86: Insumo | B86: 20002 | C86: AGETOP RODOVIARIA | D86: ENCARREGADO DE SERVIÇO | E86: 0.1 | I86: 26,90 | J86: 2,69
F87: Adicional de Mão de obra (%) | J87: 0
F88: Custo horário total de mão de obra | J88: 24.42
F89: Custo Horário da Execução (A) + (B) | J89: 475.7
F90: (D) Produção de Equipe | J90: 191
F91: (E) Custo Unitário de Execução [(A) + (B) + (C)] / (D) | J91: 2.49
E92: MO sem LS => | F92: 0 | G92: LS => | H92: 0.13 | I92: MO com LS => | J92: 0.1278534
E93: Valor do BDI => | F93: 0 | H93: Valor com BDI => | J93: 2.49
A95: 3.4 | B95: Código | C95: Banco | D95: Descrição | E95: Tipo | G95: Und | H95: Quant. | I95: Valor Unit | J95: Total
A96: Composição | B96: 40006 | C96: AGETOP RODOVIARIA | D96: TRANSPORTE DE ENTULHOS | E96: 4000 | G96: m3km | H96: 1 | I96: 2.26 | J96: 2.26
A97: A | B97: Código | C97: Banco | D97: Equipamentos | E97: Quantidade | F97: Utilização | H97: Custo Horário | J97: Custo Horário Total
F98: Operativa | G98: Improdutiva | H98: Operativa | I98: Improdutiva
A99: Insumo | B99: 30037 | C99: AGETOP RODOVIARIA | D99: CAMINHÃO BASCULANTE 10 M3 - 15 T | E99: 1 | F99: 1 | G99: 0 | H99: 305.94 | I99: 84.71 | J99: 305.94
F100: Custo horário total de equipamentos | J100: 305.94
F101: Custo Horário da Execução (A) + (B) | J101: 305.94
F102: (D) Produção de Equipe | J102: 135
F103: (E) Custo Unitário de Execução [(A) + (B) + (C)] / (D) | J103: 2.26
E104: MO sem LS => | F104: 0 | G104: LS => | H104: 0 | I104: MO com LS => | J104: 0
E105: Valor do BDI => | F105: 0 | H105: Valor com BDI => | J105: 2.26
A107: 3.5 | B107: Código | C107: Banco | D107: Descrição | E107: Tipo | G107: Und | H107: Quant. | I107: Valor Unit | J107: Total
A108: Composição | B108: 40145 | C108: AGETOP RODOVIARIA | D108: ESPALHAMENTO DE MATERIAL EM BOTA-FORA | E108: 4014 | G108: m³ | H108: 1 | I108: 2 | J108: 2
A109: A | B109: Código | C109: Banco | D109: Equipamentos | E109: Quantidade | F109: Utilização | H109: Custo Horário | J109: Custo Horário Total
F110: Operativa | G110: Improdutiva | H110: Operativa | I110: Improdutiva
...

Sheet CURVA ABC DE SERVIÇOS (SD)
B1: CURVA ABC DE SERVIÇOS SEM DESONERAÇÃO
B3: OBJETO: | C3: ='DADOS DA OBRA'!B13 -> Construção de ponte de concreto sobre o Rio do Peixe, na GO-479, demolição de ponte existente, transporte e destinação do entulho da demolição | E3: DATA: | F3: ='DADOS DA OBRA'!N22 -> 45681 | I3: ENCARGOS SOCIAIS HORISTAS:
B4: LOCAL: | C4: =+""&'DADOS DA OBRA'!$B$16&", "&'DADOS DA OBRA'!$B$19&", "&'DADOS DA OBRA'!$J$19&", "&'DADOS DA OBRA'!$P$19 -> GO-479, Zona Rural, Distrito de Lagolândia, Pirenópolis, GO | E4: REVISÃO: | F4: ='DADOS DA OBRA'!N25 -> 00 | I4: ENCARGOS SOCIAIS MENSALISTAS:
B5: BASE: | C5: ='DADOS DA OBRA'!B28 -> GOINFRA CIVIL-10/2024, GOINFRA RODOVIÁRIA-10/2024, SINAPI-12/2024, SICRO3-10/2024, ORSE-11/2024. | E5: PRAZO: | F5: ='DADOS DA OBRA'!B25 -> 10 MESES | I5: BDI OBRA:
I6: BDI DIFERENCIADO:
B8: Código | C8: Banco | D8: Descrição | E8: Und | F8: Quant. | G8: Valor Unit | H8: Total | I8: Peso (%) | J8: Peso Acumulado (%)
B9: 45155 | C9: AGETOP RODOVIARIA | D9: AÇO CA50/60 AQUISIÇÃO, ARMAÇÃO E COLOCAÇÃO (INCLUSO PERDAS) | E9: Kg | F9: 182068.97 | G9: 12.4 | H9: 2257655.2 | I9: =+H9/$G$56 -> 0.25452062 | J9: =+I9 -> 0.25452062
B10: 45135 | C10: AGETOP RODOVIARIA | D10: ESCORAMENTO PARA PONTE | E10: m³ | F10: 12009.6 | G10: 102.75 | H10: 1233986.4 | I10: =+H10/$G$56 -> 0.13911557 | J10: =+J9+I10 -> 0.39363619
B11: 42800 | C11: AGETOP RODOVIARIA | D11: GABIÕES (1,00 M) | E11: m³ | F11: 1390.5 | G11: 640.02 | H11: 889947.81 | I11: =+H11/$G$56 -> 0.10032979 | J11: =+J10+I11 -> 0.49396598
B12: 45276 | C12: AGETOP RODOVIARIA | D12: ESTACA RAIZ PERFURADA NA ROCHA - D = 40 cm | E12: m | F12: 351.6 | G12: 2213.88 | H12: 778400.2 | I12: =+H12/$G$56 -> 0.087754279 | J12: =+J11+I12 -> 0.58172026
B13: 42190 | C13: AGETOP RODOVIARIA | D13: ADMINISTRAÇÃO LOCAL - TIPO F - CONFORME DEMONSTRATIVO | E13: un | F13: 1 | G13: 588300.17 | H13: 588300.17 | I13: =+H13/$G$56 -> 0.066323026 | J13: =+J12+I13 -> 0.64804329
B14: 42810 | C14: AGETOP RODOVIARIA | D14: COLCHÕES RENO (0,23 M). (Adaptado conforme altura do colchão reno) | E14: m³ | F14: 504.62 | G14: 1037.13 | H14: 523356.54 | I14: =+H14/$G$56 -> 0.059001495 | J14: =+J13+I14 -> 0.70704478
B15: 45156 | C15: AGETOP RODOVIARIA | D15: CONCRETO USINADO BOMBEÁVEL FCK=35 MPA | E15: m³ | F15: 622.58 | G15: 713.77 | H15: 444378.92 | I15: =+H15/$G$56 -> 0.050097818 | J15: =+J14+I15 -> 0.7571426
B16: 42290 | C16: AGETOP RODOVIARIA | D16: CANTEIRO DE OBRA - TIPO F - CONFORME DEMONSTRATIVO | E16: un | F16: 1 | G16: 269605.37 | H16: 269605.37 | I16: =+H16/$G$56 -> 0.030394423 | J16: =+J15+I16 -> 0.78753702
B17: 45430 | C17: AGETOP RODOVIARIA | D17: REATERRO APILOADO DE VALAS | E17: m³ | F17: 3695.09 | G17: 67.14 | H17: 248088.33 | I17: =+H17/$G$56 -> 0.027968663 | J17: =+J16+I17 -> 0.81550569
B18: 45150 | C18: AGETOP RODOVIARIA | D18: FORMA CHAPA COMPENSADA PLASTIFICADA 17 mm - UTILIZAÇÃO 3X (CONFECÇÃO, INSTALAÇÃO E RETIRADA) | E18: m² | F18: 2493.35 | G18: 97.74 | H18: 243700.01 | I18: =+H18/$G$56 -> 0.027473938 | J18: =+J17+I18 -> 0.84297963
B19: 40317 | C19: AGETOP RODOVIARIA | D19: FORNECIMENTO DE MATERIAL DE JAZIDA (CASCALHO) | E19: m³ | F19: 11710.46 | G19: 19.11 | H19: 223786.89 | I19: =+H19/$G$56 -> 0.025228997 | J19: =+J18+I19 -> 0.86820862
B20: 42825 | C20: AGETOP RODOVIARIA | D20: DEMOLIÇÃO DE CONCRETO ARMADO | E20: m³ | F20: 174.69 | G20: 652.45 | H20: 113976.49 | I20: =+H20/$G$56 -> 0.012849334 | J20: =+J19+I20 -> 0.88105796
B21: 40455 | C21: AGETOP RODOVIARIA | D21: TRANSPORTE COMERCIAL DE AGREGADOS | E21: m3km | F21: 89636.1 | G21: 1.22 | H21: 109356.03 | I21: =+H21/$G$56 -> 0.01232844 | J21: =+J20+I21 -> 0.8933864
... B54: 40001 | C54: AGETOP RODOVIARIA | D54: DESMATAMENTO E LIMPEZA - INCLUSO DESTOCAMENTO DE ÁRVORES COM DIÂMETROS MENORES DE 15 cm | E54: m² | F54: 374.4 | G54: 0.54 | H54: 202.165 | I54: =+H54/$G$56 -> 2.2791417e-05 | J54: =+J53+I54 -> 1
E56: Total sem BDI | G56: =SUM(H9:H54) -> 8870225

Sheet BDI NORMAL (SD) 
B1: BONIFICAÇÃO DE DESPESAS INDIRETAS BDI - NORMAL SEM DESONERAÇÃO
B4: OBJETO: | C4: ='DADOS DA OBRA'!$B$13 -> Construção de ponte de concreto sobre o Rio do Peixe, na GO-479, demolição de ponte existente, transporte e destinação do entulho da demolição | N4: DATA: | O4: ='DADOS DA OBRA'!N22 -> 45681
B5: LOCAL: | C5: =+""&'DADOS DA OBRA'!$B$16&", "&'DADOS DA OBRA'!$B$19&", "&'DADOS DA OBRA'!$J$19&", "&'DADOS DA OBRA'!$P$19 -> GO-479, Zona Rural, Distrito de Lagolândia, Pirenópolis, GO | N5: REVISÃO: | O5: ='DADOS DA OBRA'!N25 -> 00
B7: Município da Obra | E7: PIRENÓPOLIS - GO
B8: Base de cálculo ISS do município | E8: 1 | F8: ISS: | G8: 0.03
C10: Descrição | F10: Valor percentual adotado
I11: O valores do BDI acima foram calculados com emprego da equação a seguir:
C12: (AC) - Administração Central | F12: 6
C13: (S) + (G) - Seguro e Garantia | F13: 0.74
C14: (R) - Risco | F14: 0.97
C15: (DF) - Despesas Financeiras | F15: 1.61
C16: (L) - Lucro | F16: 8.5
C17: (I1) - PIS | F17: 0.65
C18: (I2) - COFINS | F18: 3 | I18: *Fonte da composição, valores de referência e fórmula do BDI: Acórdão 2622/2013-TCU-Plenário
C19: (I3) - ISS | F19: 3 | I19: Onde:
C20: (I4) - Contribuição Previdenciária (CPRB) | I20: AC - taxa de rateio da Administração Central
C21: BDI Adotado | F21: =ROUNDUP((((((1+F12/100+F13/100+F14/100)*(1+F15/100)*(1+F16/100))/(1-(F17/100+F18/100+F19/100+F20/100)))-1)*100), 2) -> 27.21 | I21: DF - taxa das despesas financeiras
I22: R, S, G - taxa de risco, seguro e garantia do empreendimento
I23: I - taxa de tributos (onerado: I = COFINS+PIS+ISS / desonerado: I = COFINS+PIS+ISS+CPRB)
B24: (1) Porcentuais definidos pelo TAG TCE / GOINFRA | I24: L - taxa de lucro
B25: (2) Aliquota definida por lei (lucro presumido)
B26: (3) Aliquota definida pela lei 13.161/15 (CPRB-contribuição previdenciária sobre a receita bruta).

Sheet ENCARGOS SOCIAIS
B1: DEMONSTRATIVO DE ENCARGOS SOCIAIS
B3: OBJETO: | C3: ='DADOS DA OBRA'!$B$13 -> Construção de ponte de concreto sobre o Rio do Peixe, na GO-479, demolição de ponte existente, transporte e destinação do entulho da demolição | D3: DATA: | E3: ='DADOS DA OBRA'!N22 -> 45681
B4: LOCAL: | C4: =+""&'DADOS DA OBRA'!$B$16&", "&'DADOS DA OBRA'!$B$19&", "&'DADOS DA OBRA'!$J$19&", "&'DADOS DA OBRA'!$P$19 -> GO-479, Zona Rural, Distrito de Lagolândia, Pirenópolis, GO | D4: REVISÃO: | E4: ='DADOS DA OBRA'!N25 -> 00
B5: BASE: | C5: ='DADOS DA OBRA'!B28 -> GOINFRA CIVIL-10/2024, GOINFRA RODOVIÁRIA-10/2024, SINAPI-12/2024, SICRO3-10/2024, ORSE-11/2024.
B7: CÓDIGO | C7: DESCRIÇÃO | D7: COM DESONERAÇÃO | E7: SEM DESONERAÇÃO
D8: HORISTA % | E8: HORISTA %
B9: GRUPO A
B10: A1 | C10: INSS | D10: 0 | E10: 0.2
B11: A2 | C11: FGTS | D11: 0.08 | E11: 0.08
B12: A3 | C12: SESI | D12: 0.015 | E12: 0.015
B13: A4 | C13: SENAI | D13: 0.01 | E13: 0.01
B14: A5 | C14: INCRA | D14: 0.002 | E14: 0.002
B15: A6 | C15: Salário Educação | D15: 0.025 | E15: 0.025
B16: A7 | C16: Seguro contra acidente de trabalho INSS | D16: 0.03 | E16: 0.03
B17: A8 | C17: SEBRAE | D17: 0.006 | E17: 0.006
B18: A9 | C18: SECONCI | D18: 0.01 | E18: 0.01
B19: A | C19: Total | D19: =SUM(D10:D18) -> 0.178 | E19: =SUM(E10:E18) -> 0.378
B20: GRUPO B
B21: B1 | C21: Repouso semanal remunerado | D21: 0.1755 | E21: 0.1755
B22: B2 | C22: Feriados | D22: 0.04033 | E22: 0.0403
B23: B3 | C23: Férias e 1/3 de férias | D23: 0.122 | E23: 0.122
B24: B4 | C24: Auxílio Enfermidade | D24: 0.00934 | E24: 0.0093
B25: B5 | C25: Auxílio Acidente | D25: 0.0049 | E25: 0.0049
B26: B6 | C26: Licença Paternidade | D26: 0.0008 | E26: 0.0008
B27: B7 | C27: 13° Salário | D27: 0.0915 | E27: 0.09154
B28: B8 | C28: Faltas Justificadas | D28: 0.0073 | E28: 0.00734
B29: B | C29: Total | D29: =SUM(D21:D28) -> 0.45167 | E29: =SUM(E21:E28) -> 0.45168
B30: GRUPO C
B31: C1 | C31: Aviso Prévio Indenizado | D31: 0.059 | E31: 0.059
B32: C2 | C32: Aviso Prévio Trabalhado | D32: 0.00164 | E32: 0.00161
B33: C3 | C33: Férias Indenizadas | D33: 0.0065 | E33: 0.00652
B34: C4 | C34: Multa por Rescisão do Contrato de Trabalho sem Justa Causa | D34: 0.0352 | E34: 0.03523
B35: C5 | C35: Indenização Adicional | D35: 0.00694 | E35: 0.0069
B36: C | C36: Total | D36: =SUM(D31:D35) -> 0.10928 | E36: =SUM(E31:E35) -> 0.10926
B37: GRUPO D
B38: D1 | C38: Incidência do Grupo A sobre B | D38: 0.0804 | E38: 0.17072
B39: D2 | C39: Reincidência do Grupo A sobre Aviso Prévio Trabalhado + Reincidência do FGTS sobre Aviso Prévio Indenizado | D39: 0.005 | E39: 0.0053
B40: D | C40: Total | D40: =SUM(D38:D39) -> 0.0854 | E40: =SUM(E38:E39) -> 0.17602
B41: TOTAL(A+B+C+D) | D41: =SUM(D40,D36,D29,D19) -> 0.82435 | E41: =SUM(E40,E36,E29,E19) -> 1.11496
B42: FONTE: GOINFRA

Sheet CAPA - ORÇAMENTO (CD)
C9: ORÇAMENTO COM DESONERAÇÃO

Sheet ORÇAMENTO SINTÉTICO (CD)
B1: ORÇAMENTO SINTÉTICO COM DESONERAÇÃO
B3: OBJETO: | C3: ='CAPA - ORÇAMENTO'!D15 -> Construção de ponte de concreto sobre o Rio do Peixe, na GO-479, demolição de ponte existente, transporte e destinação do entulho da demolição | G3: DATA: | H3: ='DADOS DA OBRA'!N22 -> 45681 | K3: ENCARGOS SOCIAIS HORISTAS: | L3: ='ENCARGOS SOCIAIS'!D41 -> 0.82435
B4: LOCAL: | C4: =+'CAPA - ORÇAMENTO'!D16 -> GO-479, Zona Rural, Distrito de Lagolândia, Pirenópolis, GO | G4: REVISÃO: | H4: ='DADOS DA OBRA'!N25 -> 00 | K4: BDI OBRA: | L4: ='BDI NORMAL (CD)'!F21/100 -> 0.3365
B5: BASE: | C5: =+'DADOS DA OBRA'!B28 -> GOINFRA CIVIL-10/2024, GOINFRA RODOVIÁRIA-10/2024, SINAPI-12/2024, SICRO3-10/2024, ORSE-11/2024. | G5: PRAZO : | H5: ='DADOS DA OBRA'!B25 -> 10 MESES
B8: Item | C8: Código | D8: Banco | E8: Descrição | F8: Und | G8: Qtd | H8: Valor Unit | I8: Valor Total sem BDI | J8: BDI | K8: Valor Unit com BDI | L8: Valor Total com BDI
B9: 1 | E9: ADMINISTRAÇÃO LOCAL | I9: =SUBTOTAL(9,I10:I10) -> 514220.05 | L9: =SUBTOTAL(9,L10:L10) -> 687255.09
B10: 1.1 | C10: 42190 | D10: AGETOP RODOVIARIA | E10: ADMINISTRAÇÃO LOCAL - TIPO F - CONFORME DEMONSTRATIVO | F10: un | G10: 1 | H10: 514220.05 | I10: =TRUNC(G10 * H10, 2) -> 514220.05 | J10: =+$L$4 -> 0.3365 | K10: =TRUNC(H10 * (1 + J10), 2) -> 687255.09 | L10: =TRUNC(G10 * K10, 2) -> 687255.09
B11: 2 | E11: CANTEIRO DE OBRAS | I11: =SUBTOTAL(9,I12:I13) -> 294186.57 | L11: =SUBTOTAL(9,L12:L13) -> 393180.34
B12: 2.1 | C12: 42290 | D12: AGETOP RODOVIARIA | E12: CANTEIRO DE OBRA - TIPO F - CONFORME DEMONSTRATIVO | F12: un | G12: 1 | H12: 257615.61 | I12: =TRUNC(G12 * H12, 2) -> 257615.61 | J12: =+$L$4 -> 0.3365 | K12: =TRUNC(H12 * (1 + J12), 2) -> 344303.26 | L12: =TRUNC(G12 * K12, 2) -> 344303.26
B13: 2.2 | C13: 42301 | D13: AGETOP RODOVIARIA | E13: MOBILIZAÇÃO / DESMOBILIZAÇÃO - CONFORME DEMONSTRATIVO | F13: un | G13: 1 | H13: 36570.96 | I13: =TRUNC(G13 * H13, 2) -> 36570.96 | J13: =+$L$4 -> 0.3365 | K13: =TRUNC(H13 * (1 + J13), 2) -> 48877.08 | L13: =TRUNC(G13 * K13, 2) -> 48877.08
B14: 3 | E14: DEMOLIÇÕES E LIMPEZA | I14: =SUBTOTAL(9,I15:I20) -> 224913.92 | L14: =SUBTOTAL(9,L15:L20) -> 300420.23
B15: 3.1 | C15: 42825 | D15: AGETOP RODOVIARIA | E15: DEMOLIÇÃO DE CONCRETO ARMADO | F15: m³ | G15: 174.69 | H15: 627.02 | I15: =TRUNC(G15 * H15, 2) -> 109534.12 | J15: =+$L$4 -> 0.3365 | K15: =TRUNC(H15 * (1 + J15), 2) -> 838.01 | L15: =TRUNC(G15 * K15, 2) -> 146391.96
B16: 3.2 | C16: 40001 | D16: AGETOP RODOVIARIA | E16: DESMATAMENTO E LIMPEZA - INCLUSO DESTOCAMENTO DE ÁRVORES COM DIÂMETROS MENORES DE 15 cm | F16: m² | G16: 374.4 | H16: 0.53 | I16: =TRUNC(G16 * H16, 2) -> 198.43 | J16: =+$L$4 -> 0.3365 | K16: =TRUNC(H16 * (1 + J16), 2) -> 0.7 | L16: =TRUNC(G16 * K16, 2) -> 262.08
B17: 3.3 | C17: 40005 | D17: AGETOP RODOVIARIA | E17: CARGA DE ENTULHOS | F17: m³ | G17: 193.41 | H17: 2.45 | I17: =TRUNC(G17 * H17, 2) -> 473.85 | J17: =+$L$4 -> 0.3365 | K17: =TRUNC(H17 * (1 + J17), 2) -> 3.27 | L17: =TRUNC(G17 * K17, 2) -> 632.45
B18: 3.4 | C18: 40006 | D18: AGETOP RODOVIARIA | E18: TRANSPORTE DE ENTULHOS | F18: m3km | G18: 45343.41 | H18: 2.24 | I18: =TRUNC(G18 * H18, 2) -> 101569.23 | J18: =+$L$4 -> 0.3365 | K18: =TRUNC(H18 * (1 + J18), 2) -> 2.99 | L18: =TRUNC(G18 * K18, 2) -> 135576.79
B19: 3.5 | C19: 40145 | D19: AGETOP RODOVIARIA | E19: ESPALHAMENTO DE MATERIAL EM BOTA-FORA | F19: m³ | G19: 18.72 | H19: 1.96 | I19: =TRUNC(G19 * H19, 2) -> 36.69 | J19: =+$L$4 -> 0.3365 | K19: =TRUNC(H19 * (1 + J19), 2) -> 2.61 | L19: =TRUNC(G19 * K19, 2) -> 48.85
B20: 3.6 | C20: 10039 | D20: ORSE | E20: DESCARTE DE RESÍDUOS DA CONSTRUÇÃO CIVIL EM ÁREA LICENCIADA | F20: t | G20: 436.72 | H20: 30 | I20: =TRUNC(G20 * H20, 2) -> 13101.6 | J20: =+$L$4 -> 0.3365 | K20: =TRUNC(H20 * (1 + J20), 2) -> 40.09 | L20: =TRUNC(G20 * K20, 2) -> 17508.1
B21: 4 | E21: TERRAPLANAGEM CABECEIRA | I21: =SUBTOTAL(9,I22:I26) -> 236625.05 | L21: =SUBTOTAL(9,L22:L26) -> 316158.86
B22: 4.1 | C22: 45020 | D22: AGETOP RODOVIARIA | E22: ESCAVAÇÃO MECÂNIZADA | F22: m³ | G22: 6.29 | H22: 7.29 | I22: =TRUNC(G22 * H22, 2) -> 45.85 | J22: =+$L$4 -> 0.3365 | K22: =TRUNC(H22 * (1 + J22), 2) -> 9.74 | L22: =TRUNC(G22 * K22, 2) -> 61.26
B23: 4.2 | C23: 40317 | D23: AGETOP RODOVIARIA | E23: FORNECIMENTO DE MATERIAL DE JAZIDA (CASCALHO) | F23: m³ | G23: 8015.37 | H23: 19.11 | I23: =TRUNC(G23 * H23, 2) -> 153173.72 | J23: =+$L$4 -> 0.3365 | K23: =TRUNC(H23 * (1 + J23), 2) -> 25.54 | L23: =TRUNC(G23 * K23, 2) -> 204712.54
B24: 4.3 | C24: 40315 | D24: AGETOP RODOVIARIA | E24: ESCAVAÇÃO E CARGA DE MATERIAL DE JAZIDA | F24: m³ | G24: 8015.37 | H24: 4.08 | I24: =TRUNC(G24 * H24, 2) -> 32702.7 | J24: =+$L$4 -> 0.3365 | K24: =TRUNC(H24 * (1 + J24), 2) -> 5.45 | L24: =TRUNC(G24 * K24, 2) -> 43683.76
B25: 4.4 | C25: 40320 | D25: AGETOP RODOVIARIA | E25: TRANSPORTE DE MATERIAL DE JAZIDA (CASCALHO) | F25: m3km | G25: 5209.99 | H25: 2.48 | I25: =TRUNC(G25 * H25, 2) -> 12920.77 | J25: =+$L$4 -> 0.3365 | K25: =TRUNC(H25 * (1 + J25), 2) -> 3.31 | L25: =TRUNC(G25 * K25, 2) -> 17245.06
B26: 4.5 | C26: 40100 | D26: AGETOP RODOVIARIA | E26: COMPACTAÇÃO A 95% DO PROCTOR NORMAL | F26: m³ | G26: 8021.66 | H26: 4.71 | I26: =TRUNC(G26 * H26, 2) -> 37782.01 | J26: =+$L$4 -> 0.3365 | K26: =TRUNC(H26 * (1 + J26), 2) -> 6.29 | L26: =TRUNC(G26 * K26, 2) -> 50456.24
B27: 5 | E27: PROTEÇÃO DE MARGEM - GABIÃO E COLCHÃO RENO | I27: =SUBTOTAL(9,I28:I42) -> 2016502.9 | L27: =SUBTOTAL(9,L28:L42) -> 2694291.3
B28: 5.1 | C28: 42805 | D28: AGETOP RODOVIARIA | E28: GABIÕES (0,5 M) | F28: m³ | G28: 62 | H28: 798.4 | I28: =TRUNC(G28 * H28, 2) -> 49500.8 | J28: =+$L$4 -> 0.3365 | K28: =TRUNC(H28 * (1 + J28), 2) -> 1067.06 | L28: =TRUNC(G28 * K28, 2) -> 66157.72
B29: 5.2 | C29: 42800 | D29: AGETOP RODOVIARIA | E29: GABIÕES (1,00 M) | F29: m³ | G29: 1390.5 | H29: 623.33 | I29: =TRUNC(G29 * H29, 2) -> 866740.36 | J29: =+$L$4 -> 0.3365 | K29: =TRUNC(H29 * (1 + J29), 2) -> 833.08 | L29: =TRUNC(G29 * K29, 2) -> 1158397.7
B30: 5.3 | C30: 42810 | D30: AGETOP RODOVIARIA | E30: COLCHÕES RENO (0,23 M). (Adaptado conforme altura do colchão reno) | F30: m³ | G30: 504.62 | H30: 1019.12 | I30: =TRUNC(G30 * H30, 2) -> 514268.33 | J30: =+$L$4 -> 0.3365 | K30: =TRUNC(H30 * (1 + J30), 2) -> 1362.05 | L30: =TRUNC(G30 * K30, 2) -> 687317.67
B31: 5.4 | C31: 070229 | D31: AGETOP CIVIL | E31: ARAME GALVANIZADO 10 BWG. (Adaptado conforme modificação do insumo) | F31: Kg | G31: 1298.1 | H31: 33.97 | I31: =TRUNC(G31 * H31, 2) -> 44096.45 | J31: =+$L$4 -> 0.3365 | K31: =TRUNC(H31 * (1 + J31), 2) -> 45.4 | L31: =TRUNC(G31 * K31, 2) -> 58933.74
B32: 5.5 | C32: 45575 | D32: AGETOP RODOVIARIA | E32: GEOTEXTIL - BIDIM RT-16 OU EQUIVALENTE | F32: m² | G32: 3418 | H32: 8.89 | I32: =TRUNC(G32 * H32, 2) -> 30386.02 | J32: =+$L$4 -> 0.3365 | K32: =TRUNC(H32 * (1 + J32), 2) -> 11.88 | L32: =TRUNC(G32 * K32, 2) -> 40605.84
B33: 5.6 | C33: 45020 | D33: AGETOP RODOVIARIA | E33: ESCAVAÇÃO MECÂNIZADA | F33: m³ | G33: 3866.48 | H33: 7.29 | I33: =TRUNC(G33 * H33, 2) -> 28186.63 | J33: =+$L$4 -> 0.3365 | K33: =TRUNC(H33 * (1 + J33), 2) -> 9.74 | L33: =TRUNC(G33 * K33, 2) -> 37659.51
B34: 5.7 | C34: 41293 | D34: AGETOP RODOVIARIA | E34: APILOAMENTO MANUAL | F34: m² | G34: 1068.45 | H34: 4.52 | I34: =TRUNC(G34 * H34, 2) -> 4829.39 | J34: =+$L$4 -> 0.3365 | K34: =TRUNC(H34 * (1 + J34), 2) -> 6.04 | L34: =TRUNC(G34 * K34, 2) -> 6453.43
B35: 5.8 | C35: 40455 | D35: AGETOP RODOVIARIA | E35: TRANSPORTE COMERCIAL DE AGREGADOS | F35: m3km | G35: 89636.1 | H35: 1.21 | I35: =TRUNC(G35 * H35, 2) -> 108459.68 | J35: =+$L$4 -> 0.3365 | K35: =TRUNC(H35 * (1 + J35), 2) -> 1.61 | L35: =TRUNC(G35 * K35, 2) -> 144314.12
B36: 5.9 | C36: 40317 | D36: AGETOP RODOVIARIA | E36: FORNECIMENTO DE MATERIAL DE JAZIDA (CASCALHO) | F36: m³ | G36: 3695.09 | H36: 19.11 | I36: =TRUNC(G36 * H36, 2) -> 70613.16 | J36: =+$L$4 -> 0.3365 | K36: =TRUNC(H36 * (1 + J36), 2) -> 25.54 | L36: =TRUNC(G36 * K36, 2) -> 94372.59
B37: 5.10 | C37: 40315 | D37: AGETOP RODOVIARIA | E37: ESCAVAÇÃO E CARGA DE MATERIAL DE JAZIDA | F37: m³ | G37: 3695.09 | H37: 4.08 | I37: =TRUNC(G37 * H37, 2) -> 15075.96 | J37: =+$L$4 -> 0.3365 | K37: =TRUNC(H37 * (1 + J37), 2) -> 5.45 | L37: =TRUNC(G37 * K37, 2) -> 20138.24
B38: 5.11 | C38: 40320 | D38: AGETOP RODOVIARIA | E38: TRANSPORTE DE MATERIAL DE JAZIDA (CASCALHO) | F38: m3km | G38: 2401.81 | H38: 2.48 | I38: =TRUNC(G38 * H38, 2) -> 5956.48 | J38: =+$L$4 -> 0.3365 | K38: =TRUNC(H38 * (1 + J38), 2) -> 3.31 | L38: =TRUNC(G38 * K38, 2) -> 7949.99
B39: 5.12 | C39: 45430 | D39: AGETOP RODOVIARIA | E39: REATERRO APILOADO DE VALAS | F39: m³ | G39: 3695.09 | H39: 61.22 | I39: =TRUNC(G39 * H39, 2) -> 226213.4 | J39: =+$L$4 -> 0.3365 | K39: =TRUNC(H39 * (1 + J39), 2) -> 81.82 | L39: =TRUNC(G39 * K39, 2) -> 302332.26
... B42: 5.15 | C42: 40145 | D42: AGETOP RODOVIARIA | E42: ESPALHAMENTO DE MATERIAL EM BOTA-FORA | F42: m³ | G42: 3866.48 | H42: 1.96 | I42: =TRUNC(G42 * H42, 2) -> 7578.3 | J42: =+$L$4 -> 0.3365 | K42: =TRUNC(H42 * (1 + J42), 2) -> 2.61 | L42: =TRUNC(G42 * K42, 2) -> 10091.51
B43: 6 | E43: FUNDAÇÕES | I43: =SUBTOTAL(9,I44:I62) -> 1156790.7 | L43: =SUBTOTAL(9,L44:L62) -> 1546014.4
B44: 6.1 | E44: ESTACAS | I44: =SUBTOTAL(9,I45:I51) -> 904531.24 | L44: =SUBTOTAL(9,L45:L51) -> 1208889.8
B45: 6.1.1 | C45: 45266 | D45: AGETOP RODOVIARIA | E45: ESTACA RAIZ PERFURADA NO SOLO - D = 40 cm | F45: m | G45: 186 | H45: 260.67 | I45: =TRUNC(G45 * H45, 2) -> 48484.62 | J45: =+$L$4 -> 0.3365 | K45: =TRUNC(H45 * (1 + J45), 2) -> 348.38 | L45: =TRUNC(G45 * K45, 2) -> 64798.68
B46: 6.1.2 | C46: 45276 | D46: AGETOP RODOVIARIA | E46: ESTACA RAIZ PERFURADA NA ROCHA - D = 40 cm | F46: m | G46: 327.6 | H46: 2160.13 | I46: =TRUNC(G46 * H46, 2) -> 707658.58 | J46: =+$L$4 -> 0.3365 | K46: =TRUNC(H46 * (1 + J46), 2) -> 2887.01 | L46: =TRUNC(G46 * K46, 2) -> 945784.47
B47: 6.1.3 | C47: 45155 | D47: AGETOP RODOVIARIA | E47: AÇO CA50/60 AQUISIÇÃO, ARMAÇÃO E COLOCAÇÃO (INCLUSO PERDAS) | F47: Kg | G47: 12127.54 | H47: 11.92 | I47: =TRUNC(G47 * H47, 2) -> 144560.27 | J47: =+$L$4 -> 0.3365 | K47: =TRUNC(H47 * (1 + J47), 2) -> 15.93 | L47: =TRUNC(G47 * K47, 2) -> 193191.71
B48: 6.1.4 | C48: 45291 | D48: AGETOP RODOVIARIA | E48: ARRASAMENTO DE ESTACAS DE CONCRETO | F48: m³ | G48: 5.88 | H48: 549.57 | I48: =TRUNC(G48 * H48, 2) -> 3231.47 | J48: =+$L$4 -> 0.3365 | K48: =TRUNC(H48 * (1 + J48), 2) -> 734.5 | L48: =TRUNC(G48 * K48, 2) -> 4318.86
B49: 6.1.5 | C49: 45605 | D49: AGETOP RODOVIARIA | E49: CARGA DE MATERIAL DE GALERIAS | F49: m³ | G49: 44.19 | H49: 9.76 | I49: =TRUNC(G49 * H49, 2) -> 431.29 | J49: =+$L$4 -> 0.3365 | K49: =TRUNC(H49 * (1 + J49), 2) -> 13.04 | L49: =TRUNC(G49 * K49, 2) -> 576.23
B50: 6.1.6 | C50: 041006 | D50: AGETOP CIVIL | E50: TRANSPORTE DE MATERIAL ESCAVADO M3.KM | F50: m3km | G50: 28.72 | H50: 2.73 | I50: =TRUNC(G50 * H50, 2) -> 78.4 | J50: =+$L$4 -> 0.3365 | K50: =TRUNC(H50 * (1 + J50), 2) -> 3.64 | L50: =TRUNC(G50 * K50, 2) -> 104.54
B51: 6.1.7 | C51: 40145 | D51: AGETOP RODOVIARIA | E51: ESPALHAMENTO DE MATERIAL EM BOTA-FORA | F51: m³ | G51: 44.19 | H51: 1.96 | I51: =TRUNC(G51 * H51, 2) -> 86.61 | J51: =+$L$4 -> 0.3365 | K51: =TRUNC(H51 * (1 + J51), 2) -> 2.61 | L51: =TRUNC(G51 * K51, 2) -> 115.33
B52: 6.2 | E52: BLOCOS | I52: =SUBTOTAL(9,I53:I62) -> 252259.47 | L52: =SUBTOTAL(9,L53:L62) -> 337124.62
B53: 6.2.1 | C53: 45020 | D53: AGETOP RODOVIARIA | E53: ESCAVAÇÃO MECÂNIZADA | F53: m³ | G53: 226.71 | H53: 7.29 | I53: =TRUNC(G53 * H53, 2) -> 1652.71 | J53: =+$L$4 -> 0.3365 | K53: =TRUNC(H53 * (1 + J53), 2) -> 9.74 | L53: =TRUNC(G53 * K53, 2) -> 2208.15
B54: 6.2.2 | C54: 41293 | D54: AGETOP RODOVIARIA | E54: APILOAMENTO MANUAL | F54: m² | G54: 79.56 | H54: 4.52 | I54: =TRUNC(G54 * H54, 2) -> 359.61 | J54: =+$L$4 -> 0.3365 | K54: =TRUNC(H54 * (1 + J54), 2) -> 6.04 | L54: =TRUNC(G54 * K54, 2) -> 480.54
B55: 6.2.3 | C55: 45150 | D55: AGETOP RODOVIARIA | E55: FORMA CHAPA COMPENSADA PLASTIFICADA 17 mm - UTILIZAÇÃO 3X (CONFECÇÃO, INSTALAÇÃO E RETIRADA) | F55: m² | G55: 113.6 | H55: 94.17 | I55: =TRUNC(G55 * H55, 2) -> 10697.71 | J55: =+$L$4 -> 0.3365 | K55: =TRUNC(H55 * (1 + J55), 2) -> 125.85 | L55: =TRUNC(G55 * K55, 2) -> 14296.56
B56: 6.2.4 | C56: 45155 | D56: AGETOP RODOVIARIA | E56: AÇO CA50/60 AQUISIÇÃO, ARMAÇÃO E COLOCAÇÃO (INCLUSO PERDAS) | F56: Kg | G56: 14670.3 | H56: 11.92 | I56: =TRUNC(G56 * H56, 2) -> 174869.97 | J56: =+$L$4 -> 0.3365 | K56: =TRUNC(H56 * (1 + J56), 2) -> 15.93 | L56: =TRUNC(G56 * K56, 2) -> 233697.87
B57: 6.2.5 | C57: 45152 | D57: AGETOP RODOVIARIA | E57: CONCRETO USINADO BOMBEÁVEL FCK=20 MPA | F57: m³ | G57: 84.53 | H57: 650.47 | I57: =TRUNC(G57 * H57, 2) -> 54984.22 | J57: =+$L$4 -> 0.3365 | K57: =TRUNC(H57 * (1 + J57), 2) -> 869.35 | L57: =TRUNC(G57 * K57, 2) -> 73486.15
B58: 6.2.6 | C58: 45054 | D58: AGETOP RODOVIARIA | E58: CONCRETO USINADO BOMBEÁVEL FCK=15 MPA | F58: m³ | G58: 10.03 | H58: 624.9 | I58: =TRUNC(G58 * H58, 2) -> 6267.74 | J58: =+$L$4 -> 0.3365 | K58: =TRUNC(H58 * (1 + J58), 2) -> 835.17 | L58: =TRUNC(G58 * K58, 2) -> 8376.75
B59: 6.2.9 | C59: 45435 | D59: AGETOP RODOVIARIA | E59: REATERRO DE VALAS C/ COMPACTAÇÃO VIBRATÓRIA | F59: m³ | G59: 180.62 | H59: 14.67 | I59: =TRUNC(G59 * H59, 2) -> 2649.69 | J59: =+$L$4 -> 0.3365 | K59: =TRUNC(H59 * (1 + J59), 2) -> 19.6 | L59: =TRUNC(G59 * K59, 2) -> 3540.15
B60: 6.2.10 | C60: 45605 | D60: AGETOP RODOVIARIA | E60: CARGA DE MATERIAL DE GALERIAS | F60: m³ | G60: 57.64 | H60: 9.76 | I60: =TRUNC(G60 * H60, 2) -> 562.56 | J60: =+$L$4 -> 0.3365 | K60: =TRUNC(H60 * (1 + J60), 2) -> 13.04 | L60: =TRUNC(G60 * K60, 2) -> 751.62
B61: 6.2.11 | C61: 041006 | D61: AGETOP CIVIL | E61: TRANSPORTE DE MATERIAL ESCAVADO M3.KM | F61: m3km | G61: 37.47 | H61: 2.73 | I61: =TRUNC(G61 * H61, 2) -> 102.29 | J61: =+$L$4 -> 0.3365 | K61: =TRUNC(H61 * (1 + J61), 2) -> 3.64 | L61: =TRUNC(G61 * K61, 2) -> 136.39
B62: 6.2.12 | C62: 40145 | D62: AGETOP RODOVIARIA | E62: ESPALHAMENTO DE MATERIAL EM BOTA-FORA | F62: m³ | G62: 57.64 | H62: 1.96 | I62: =TRUNC(G62 * H62, 2) -> 112.97 | J62: =+$L$4 -> 0.3365 | K62: =TRUNC(H62 * (1 + J62), 2) -> 2.61 | L62: =TRUNC(G62 * K62, 2) -> 150.44
B63: 7 | E63: ENSAIO DE PROVA DE CARGA | I63: =SUBTOTAL(9,I64:I71) -> 104790.35 | L63: =SUBTOTAL(9,L64:L71) -> 140050.88
B64: 7.1 | C64: 45266 | D64: AGETOP RODOVIARIA | E64: ESTACA RAIZ PERFURADA NO SOLO - D = 40 cm | F64: m | G64: 22.8 | H64: 260.67 | I64: =TRUNC(G64 * H64, 2) -> 5943.27 | J64: =+$L$4 -> 0.3365 | K64: =TRUNC(H64 * (1 + J64), 2) -> 348.38 | L64: =TRUNC(G64 * K64, 2) -> 7943.06
B65: 7.2 | C65: 45276 | D65: AGETOP RODOVIARIA | E65: ESTACA RAIZ PERFURADA NA ROCHA - D = 40 cm | F65: m | G65: 24 | H65: 2160.13 | I65: =TRUNC(G65 * H65, 2) -> 51843.12 | J65: =+$L$4 -> 0.3365 | K65: =TRUNC(H65 * (1 + J65), 2) -> 2887.01 | L65: =TRUNC(G65 * K65, 2) -> 69288.24
B66: 7.3 | C66: 45155 | D66: AGETOP RODOVIARIA | E66: AÇO CA50/60 AQUISIÇÃO, ARMAÇÃO E COLOCAÇÃO (INCLUSO PERDAS) | F66: Kg | G66: 1115.42 | H66: 11.92 | I66: =TRUNC(G66 * H66, 2) -> 13295.8 | J66: =+$L$4 -> 0.3365 | K66: =TRUNC(H66 * (1 + J66), 2) -> 15.93 | L66: =TRUNC(G66 * K66, 2) -> 17768.64
B67: 7.4 | C67: 98749 | D67: SINAPI | E67: SOLDA DE TOPO EM CHAPA/PERFIL/TUBO DE AÇO CHANFRADO, ESPESSURA=5/16'. (Adaptado conforme Decreto Estadual 9900/2021) | F67: M | G67: 11.2 | H67: 63.72 | I67: =TRUNC(G67 * H67, 2) -> 713.66 | J67: =+$L$4 -> 0.3365 | K67: =TRUNC(H67 * (1 + J67), 2) -> 85.16 | L67: =TRUNC(G67 * K67, 2) -> 953.79
B68: 7.5 | C68: 45150 | D68: AGETOP RODOVIARIA | E68: FORMA CHAPA COMPENSADA PLASTIFICADA 17 mm - UTILIZAÇÃO 3X (CONFECÇÃO, INSTALAÇÃO E RETIRADA) | F68: m² | G68: 2.1 | H68: 94.17 | I68: =TRUNC(G68 * H68, 2) -> 197.75 | J68: =+$L$4 -> 0.3365 | K68: =TRUNC(H68 * (1 + J68), 2) -> 125.85 | L68: =TRUNC(G68 * K68, 2) -> 264.28
B69: 7.6 | C69: 45156 | D69: AGETOP RODOVIARIA | E69: CONCRETO USINADO BOMBEÁVEL FCK=35 MPA | F69: m³ | G69: 0.39 | H69: 712.87 | I69: =TRUNC(G69 * H69, 2) -> 278.01 | J69: =+$L$4 -> 0.3365 | K69: =TRUNC(H69 * (1 + J69), 2) -> 952.75 | L69: =TRUNC(G69 * K69, 2) -> 371.57
B70: 7.7 | C70: 45054 | D70: AGETOP RODOVIARIA | E70: CONCRETO USINADO BOMBEÁVEL FCK=15 MPA | F70: m³ | G70: 0.03 | H70: 624.9 | I70: =TRUNC(G70 * H70, 2) -> 18.74 | J70: =+$L$4 -> 0.3365 | K70: =TRUNC(H70 * (1 + J70), 2) -> 835.17 | L70: =TRUNC(G70 * K70, 2) -> 25.05
B71: 7.10 | C71: 00002 | D71: Próprio | E71: PROVA DE CARGA ESTATICA EM ESTACA RAIZ, COM CARGA DE ATE 300TF, INCL. MOBILIZAÇAO E DESMOBILIZAÇAO | F71: UN | G71: 1 | H71: 32500 | I71: =TRUNC(G71 * H71, 2) -> 32500 | J71: =+$L$4 -> 0.3365 | K71: =TRUNC(H71 * (1 + J71), 2) -> 43436.25 | L71: =TRUNC(G71 * K71, 2) -> 43436.25
B72: 8 | E72: ESCORAMENTO | I72: =SUBTOTAL(9,I73:I73) -> 1143193.8 | L72: =SUBTOTAL(9,L73:L73) -> 1527861.3
B73: 8.1 | C73: 45135 | D73: AGETOP RODOVIARIA | E73: ESCORAMENTO PARA PONTE | F73: m³ | G73: 12009.6 | H73: 95.19 | I73: =TRUNC(G73 * H73, 2) -> 1143193.8 | J73: =+$L$4 -> 0.3365 | K73: =TRUNC(H73 * (1 + J73), 2) -> 127.22 | L73: =TRUNC(G73 * K73, 2) -> 1527861.3
B74: 9 | E74: MESO-ESTRUTURA | I74: =SUBTOTAL(9,I75:I86) -> 280486.37 | L74: =SUBTOTAL(9,L75:L86) -> 374851.18
B75: 9.1 | E75: PILARES | I75: =SUBTOTAL(9,I76:I78) -> 220530.48 | L75: =SUBTOTAL(9,L76:L78) -> 294724.74
B76: 9.1.1 | C76: 45038 | D76: AGETOP RODOVIARIA | E76: FORMA CHAPA COMPENSADA PLASTIFICADA 17 mm - UTILIZAÇÃO 1X (CONFECÇÃO, INSTALAÇÃO E RETIRADA) | F76: m² | G76: 200.48 | H76: 185.49 | I76: =TRUNC(G76 * H76, 2) -> 37187.03 | J76: =+$L$4 -> 0.3365 | K76: =TRUNC(H76 * (1 + J76), 2) -> 247.9 | L76: =TRUNC(G76 * K76, 2) -> 49698.99
B77: 9.1.2 | C77: 45155 | D77: AGETOP RODOVIARIA | E77: AÇO CA50/60 AQUISIÇÃO, ARMAÇÃO E COLOCAÇÃO (INCLUSO PERDAS) | F77: Kg | G77: 11783.92 | H77: 11.92 | I77: =TRUNC(G77 * H77, 2) -> 140464.32 | J77: =+$L$4 -> 0.3365 | K77: =TRUNC(H77 * (1 + J77), 2) -> 15.93 | L77: =TRUNC(G77 * K77, 2) -> 187717.84
B78: 9.1.3 | C78: 45156 | D78: AGETOP RODOVIARIA | E78: CONCRETO USINADO BOMBEÁVEL FCK=35 MPA | F78: m³ | G78: 60.15 | H78: 712.87 | I78: =TRUNC(G78 * H78, 2) -> 42879.13 | J78: =+$L$4 -> 0.3365 | K78: =TRUNC(H78 * (1 + J78), 2) -> 952.75 | L78: =TRUNC(G78 * K78, 2) -> 57307.91
B79: 9.2 | E79: VIGA DE LIGAÇÃO DOS PILARES | I79: =SUBTOTAL(9,I80:I82) -> 37008.9 | L79: =SUBTOTAL(9,L80:L82) -> 49459.65
B80: 9.2.1 | C80: 45150 | D80: AGETOP RODOVIARIA | E80: FORMA CHAPA COMPENSADA PLASTIFICADA 17 mm - UTILIZAÇÃO 3X (CONFECÇÃO, INSTALAÇÃO E RETIRADA) | F80: m² | G80: 45.24 | H80: 94.17 | I80: =TRUNC(G80 * H80, 2) -> 4260.25 | J80: =+$L$4 -> 0.3365 | K80: =TRUNC(H80 * (1 + J80), 2) -> 125.85 | L80: =TRUNC(G80 * K80, 2) -> 5693.45
B81: 9.2.2 | C81: 45155 | D81: AGETOP RODOVIARIA | E81: AÇO CA50/60 AQUISIÇÃO, ARMAÇÃO E COLOCAÇÃO (INCLUSO PERDAS) | F81: Kg | G81: 2187.6 | H81: 11.92 | I81: =TRUNC(G81 * H81, 2) -> 26076.19 | J81: =+$L$4 -> 0.3365 | K81: =TRUNC(H81 * (1 + J81), 2) -> 15.93 | L81: =TRUNC(G81 * K81, 2) -> 34848.46
B82: 9.2.3 | C82: 45156 | D82: AGETOP RODOVIARIA | E82: CONCRETO USINADO BOMBEÁVEL FCK=35 MPA | F82: m³ | G82: 9.36 | H82: 712.87 | I82: =TRUNC(G82 * H82, 2) -> 6672.46 | J82: =+$L$4 -> 0.3365 | K82: =TRUNC(H82 * (1 + J82), 2) -> 952.75 | L82: =TRUNC(G82 * K82, 2) -> 8917.74
B83: 9.3 | E83: VIGA DE RIGIDEZ | I83: =SUBTOTAL(9,I84:I86) -> 22946.99 | L83: =SUBTOTAL(9,L84:L86) -> 30666.79
B84: 9.3.1 | C84: 45150 | D84: AGETOP RODOVIARIA | E84: FORMA CHAPA COMPENSADA PLASTIFICADA 17 mm - UTILIZAÇÃO 3X (CONFECÇÃO, INSTALAÇÃO E RETIRADA) | F84: m² | G84: 19.2 | H84: 94.17 | I84: =TRUNC(G84 * H84, 2) -> 1808.06 | J84: =+$L$4 -> 0.3365 | K84: =TRUNC(H84 * (1 + J84), 2) -> 125.85 | L84: =TRUNC(G84 * K84, 2) -> 2416.32
B85: 9.3.2 | C85: 45155 | D85: AGETOP RODOVIARIA | E85: AÇO CA50/60 AQUISIÇÃO, ARMAÇÃO E COLOCAÇÃO (INCLUSO PERDAS) | F85: Kg | G85: 1576.95 | H85: 11.92 | I85: =TRUNC(G85 * H85, 2) -> 18797.24 | J85: =+$L$4 -> 0.3365 | K85: =TRUNC(H85 * (1 + J85), 2) -> 15.93 | L85: =TRUNC(G85 * K85, 2) -> 25120.81
B86: 9.3.3 | C86: 45152 | D86: AGETOP RODOVIARIA | E86: CONCRETO USINADO BOMBEÁVEL FCK=20 MPA | F86: m³ | G86: 3.6 | H86: 650.47 | I86: =TRUNC(G86 * H86, 2) -> 2341.69 | J86: =+$L$4 -> 0.3365 | K86: =TRUNC(H86 * (1 + J86), 2) -> 869.35 | L86: =TRUNC(G86 * K86, 2) -> 3129.66
B87: 10 | E87: SUPER-ESTRUTURA | I87: =SUBTOTAL(9,I88:I111) -> 2364948.8 | L87: =SUBTOTAL(9,L88:L111) -> 3160583.7
B88: 10.1 | E88: LONGARINA - VIGA PRINCIPAL | I88: =SUBTOTAL(9,I89:I91) -> 1176915.9 | L88: =SUBTOTAL(9,L89:L91) -> 1572856.7
B89: 10.1.1 | C89: 45150 | D89: AGETOP RODOVIARIA | E89: FORMA CHAPA COMPENSADA PLASTIFICADA 17 mm - UTILIZAÇÃO 3X (CONFECÇÃO, INSTALAÇÃO E RETIRADA) | F89: m² | G89: 760.74 | H89: 94.17 | I89: =TRUNC(G89 * H89, 2) -> 71638.88 | J89: =+$L$4 -> 0.3365 | K89: =TRUNC(H89 * (1 + J89), 2) -> 125.85 | L89: =TRUNC(G89 * K89, 2) -> 95739.12
B90: 10.1.2 | C90: 45155 | D90: AGETOP RODOVIARIA | E90: AÇO CA50/60 AQUISIÇÃO, ARMAÇÃO E COLOCAÇÃO (INCLUSO PERDAS) | F90: Kg | G90: 78766.21 | H90: 11.92 | I90: =TRUNC(G90 * H90, 2) -> 938893.22 | J90: =+$L$4 -> 0.3365 | K90: =TRUNC(H90 * (1 + J90), 2) -> 15.93 | L90: =TRUNC(G90 * K90, 2) -> 1254745.7
B91: 10.1.3 | C91: 45156 | D91: AGETOP RODOVIARIA | E91: CONCRETO USINADO BOMBEÁVEL FCK=35 MPA | F91: m³ | G91: 233.4 | H91: 712.87 | I91: =TRUNC(G91 * H91, 2) -> 166383.85 | J91: =+$L$4 -> 0.3365 | K91: =TRUNC(H91 * (1 + J91), 2) -> 952.75 | L91: =TRUNC(G91 * K91, 2) -> 222371.85
B92: 10.2 | E92: TRANSVERSINAS | I92: =SUBTOTAL(9,I93:I95) -> 40549.21 | L92: =SUBTOTAL(9,L93:L95) -> 54191.41
B93: 10.2.1 | C93: 45150 | D93: AGETOP RODOVIARIA | E93: FORMA CHAPA COMPENSADA PLASTIFICADA 17 mm - UTILIZAÇÃO 3X (CONFECÇÃO, INSTALAÇÃO E RETIRADA) | F93: m² | G93: 165.9 | H93: 94.17 | I93: =TRUNC(G93 * H93, 2) -> 15622.8 | J93: =+$L$4 -> 0.3365 | K93: =TRUNC(H93 * (1 + J93), 2) -> 125.85 | L93: =TRUNC(G93 * K93, 2) -> 20878.51
B94: 10.2.2 | C94: 45156 | D94: AGETOP RODOVIARIA | E94: CONCRETO USINADO BOMBEÁVEL FCK=35 MPA | F94: m³ | G94: 15.64 | H94: 712.87 | I94: =TRUNC(G94 * H94, 2) -> 11149.28 | J94: =+$L$4 -> 0.3365 | K94: =TRUNC(H94 * (1 + J94), 2) -> 952.75 | L94: =TRUNC(G94 * K94, 2) -> 14901.01
B95: 10.2.3 | C95: 45155 | D95: AGETOP RODOVIARIA | E95: AÇO CA50/60 AQUISIÇÃO, ARMAÇÃO E COLOCAÇÃO (INCLUSO PERDAS) | F95: Kg | G95: 1155.8 | H95: 11.92 | I95: =TRUNC(G95 * H95, 2) -> 13777.13 | J95: =+$L$4 -> 0.3365 | K95: =TRUNC(H95 * (1 + J95), 2) -> 15.93 | L95: =TRUNC(G95 * K95, 2) -> 18411.89
B96: 10.3 | E96: LAJE TABULEIRO | I96: =SUBTOTAL(9,I97:I99) -> 845763.45 | L96: =SUBTOTAL(9,L97:L99) -> 1130303.4
B97: 10.3.1 | C97: 45150 | D97: AGETOP RODOVIARIA | E97: FORMA CHAPA COMPENSADA PLASTIFICADA 17 mm - UTILIZAÇÃO 3X (CONFECÇÃO, INSTALAÇÃO E RETIRADA) | F97: m² | G97: 920.8 | H97: 94.17 | I97: =TRUNC(G97 * H97, 2) -> 86711.73 | J97: =+$L$4 -> 0.3365 | K97: =TRUNC(H97 * (1 + J97), 2) -> 125.85 | L97: =TRUNC(G97 * K97, 2) -> 115882.68
B98: 10.3.2 | C98: 45155 | D98: AGETOP RODOVIARIA | E98: AÇO CA50/60 AQUISIÇÃO, ARMAÇÃO E COLOCAÇÃO (INCLUSO PERDAS) | F98: Kg | G98: 47890.44 | H98: 11.92 | I98: =TRUNC(G98 * H98, 2) -> 570854.04 | J98: =+$L$4 -> 0.3365 | K98: =TRUNC(H98 * (1 + J98), 2) -> 15.93 | L98: =TRUNC(G98 * K98, 2) -> 762894.7
B99: 10.3.3 | C99: 45156 | D99: AGETOP RODOVIARIA | E99: CONCRETO USINADO BOMBEÁVEL FCK=35 MPA | F99: m³ | G99: 264 | H99: 712.87 | I99: =TRUNC(G99 * H99, 2) -> 188197.68 | J99: =+$L$4 -> 0.3365 | K99: =TRUNC(H99 * (1 + J99), 2) -> 952.75 | L99: =TRUNC(G99 * K99, 2) -> 251526
B100: 10.4 | E100: GUARDA RODAS | I100: =SUBTOTAL(9,I101:I103) -> 90105.74 | L100: =SUBTOTAL(9,L101:L103) -> 120420.49
B101: 10.4.1 | C101: 45150 | D101: AGETOP RODOVIARIA | E101: FORMA CHAPA COMPENSADA PLASTIFICADA 17 mm - UTILIZAÇÃO 3X (CONFECÇÃO, INSTALAÇÃO E RETIRADA) | F101: m² | G101: 283.2 | H101: 94.17 | I101: =TRUNC(G101 * H101, 2) -> 26668.94 | J101: =+$L$4 -> 0.3365 | K101: =TRUNC(H101 * (1 + J101), 2) -> 125.85 | L101: =TRUNC(G101 * K101, 2) -> 35640.72
B102: 10.4.2 | C102: 45155 | D102: AGETOP RODOVIARIA | E102: AÇO CA50/60 AQUISIÇÃO, ARMAÇÃO E COLOCAÇÃO (INCLUSO PERDAS) | F102: Kg | G102: 3120.42 | H102: 11.92 | I102: =TRUNC(G102 * H102, 2) -> 37195.4 | J102: =+$L$4 -> 0.3365 | K102: =TRUNC(H102 * (1 + J102), 2) -> 15.93 | L102: =TRUNC(G102 * K102, 2) -> 49708.29
B103: 10.4.3 | C103: 45154 | D103: AGETOP RODOVIARIA | E103: CONCRETO USINADO BOMBEÁVEL FCK=30 MPA | F103: m³ | G103: 38.4 | H103: 683.37 | I103: =TRUNC(G103 * H103, 2) -> 26241.4 | J103: =+$L$4 -> 0.3365 | K103: =TRUNC(H103 * (1 + J103), 2) -> 913.32 | L103: =TRUNC(G103 * K103, 2) -> 35071.48
B104: 10.5 | E104: ELEMENTOS DA CABECEIRA | I104: =SUBTOTAL(9,I105:I108) -> 138675.15 | L104: =SUBTOTAL(9,L105:L108) -> 185329.57
B105: 10.5.1 | C105: 45150 | D105: AGETOP RODOVIARIA | E105: FORMA CHAPA COMPENSADA PLASTIFICADA 17 mm - UTILIZAÇÃO 3X (CONFECÇÃO, INSTALAÇÃO E RETIRADA) | F105: m² | G105: 173.77 | H105: 94.17 | I105: =TRUNC(G105 * H105, 2) -> 16363.92 | J105: =+$L$4 -> 0.3365 | K105: =TRUNC(H105 * (1 + J105), 2) -> 125.85 | L105: =TRUNC(G105 * K105, 2) -> 21868.95
...

Sheet BDI NORMAL (CD)
B1: BONIFICAÇÃO DE DESPESAS INDIRETAS BDI - NORMAL COM DESONERAÇÃO
B4: OBJETO: | C4: ='DADOS DA OBRA'!$B$13 -> Construção de ponte de concreto sobre o Rio do Peixe, na GO-479, demolição de ponte existente, transporte e destinação do entulho da demolição | N4: DATA: | O4: ='DADOS DA OBRA'!N22 -> 45681
B5: LOCAL: | C5: =+""&'DADOS DA OBRA'!$B$16&", "&'DADOS DA OBRA'!$B$19&", "&'DADOS DA OBRA'!$J$19&", "&'DADOS DA OBRA'!$P$19 -> GO-479, Zona Rural, Distrito de Lagolândia, Pirenópolis, GO | N5: REVISÃO: | O5: ='DADOS DA OBRA'!N25 -> 00
B7: Município da Obra | E7: PIRENÓPOLIS - GO
B8: Base de cálculo ISS do município | E8: 1 | F8: ISS: | G8: 0.03
C10: Descrição | F10: Valor percentual adotado
I11: O valores do BDI acima foram calculados com emprego da equação a seguir:
C12: (AC) - Administração Central | F12: 6
C13: (S) + (G) - Seguro e Garantia | F13: 0.74
C14: (R) - Risco | F14: 0.97
C15: (DF) - Despesas Financeiras | F15: 1.61
C16: (L) - Lucro | F16: 8.5
C17: (I1) - PIS | F17: 0.65
C18: (I2) - COFINS | F18: 3 | I18: *Fonte da composição, valores de referência e fórmula do BDI: Acórdão 2622/2013-TCU-Plenário
C19: (I3) - ISS | F19: 3 | I19: Onde:
C20: (I4) - Contribuição Previdenciária (CPRB) | F20: 4.5 | I20: AC - taxa de rateio da Administração Central
C21: BDI Adotado | F21: =ROUNDUP((((((1+F12/100+F13/100+F14/100)*(1+F15/100)*(1+F16/100))/(1-(F17/100+F18/100+F19/100+F20/100)))-1)*100), 2) -> 33.65 | I21: DF - taxa das despesas financeiras
I22: R, S, G - taxa de risco, seguro e garantia do empreendimento
I23: I - taxa de tributos (onerado: I = COFINS+PIS+ISS / desonerado: I = COFINS+PIS+ISS+CPRB)
B24: (1) Porcentuais definidos pelo TAG TCE / GOINFRA | I24: L - taxa de lucro
B25: (2) Aliquota definida por lei (lucro presumido)
B26: (3) Aliquota definida pela lei 13.161/15 (CPRB-contribuição previdenciária sobre a receita bruta).

Sheet CAPA - MEMORIAL DE CÁLCULO
C9: MEMORIAL DE CÁLCULO E LEVANTAMENTOS

Sheet ADMINISTRAÇÃO LOCAL (SD)
A1: MEMORIAL DE CÁLCULO
B4: OBJETO: | C4: ='DADOS DA OBRA'!B13 -> Construção de ponte de concreto sobre o Rio do Peixe, na GO-479, demolição de ponte existente, transporte e destinação do entulho da demolição | J4: DATA: | K4: ='CAPA - ORÇAMENTO'!$D$17 -> 45681
B5: LOCAL: | C5: ='CAPA - ORÇAMENTO'!D16 -> GO-479, Zona Rural, Distrito de Lagolândia, Pirenópolis, GO | J5: REVISÃO: | K5: ='DADOS DA OBRA'!$N$25 -> 00
B6: SERVIÇOS: | C6: ADMINISTRAÇÃO LOCAL - SEM DESONERAÇÃO
D8: ADMINISTRAÇÃO - 10 MESES
D9: DESCRIÇÃO | E9: UNIDADE | F9: CUSTO UNITÁRIO | G9: FAIXA F (INTERVENÇOES PONTUAIS)
G10: QUANTIDADE | H10: CUSTO TOTAL
D11: DIVISÃO DE ENGENHARIA
D12: Coordenador / Gestor de Contrato (Eng. Sênior) | E12: mês | F12: 30312.54 | G12: 0 | H12: =G12*F12 -> 0
D13: Gestor do Contrato (Eng. Pleno ) | E13: mês | F13: 23299.65 | G13: 0 | H13: =G13*F13 -> 0
D14: Engenheiro de Produção / Civil (Eng. Júnior) | E14: mês | F14: 20904.54 | G14: 10 | H14: =G14*F14 -> 209045.4
D15: Sala Técnica (Técnico Estradas) | E15: mês | F15: 5085.3 | G15: 0 | H15: =G15*F15 -> 0
D16: Encarregado de Topografia / Topógrafo Chefe | E16: mês | F16: 7518.74 | G16: 0 | H16: =G16*F16 -> 0
D17: Topógrafo | E17: mês | F17: 6001.19 | G17: 2 | H17: =G17*F17 -> 12002.38
D18: Auxiliar de Topografia | E18: mês | F18: 2487.08 | G18: 4 | H18: =G18*F18 -> 9948.32
D19: Laboratorista de Solos | E19: mês | F19: 6001.19 | G19: 0 | H19: =G19*F19 -> 0
D20: Laboratorista de Betumes | E20: mês | F20: 6001.19 | G20: 0 | H20: =G20*F20 -> 0
D21: Laboratorista de Concretos | E21: mês | F21: 6001.19 | G21: 0 | H21: =G21*F21 -> 0
D22: Auxiliar de Laboratorista | E22: mês | F22: 2487.08 | G22: 0 | H22: =G22*F22 -> 0
D23: DIVISÃO DE SEGURANÇA E MEDICINA DO TRABALHO
D24: Engenheiro de Segurança do Trabalho | E24: mês | F24: 23299.65 | G24: 0 | H24: =G24*F24 -> 0
D25: Médico de Segurança do Trabalho | E25: mês | F25: 16993.51 | G25: 0 | H25: =G25*F25 -> 0
D26: Técnico de Segurança do Trabalho | E26: mês | F26: 5457.02 | G26: 20 | H26: =G26*F26 -> 109140.4
D27: DIVISÃO DE PRODUÇÃO
D28: Encarregado Geral | E28: mês | F28: 7518.74 | G28: 10 | H28: =G28*F28 -> 75187.4
D29: Motorista | E29: mês | F29: 3483.45 | G29: 6 | H29: =G29*F29 -> 20900.7
D30: DIVISÃO ADMINISTRATIVA
D31: Encarregado Administrativo | E31: mês | F31: 4326.53 | G31: 0 | H31: =G31*F31 -> 0
D32: Auxiliar Administrativo | E32: mês | F32: 2943.11 | G32: 0 | H32: =G32*F32 -> 0
D33: Almoxarife / Apontador / Comprador | E33: mês | F33: 6254.12 | G33: 9 | H33: =G33*F33 -> 56287.08
D34: Recepcionista / Telefonista | E34: mês | F34: 2943.11 | G34: 0 | H34: =G34*F34 -> 0
D35: Vigia | E35: mês | F35: 2552.23 | G35: 20 | H35: =G35*F35 -> 51044.6
D36: MANUTENÇÃO DO CANTEIRO
D37: Material de Expediente / Cópias / Impressões | E37: mês | F37: 200 | G37: 10 | H37: =G37*F37 -> 2000
D38: Medicamentos | E38: mês | F38: 50 | G38: 10 | H38: =G38*F38 -> 500
D39: VEÍCULOS DA ADMINISTRAÇÃO
D40: Veículos Leves (incluso combustível) | E40: mês | F40: 3209.96 | G40: 6 | H40: =G40*F40 -> 19259.76
D41: EQUIPAMENTOS INDIRETOS
D42: Equipamentos de Laboratório de Solos | E42: mês | F42: 3594.35 | G42: 0 | H42: =G42*F42 -> 0
D43: Equipamentos de Laboratório de Asfalto | E43: mês | F43: 5426.64 | G43: 0 | H43: =G43*F43 -> 0
D44: Equipamentos de Laboratório de Concreto | E44: mês | F44: 4532.63 | G44: 0 | H44: =G44*F44 -> 0
D45: Instrumental de Topografia | E45: mês | F45: 4043.41 | G45: 1 | H45: =G45*F45 -> 4043.41
D46: Caminhão Munck | E46: mês | F46: 36925.02 | G46: 0 | H46: =G46*F46 -> 0
D47: Caminhão prancha | E47: mês | F47: 38470.74 | G47: 0 | H47: =G47*F47 -> 0
D48: SERVIÇOS TÉCNICOS
D49: PCMSO (NR-7) | E49: unidade | F49: 375 | G49: 1 | H49: =G49*F49 -> 375
D50: PGR (NR-18) | E50: unidade | F50: 3166.67 | G50: 1 | H50: =G50*F50 -> 3166.67
D51: Exames Admissionais/Demissionais | E51: unidade | F51: 31 | G51: 110 | H51: =G51*F51 -> 3410
D52: Anotação de Responsabilidade Técnica | E52: unidade | F52: 262.55 | G52: 3 | H52: =G52*F52 -> 787.65
D53: Ensaios Tecnológicos | E53: unidade | F53: 186.69 | G53: 60 | H53: =G53*F53 -> 11201.4
D54: CUSTO TOTAL | G54: =SUM(H12:H53) -> 588300.17
D55: Verificação do atendimento ao Acórdão TCU 2622/2013, que rege o percentual de administração local
D56: CONSTRUÇÃO DE RODOVIAS E FERROVIAS
D58: 1° Quartil | E58: 2° Quartil | F58: 3° Quartil | G58: Resultado Orçamento
D59: 0.0198 | E59: 0.0699 | F59: 0.1068 | G59: =+G54/'ORÇAMENTO RESUMO (SD)'!J22 -> 0.066323026

Sheet ADMINISTRAÇÃO LOCAL (CD)
A1: MEMORIAL DE CÁLCULO
B4: OBJETO: | C4: ='DADOS DA OBRA'!B13 -> Construção de ponte de concreto sobre o Rio do Peixe, na GO-479, demolição de ponte existente, transporte e destinação do entulho da demolição | J4: DATA: | K4: ='CAPA - ORÇAMENTO'!$D$17 -> 45681
B5: LOCAL: | C5: ='ADMINISTRAÇÃO LOCAL (SD)'!C5 -> GO-479, Zona Rural, Distrito de Lagolândia, Pirenópolis, GO | J5: REVISÃO: | K5: ='DADOS DA OBRA'!$N$25 -> 00
B6: SERVIÇOS: | C6: ADMINISTRAÇÃO LOCAL - COM DESONERAÇÃO
D8: ADMINISTRAÇÃO - 10 MESES
D9: DESCRIÇÃO | E9: UNIDADE | F9: CUSTO UNITÁRIO | G9: FAIXA F (INTERVENÇOES PONTUAIS)
G10: QUANTIDADE | H10: CUSTO TOTAL
D11: DIVISÃO DE ENGENHARIA
D12: Coordenador / Gestor de Contrato (Eng. Sênior) | E12: mês | F12: 26181.31 | H12: =F12*G12 -> 0
D13: Gestor do Contrato (Eng. Pleno ) | E13: mês | F13: 20124.19 | G13: 0 | H13: =G13*F13 -> 0
D14: Engenheiro de Produção / Civil (Eng. Júnior) | E14: mês | F14: 18055.5 | G14: 10 | H14: =G14*F14 -> 180555
D15: Sala Técnica (Técnico Estradas) | E15: mês | F15: 4392.24 | G15: 0 | H15: =G15*F15 -> 0
D16: Encarregado de Topografia / Topógrafo Chefe | E16: mês | F16: 6494.02 | G16: 0 | H16: =G16*F16 -> 0
D17: Topógrafo | E17: mês | F17: 5183.3 | G17: 2 | H17: =G17*F17 -> 10366.6
D18: Auxiliar de Topografia | E18: mês | F18: 2148.13 | G18: 4 | H18: =G18*F18 -> 8592.52
D19: Laboratorista de Solos | E19: mês | F19: 5183.3 | G19: 0 | H19: =G19*F19 -> 0
D20: Laboratorista de Betumes | E20: mês | F20: 5183.3 | G20: 0 | H20: =G20*F20 -> 0
D21: Laboratorista de Concretos | E21: mês | F21: 5183.3 | G21: 0 | H21: =G21*F21 -> 0
D22: Auxiliar de Laboratorista | E22: mês | F22: 2148.13 | G22: 0 | H22: =G22*F22 -> 0
D23: DIVISÃO DE SEGURANÇA E MEDICINA DO TRABALHO
D24: Engenheiro de Segurança do Trabalho | E24: mês | F24: 20124.19 | G24: 0 | H24: =G24*F24 -> 0
D25: Médico de Segurança do Trabalho | E25: mês | F25: 14677.5 | G25: 0 | H25: =G25*F25 -> 0
D26: Técnico de Segurança do Trabalho | E26: mês | F26: 4713.3 | G26: 20 | H26: =G26*F26 -> 94266
D27: DIVISÃO DE PRODUÇÃO
D28: Encarregado Geral | E28: mês | F28: 6494.02 | G28: 10 | H28: =G28*F28 -> 64940.2
D29: Motorista | E29: mês | F29: 3008.7 | G29: 6 | H29: =G29*F29 -> 18052.2
D30: DIVISÃO ADMINISTRATIVA
D31: Encarregado Administrativo | E31: mês | F31: 3736.88 | G31: 0 | H31: =G31*F31 -> 0
D32: Auxiliar Administrativo | E32: mês | F32: 2542 | G32: 0 | H32: =G32*F32 -> 0
D33: Almoxarife / Apontador / Comprador | E33: mês | F33: 5401.76 | G33: 9 | H33: =G33*F33 -> 48615.84
D34: Recepcionista / Telefonista | E34: mês | F34: 2542 | G34: 0 | H34: =G34*F34 -> 0
D35: Vigia | E35: mês | F35: 2204.39 | G35: 20 | H35: =G35*F35 -> 44087.8
D36: MANUTENÇÃO DO CANTEIRO
D37: Material de Expediente / Cópias / Impressões | E37: mês | F37: 200 | G37: 10 | H37: =G37*F37 -> 2000
D38: Medicamentos | E38: mês | F38: 50 | G38: 10 | H38: =G38*F38 -> 500
D39: VEÍCULOS DA ADMINISTRAÇÃO
D40: Veículos Leves (incluso combustível) | E40: mês | F40: 3209.96 | G40: 6 | H40: =G40*F40 -> 19259.76
D41: EQUIPAMENTOS INDIRETOS
D42: Equipamentos de Laboratório de Solos | E42: mês | F42: 3594.35 | G42: 0 | H42: =G42*F42 -> 0
D43: Equipamentos de Laboratório de Asfalto | E43: mês | F43: 5426.64 | G43: 0 | H43: =G43*F43 -> 0
D44: Equipamentos de Laboratório de Concreto | E44: mês | F44: 4532.63 | G44: 0 | H44: =G44*F44 -> 0
D45: Instrumental de Topografia | E45: mês | F45: 4043.41 | G45: 1 | H45: =G45*F45 -> 4043.41
D46: Caminhão Munck | E46: mês | F46: 35598.42 | G46: 0 | H46: =G46*F46 -> 0
D47: Caminhão prancha | E47: mês | F47: 37863.54 | G47: 0 | H47: =G47*F47 -> 0
D48: SERVIÇOS TÉCNICOS
D49: PCMSO (NR-7) | E49: unidade | F49: 375 | G49: 1 | H49: =G49*F49 -> 375
D50: PGR (NR-18) | E50: unidade | F50: 3166.67 | G50: 1 | H50: =G50*F50 -> 3166.67
D51: Exames Admissionais/Demissionais | E51: unidade | F51: 31 | G51: 110 | H51: =G51*F51 -> 3410
D52: Anotação de Responsabilidade Técnica | E52: unidade | F52: 262.55 | G52: 3 | H52: =G52*F52 -> 787.65
D53: Ensaios Tecnológicos | E53: unidade | F53: 186.69 | G53: 60 | H53: =G53*F53 -> 11201.4
D54: CUSTO TOTAL | G54: =SUM(H12:H53) -> 514220.05
D55: Verificação do atendimento ao Acórdão TCU 2622/2013, que rege o percentual de administração local
D56: CONSTRUÇÃO DE RODOVIAS E FERROVIAS
D58: 1° Quartil | E58: 2° Quartil | F58: 3° Quartil | G58: Resultado Orçamento
D59: 0.0198 | E59: 0.0699 | F59: 0.1068 | G59: =+G54/'ORÇAMENTO SINTÉTICO (CD)'!L122 -> 0.060478052

Sheet MOBILIZAÇÃO-SD
A1: MEMORIAL DE CÁLCULO
B4: OBJETO: | C4: ='ADMINISTRAÇÃO LOCAL (CD)'!C4 -> Construção de ponte de concreto sobre o Rio do Peixe, na GO-479, demolição de ponte existente, transporte e destinação do entulho da demolição | I4: DATA: | J4: ='CAPA - ORÇAMENTO'!$D$17 -> 45681
B5: LOCAL: | C5: ='ADMINISTRAÇÃO LOCAL (CD)'!C5 -> GO-479, Zona Rural, Distrito de Lagolândia, Pirenópolis, GO | I5: REVISÃO: | J5: ='DADOS DA OBRA'!$N$25 -> 00
B6: SERVIÇOS: | C6: MOBILIZAÇÃO / DESMOBILIZAÇÃO - SEM DESONERAÇÃO
B8: Mobilização / Desmobilização - SEM DESONERAÇÃO
B9: Equipamento | D9: Mobilizador | E9: FU | F9: Hora Produtiva (B) | G9: DT* | H9: Custo | I9: Quantidade | J9: Total
E10: (A) | G10: (C) | H10: (D=AxB/60) | I10: (E) | J10: (CxDxE)
B11: Autopropelidos
B12: 30050 | C12: CAMINHÃO APLICADOR DE MATERIAL TERMOPLÁSTICO | D12: 30050 | E12: 1 | F12: 512.87 | H12: 8.54 | J12: =ROUND(G12*H12*I12,2) -> 0
B13: 30037 | C13: CAMINHÃO BASCULANTE 10 M3 - 15 T | D13: 30037 | E13: 1 | F13: 305.94 | G13: 162 | H13: 5.09 | I13: 4 | J13: =ROUND(G13*H13*I13,2) -> 3298.32
B14: 30036 | C14: CAMINHÃO BASCULANTE 6 M3 - 10,5 T | D14: 30036 | E14: 1 | F14: 174.8 | G14: 162 | H14: 2.91 | I14: 3 | J14: =ROUND(G14*H14*I14,2) -> 1414.26
B15: 30035 | C15: CAMINHÃO CARROCERIA MADEIRA - 15 T | D15: 30035 | E15: 1 | F15: 258 | G15: 162 | H15: 4.3 | I15: 1 | J15: =ROUND(G15*H15*I15,2) -> 696.6
B16: 30125 | C16: CAMINHÃO COM BATE ESTACAS HIDRÁULICO PARA DEFENSA | D16: 30125 | E16: 1 | F16: 353.11 | H16: 5.88 | J16: =ROUND(G16*H16*I16,2) -> 0
B17: 30110 | C17: CAMINHÃO COM DOLLY - 57 t | D17: 30110 | E17: 1 | F17: 512.25 | H17: 8.53 | J17: =ROUND(G17*H17*I17,2) -> 0
B18: 30120 | C18: CAMINHÃO DISTRIBUIDOR DE CIMENTO | D18: 30120 | E18: 1 | F18: 428.12 | H18: 7.13 | J18: =ROUND(G18*H18*I18,2) -> 0
B19: 31062 | C19: CAMINHÃO MUNCK (GUINDAUTO) | D19: 31062 | E19: 1 | F19: 303.41 | H19: 5.05 | J19: =ROUND(G19*H19*I19,2) -> 0
B20: 30053 | C20: CAMINHÃO PARA HIDROSSEMEADURA | D20: 30053 | E20: 1 | F20: 328.46 | H20: 5.47 | J20: =ROUND(G20*H20*I20,2) -> 0
B21: 30049 | C21: CAMINHÃO PARA PINTURA A FRIO COM DEMARCADOR DE FAIXAS | D21: 30049 | E21: 1 | F21: 351.72 | H21: 5.86 | J21: =ROUND(G21*H21*I21,2) -> 0
B22: 30040 | C22: CAMINHÃO TANQUE 10.000L | D22: 30040 | E22: 1 | F22: 325.47 | G22: 162 | H22: 5.42 | I22: 1 | J22: =ROUND(G22*H22*I22,2) -> 878.04
B23: 30039 | C23: CAMINHÃO TANQUE 6.000L | D23: 30039 | E23: 1 | F23: 250.02 | G23: 162 | H23: 4.16 | I23: 1 | J23: =ROUND(G23*H23*I23,2) -> 673.92
B24: 30021 | C24: CAMINHÃO TANQUE DISTRIBUIDOR DE ASFALTO | D24: 30021 | E24: 1 | F24: 270.76 | H24: 4.51 | J24: =ROUND(G24*H24*I24,2) -> 0
B25: 30030 | C25: USINA MÓVEL PARA MICRO REVESTIMENTO | D25: 30030 | E25: 1 | F25: 755.79 | H25: 12.59 | J25: =ROUND(G25*H25*I25,2) -> 0
B26: Rebocados | J26: =ROUND(G26*H26*I26,2) -> 0
B27: 30010 | C27: CARREGADEIRA DE PNEUS CAT - 924 H OU EQUIVALENTE | D27: 30105 | E27: 0.5 | F27: 365.89 | H27: 3.04 | J27: =ROUND(G27*H27*I27,2) -> 0
B28: 30007 | C28: CARREGADEIRA DE PNEUS CAT - 950 H OU EQUIVALENTE | D28: 30105 | E28: 0.5 | F28: 365.89 | G28: 162 | H28: 3.04 | I28: 1 | J28: =ROUND(G28*H28*I28,2) -> 492.48
B29: 30011 | C29: ESCAVADEIRA HIDRÁULICA - 320DL OU EQUIVALENTE | D29: 30105 | E29: 1 | F29: 365.89 | G29: 162 | H29: 6.09 | I29: 1 | J29: =ROUND(G29*H29*I29,2) -> 986.58
B30: 30057 | C30: ESCAVADEIRA HIDRÁULICA - CAT 323DL OU EQUIVALENTE | D30: 30105 | E30: 1 | F30: 365.89 | H30: 6.09 | J30: =ROUND(G30*H30*I30,2) -> 0
B31: 30019 | C31: FRESADORA A FRIO - W 200 F OU EQUIVALENTE | D31: 30105 | E31: 1 | F31: 365.89 | H31: 6.09 | J31: =ROUND(G31*H31*I31,2) -> 0
B32: 30158 | C32: MINI-CARREGADEIRA DE PNEUS COM FRESADORA | D32: 30105 | E32: 0.33 | F32: 365.89 | H32: 2.01 | J32: =ROUND(G32*H32*I32,2) -> 0
B33: 30058 | C33: MINI-CARREGADEIRA DE PNEUS COM VASSOURA DE 1,8 m | D33: 30105 | E33: 0.33 | F33: 365.89 | H33: 2.01 | J33: =ROUND(G33*H33*I33,2) -> 0
B34: 30046 | C34: MOTONIVELADORA - CAT 120K OU EQUIVALENTE | D34: 30105 | E34: 1 | F34: 365.89 | G34: 162 | H34: 6.09 | I34: 1 | J34: =ROUND(G34*H34*I34,2) -> 986.58
B35: 30170 | C35: PERFURATRIZ HIDRÁULICA SOBRE ESTEIRAS PARA ESTACA RAIZ | D35: 30105 | E35: 1 | F35: 365.89 | G35: 162 | H35: 6.09 | I35: 1 | J35: =ROUND(G35*H35*I35,2) -> 986.58
B36: 30029 | C36: PERFURATRIZ SOBRE ESTEIRAS - CRAWLER DRILL OU EQUIVALENTE | D36: 30105 | E36: 0.5 | F36: 365.89 | H36: 3.04 | J36: =ROUND(G36*H36*I36,2) -> 0
B37: 30101 | C37: RECICLADORA DE PAVIMENTO À FRIO - CATERPILLAR RM-500 OU EQUIVALENTE | D37: 30105 | E37: 1 | F37: 365.89 | H37: 6.09 | J37: =ROUND(G37*H37*I37,2) -> 0
B38: 30008 | C38: RETRO ESCAVADEIRA DE PNEUS - CATERPILLAR 416E OU EQUIVALENTE | D38: 30105 | E38: 0.5 | F38: 365.89 | G38: 162 | H38: 3.04 | I38: 1 | J38: =ROUND(G38*H38*I38,2) -> 492.48
B39: 30015 | C39: ROLO COMPACTADOR DE PNEUS AUTOPROPELIDO - 27 T | D39: 30105 | E39: 0.5 | F39: 365.89 | H39: 3.04 | J39: =ROUND(G39*H39*I39,2) -> 0
B40: 30012 | C40: ROLO LISO TANDEN - 10 t | D40: 30105 | E40: 0.5 | F40: 365.89 | H40: 3.04 | J40: =ROUND(G40*H40*I40,2) -> 0
B41: 30014 | C41: ROLO LISO VIBRATÓRIO AUTOPROPELIDO - CS533 E OU EQUIVALENTE | D41: 30105 | E41: 0.5 | F41: 365.89 | H41: 3.04 | J41: =ROUND(G41*H41*I41,2) -> 0
B42: 30009 | C42: ROLO PÉ DE CARNEIRO AUTOPROPELIDO - CA 250 OU EQUIVALENTE | D42: 30105 | E42: 0.5 | F42: 365.89 | G42: 162 | H42: 3.04 | I42: 1 | J42: =ROUND(G42*H42*I42,2) -> 492.48
B43: 30020 | C43: TANQUE DE ESTOCAGEM ASFALTO (30.000L) | D43: 30105 | E43: 1 | F43: 365.89 | H43: 6.09 | J43: =ROUND(G43*H43*I43,2) -> 0
B44: 30005 | C44: TRATOR DE PNEUS AGRÍCOLA - MF 4292 OU EQUIVALENTE | D44: 30105 | E44: 0.5 | F44: 365.89 | H44: 3.04 | J44: =ROUND(G44*H44*I44,2) -> 0
B45: 30006 | C45: TRATOR DE PNEUS COM ROÇADEIRA | D45: 30105 | E45: 0.5 | F45: 365.89 | G45: 162 | H45: 3.04 | I45: 1 | J45: =ROUND(G45*H45*I45,2) -> 492.48
B46: 30001 | C46: TRATOR ESTEIRAS COM LÂMINA - CAT D8 OU EQUIVALENTE | D46: 30105 | E46: 1 | F46: 365.89 | H46: 6.09 | J46: =ROUND(G46*H46*I46,2) -> 0
B47: 30002 | C47: TRATOR ESTEIRAS COM ESCARIFICADOR - CAT D8 OU EQUIVALENTE | D47: 30105 | E47: 1 | F47: 365.89 | H47: 6.09 | J47: =ROUND(G47*H47*I47,2) -> 0
B48: 30059 | C48: TRATOR ESTEIRAS COM LAMINA - CAT D4 OU EQUIVALENTE | D48: 30105 | E48: 0.5 | F48: 365.89 | H48: 3.04 | J48: =ROUND(G48*H48*I48,2) -> 0
B49: 30000 | C49: TRATOR ESTEIRAS COM LAMINA - CAT D6 OU EQUIVALENTE | D49: 30105 | E49: 0.5 | F49: 365.89 | G49: 162 | H49: 3.04 | I49: 1 | J49: =ROUND(G49*H49*I49,2) -> 492.48
B50: 30025 | C50: USINA DE ASFALTO A QUENTE 80 t/h | D50: 30105 | E50: 3 | F50: 365.89 | H50: 18.29 | J50: =ROUND(G50*H50*I50,2) -> 0
B51: 30016 | C51: USINA MISTURADORA DE SOLO 300 t/h | D51: 30105 | E51: 2 | F51: 365.89 | H51: 12.19 | J51: =ROUND(G51*H51*I51,2) -> 0
B52: 30024 | C52: USINA PRÉ-MISTURADO A FRIO 60 t/h | D52: 30105 | E52: 1 | F52: 365.89 | H52: 6.09 | J52: =ROUND(G52*H52*I52,2) -> 0
B53: 30023 | C53: VIBROACABADORA DE ASFALTO SOBRE ESTEIRAS | D53: 30105 | E53: 0.5 | F53: 365.89 | H53: 3.04 | J53: =ROUND(G53*H53*I53,2) -> 0
I54: Sub Total de Equipamento (F) : | J54: =SUM(J12:J53) -> 12383.28
B55: Mão de Obra | G55: Percentual mobilizado (G) | H55: Custo | I55: Total de operários (I) | J55: Total
H56: (H) | J56: (GxHxI)
C57: EFETIVO PESSOAL A SER MOBILIZADO | G57: 1 | H57: 110.77 | I57: 54 | J57: =+H57*I57 -> 5981.58
B58: Sub Total de Mão de Obra (J) : | J58: =+J57 -> 5981.58
B59: Custo por Mobilização (K=F+J) : | J59: =+J54+J58 -> 18364.86
B60: BDI: | J60: 0
B61: Preço por Mobilização (M=K+L) : | J61: =+J59+J60 -> 18364.86
B62: Total Mobilização / Desmobilização (2xM) : | J62: =+J61*2 -> 36729.72
B63: *Distância do canteiro a capital mais próxima, mínimo de 50 Km.

Sheet MOBILIZAÇÃO-CD
A1: MEMORIAL DE CÁLCULO
B4: OBJETO: | C4: ='ADMINISTRAÇÃO LOCAL (CD)'!C4 -> Construção de ponte de concreto sobre o Rio do Peixe, na GO-479, demolição de ponte existente, transporte e destinação do entulho da demolição | I4: DATA: | J4: ='CAPA - ORÇAMENTO'!$D$17 -> 45681
B5: LOCAL: | C5: ='ADMINISTRAÇÃO LOCAL (CD)'!C5 -> GO-479, Zona Rural, Distrito de Lagolândia, Pirenópolis, GO | I5: REVISÃO: | J5: ='DADOS DA OBRA'!$N$25 -> 00
B6: SERVIÇOS: | C6: MOBILIZAÇÃO / DESMOBILIZAÇÃO - COM DESONERAÇÃO
B8: Mobilização / Desmobilização - COM DESONERAÇÃO
B9: Equipamento | D9: Mobilizador | E9: FU | F9: Hora Produtiva (B) | G9: DT* | H9: Custo | I9: Quantidade | J9: Total
E10: (A) | G10: (C) | H10: (D=AxB/60) | I10: (E) | J10: (CxDxE)
B11: Autopropelidos
B12: 30050 | C12: CAMINHÃO APLICADOR DE MATERIAL TERMOPLÁSTICO | D12: 30050 | E12: 1 | F12: 506.84 | H12: 8.44 | J12: =ROUND(G12*H12*I12,2) -> 0
B13: 30037 | C13: CAMINHÃO BASCULANTE 10 M3 - 15 T | D13: 30037 | E13: 1 | F13: 303.18 | G13: 162 | H13: 5.05 | I13: 4 | J13: =ROUND(G13*H13*I13,2) -> 3272.4
B14: 30036 | C14: CAMINHÃO BASCULANTE 6 M3 - 10,5 T | D14: 30036 | E14: 1 | F14: 172.04 | G14: 162 | H14: 2.86 | I14: 3 | J14: =ROUND(G14*H14*I14,2) -> 1389.96
B15: 30035 | C15: CAMINHÃO CARROCERIA MADEIRA - 15 T | D15: 30035 | E15: 1 | F15: 255.24 | G15: 162 | H15: 4.25 | I15: 1 | J15: =ROUND(G15*H15*I15,2) -> 688.5
B16: 30125 | C16: CAMINHÃO COM BATE ESTACAS HIDRÁULICO PARA DEFENSA | D16: 30125 | E16: 1 | F16: 345.09 | H16: 5.75 | J16: =ROUND(G16*H16*I16,2) -> 0
B17: 30110 | C17: CAMINHÃO COM DOLLY - 57 t | D17: 30110 | E17: 1 | F17: 508.85 | H17: 8.48 | J17: =ROUND(G17*H17*I17,2) -> 0
B18: 30120 | C18: CAMINHÃO DISTRIBUIDOR DE CIMENTO | D18: 30120 | E18: 1 | F18: 425.36 | H18: 7.08 | J18: =ROUND(G18*H18*I18,2) -> 0
B19: 31062 | C19: CAMINHÃO MUNCK (GUINDAUTO) | D19: 31062 | E19: 1 | F19: 297.38 | H19: 4.95 | J19: =ROUND(G19*H19*I19,2) -> 0
B20: 30053 | C20: CAMINHÃO PARA HIDROSSEMEADURA | D20: 30053 | E20: 1 | F20: 323.07 | H20: 5.38 | J20: =ROUND(G20*H20*I20,2) -> 0
B21: 30049 | C21: CAMINHÃO PARA PINTURA A FRIO COM DEMARCADOR DE FAIXAS | D21: 30049 | E21: 1 | F21: 345.69 | H21: 5.76 | J21: =ROUND(G21*H21*I21,2) -> 0
B22: 30040 | C22: CAMINHÃO TANQUE 10.000L | D22: 30040 | E22: 1 | F22: 322.71 | G22: 162 | H22: 5.37 | I22: 1 | J22: =ROUND(G22*H22*I22,2) -> 869.94
B23: 30039 | C23: CAMINHÃO TANQUE 6.000L | D23: 30039 | E23: 1 | F23: 247.26 | G23: 162 | H23: 4.12 | I23: 1 | J23: =ROUND(G23*H23*I23,2) -> 667.44
B24: 30021 | C24: CAMINHÃO TANQUE DISTRIBUIDOR DE ASFALTO | D24: 30021 | E24: 1 | F24: 268 | H24: 4.46 | J24: =ROUND(G24*H24*I24,2) -> 0
B25: 30030 | C25: USINA MÓVEL PARA MICRO REVESTIMENTO | D25: 30030 | E25: 1 | F25: 747.42 | H25: 12.45 | J25: =ROUND(G25*H25*I25,2) -> 0
B26: Rebocados | J26: =ROUND(G26*H26*I26,2) -> 0
B27: 30010 | C27: CARREGADEIRA DE PNEUS CAT - 924 H OU EQUIVALENTE | D27: 30105 | E27: 0.5 | F27: 363.13 | H27: 3.02 | J27: =ROUND(G27*H27*I27,2) -> 0
B28: 30007 | C28: CARREGADEIRA DE PNEUS CAT - 950 H OU EQUIVALENTE | D28: 30105 | E28: 0.5 | F28: 363.13 | G28: 162 | H28: 3.02 | I28: 1 | J28: =ROUND(G28*H28*I28,2) -> 489.24
B29: 30011 | C29: ESCAVADEIRA HIDRÁULICA - 320DL OU EQUIVALENTE | D29: 30105 | E29: 1 | F29: 363.13 | G29: 162 | H29: 6.05 | I29: 1 | J29: =ROUND(G29*H29*I29,2) -> 980.1
B30: 30057 | C30: ESCAVADEIRA HIDRÁULICA - CAT 323DL OU EQUIVALENTE | D30: 30105 | E30: 1 | F30: 363.13 | H30: 6.05 | J30: =ROUND(G30*H30*I30,2) -> 0
B31: 30019 | C31: FRESADORA A FRIO - W 200 F OU EQUIVALENTE | D31: 30105 | E31: 1 | F31: 363.13 | H31: 6.05 | J31: =ROUND(G31*H31*I31,2) -> 0
B32: 30158 | C32: MINI-CARREGADEIRA DE PNEUS COM FRESADORA | D32: 30105 | E32: 0.33 | F32: 363.13 | H32: 1.99 | J32: =ROUND(G32*H32*I32,2) -> 0
B33: 30058 | C33: MINI-CARREGADEIRA DE PNEUS COM VASSOURA DE 1,8 m | D33: 30105 | E33: 0.33 | F33: 363.13 | H33: 1.99 | J33: =ROUND(G33*H33*I33,2) -> 0
B34: 30046 | C34: MOTONIVELADORA - CAT 120K OU EQUIVALENTE | D34: 30105 | E34: 1 | F34: 363.13 | G34: 162 | H34: 6.05 | I34: 1 | J34: =ROUND(G34*H34*I34,2) -> 980.1
B35: 30170 | C35: PERFURATRIZ HIDRÁULICA SOBRE ESTEIRAS PARA ESTACA RAIZ | D35: 30105 | E35: 1 | F35: 363.13 | G35: 162 | H35: 6.05 | I35: 1 | J35: =ROUND(G35*H35*I35,2) -> 980.1
B36: 30029 | C36: PERFURATRIZ SOBRE ESTEIRAS - CRAWLER DRILL OU EQUIVALENTE | D36: 30105 | E36: 0.5 | F36: 363.13 | H36: 3.02 | J36: =ROUND(G36*H36*I36,2) -> 0
B37: 30101 | C37: RECICLADORA DE PAVIMENTO À FRIO - CATERPILLAR RM-500 OU EQUIVALENTE | D37: 30105 | E37: 1 | F37: 363.13 | H37: 6.05 | J37: =ROUND(G37*H37*I37,2) -> 0
B38: 30008 | C38: RETRO ESCAVADEIRA DE PNEUS - CATERPILLAR 416E OU EQUIVALENTE | D38: 30105 | E38: 0.5 | F38: 363.13 | G38: 162 | H38: 3.02 | I38: 1 | J38: =ROUND(G38*H38*I38,2) -> 489.24
B39: 30015 | C39: ROLO COMPACTADOR DE PNEUS AUTOPROPELIDO - 27 T | D39: 30105 | E39: 0.5 | F39: 363.13 | H39: 3.02 | J39: =ROUND(G39*H39*I39,2) -> 0
B40: 30012 | C40: ROLO LISO TANDEN - 10 t | D40: 30105 | E40: 0.5 | F40: 363.13 | H40: 3.02 | J40: =ROUND(G40*H40*I40,2) -> 0
B41: 30014 | C41: ROLO LISO VIBRATÓRIO AUTOPROPELIDO - CS533 E OU EQUIVALENTE | D41: 30105 | E41: 0.5 | F41: 363.13 | H41: 3.02 | J41: =ROUND(G41*H41*I41,2) -> 0
B42: 30009 | C42: ROLO PÉ DE CARNEIRO AUTOPROPELIDO - CA 250 OU EQUIVALENTE | D42: 30105 | E42: 0.5 | F42: 363.13 | G42: 162 | H42: 3.02 | I42: 1 | J42: =ROUND(G42*H42*I42,2) -> 489.24
B43: 30020 | C43: TANQUE DE ESTOCAGEM ASFALTO (30.000L) | D43: 30105 | E43: 1 | F43: 363.13 | H43: 6.05 | J43: =ROUND(G43*H43*I43,2) -> 0
B44: 30005 | C44: TRATOR DE PNEUS AGRÍCOLA - MF 4292 OU EQUIVALENTE | D44: 30105 | E44: 0.5 | F44: 363.13 | H44: 3.02 | J44: =ROUND(G44*H44*I44,2) -> 0
B45: 30006 | C45: TRATOR DE PNEUS COM ROÇADEIRA | D45: 30105 | E45: 0.5 | F45: 363.13 | G45: 162 | H45: 3.2 | I45: 1 | J45: =ROUND(G45*H45*I45,2) -> 518.4
B46: 30001 | C46: TRATOR ESTEIRAS COM LÂMINA - CAT D8 OU EQUIVALENTE | D46: 30105 | E46: 1 | F46: 363.13 | H46: 6.05 | J46: =ROUND(G46*H46*I46,2) -> 0
B47: 30002 | C47: TRATOR ESTEIRAS COM ESCARIFICADOR - CAT D8 OU EQUIVALENTE | D47: 30105 | E47: 1 | F47: 363.13 | H47: 6.05 | J47: =ROUND(G47*H47*I47,2) -> 0
B48: 30059 | C48: TRATOR ESTEIRAS COM LAMINA - CAT D4 OU EQUIVALENTE | D48: 30105 | E48: 0.5 | F48: 363.13 | H48: 3.02 | J48: =ROUND(G48*H48*I48,2) -> 0
B49: 30000 | C49: TRATOR ESTEIRAS COM LAMINA - CAT D6 OU EQUIVALENTE | D49: 30105 | E49: 0.5 | F49: 363.13 | G49: 162 | H49: 3.02 | I49: 1 | J49: =ROUND(G49*H49*I49,2) -> 489.24
B50: 30025 | C50: USINA DE ASFALTO A QUENTE 80 t/h | D50: 30105 | E50: 3 | F50: 363.13 | H50: 18.15 | J50: =ROUND(G50*H50*I50,2) -> 0
B51: 30016 | C51: USINA MISTURADORA DE SOLO 300 t/h | D51: 30105 | E51: 2 | F51: 363.13 | H51: 12.1 | J51: =ROUND(G51*H51*I51,2) -> 0
B52: 30024 | C52: USINA PRÉ-MISTURADO A FRIO 60 t/h | D52: 30105 | E52: 1 | F52: 363.13 | H52: 6.05 | J52: =ROUND(G52*H52*I52,2) -> 0
B53: 30023 | C53: VIBROACABADORA DE ASFALTO SOBRE ESTEIRAS | D53: 30105 | E53: 0.5 | F53: 363.13 | H53: 3.02 | J53: =ROUND(G53*H53*I53,2) -> 0
I54: Sub Total de Equipamento (F) : | J54: =SUM(J12:J53) -> 12303.9
B55: Mão de Obra | G55: Percentual mobilizado (G) | H55: Custo | I55: Total de operários (I) | J55: Total
H56: (H) | J56: (GxHxI)
C57: EFETIVO PESSOAL A SER MOBILIZADO | G57: 1 | H57: 110.77 | I57: 54 | J57: =+H57*I57 -> 5981.58
B58: Sub Total de Mão de Obra (J) : | J58: =+J57 -> 5981.58
B59: Custo por Mobilização (K=F+J) : | J59: =+J54+J58 -> 18285.48
B60: BDI: | J60: 0
B61: Preço por Mobilização (M=K+L) : | J61: =+J59+J60 -> 18285.48
B62: Total Mobilização / Desmobilização (2xM) : | J62: =+J61*2 -> 36570.96
B63: *Distância do canteiro a capital mais próxima, mínimo de 50 Km.

Sheet CANTEIRO (SD)
A1: MEMORIAL DE CÁLCULO
B4: OBJETO: | C4: ='ADMINISTRAÇÃO LOCAL (CD)'!C4 -> Construção de ponte de concreto sobre o Rio do Peixe, na GO-479, demolição de ponte existente, transporte e destinação do entulho da demolição | I4: DATA: | J4: ='CAPA - ORÇAMENTO'!$D$17 -> 45681
B5: LOCAL: | C5: ='ADMINISTRAÇÃO LOCAL (CD)'!C5 -> GO-479, Zona Rural, Distrito de Lagolândia, Pirenópolis, GO | I5: REVISÃO: | J5: ='DADOS DA OBRA'!$N$25 -> 00
B6: SERVIÇOS: | C6: CANTEIRO - SEM DESONERAÇÃO
D8: CANTEIRO - 10 MESES
D9: DESCRIÇÃO | E9: UNIDADE | F9: CUSTO UNITÁRIO | G9: FAIXA F (INTERVENÇOES PONTUAIS)
G10: QUANTIDADE | H10: CUSTO TOTAL
D11: TERRAPLANAGEM E PREPARAÇÃO DO TERRENO
D12: Desmatamento, destocamento e limpeza - árvores com diâmetros menores de 15 cm | E12: m² | F12: 0.54 | G12: 900 | H12: =F12*G12 -> 486
D13: Escav., carga e transp. 1ª categ. c/ carregadeira p/ pequenos movimentos de terra - (dt: 201 a 400m) | E13: m³ | F13: 12.12 | G13: 280.8 | H13: =F13*G13 -> 3403.296
D14: Compactação a 95% do proctor normal | E14: m³ | F14: 4.8 | G14: 216 | H14: =F14*G14 -> 1036.8
D15: INSTALAÇÕES PROVISÓRIAS
D16: Escritório de campo | E16: m² | F16: 273.16 | G16: 21 | H16: =F16*G16 -> 5736.36
D17: Alojamento (pessoal operacional) | E17: m² | F17: 273.16 | G17: 27.23 | H17: =F17*G17 -> 7438.1468
D18: Alojamento (pessoal técnico administrativo) | E18: m² | F18: 273.16 | G18: 7.26 | H18: =F18*G18 -> 1983.1416
D19: Alojamento (engenheiros) | E19: mês | F19: 3522.37 | G19: 5 | H19: =F19*G19 -> 17611.85
D20: Mobiliário de Escritório (inclusive eq. de informática) | E20: mês | F20: 4216.19 | G20: 5 | H20: =F20*G20 -> 21080.95
D21: Mobiliário de Alojamento (engenheiros) | E21: mês | F21: 386 | G21: 5 | H21: =F21*G21 -> 1930
D22: Almoxarifado | E22: m² | F22: 191.21 | G22: 12 | H22: =F22*G22 -> 2294.52
D23: Galpões para Carpintaria e Armação (cobertura) | E23: m² | F23: 191.21 | G23: 40 | H23: =F23*G23 -> 7648.4
D24: Fiscalização | E24: m² | F24: 273.16 | G24: 9 | H24: =F24*G24 -> 2458.44
D25: Posto de Combustível e Lubrificação | E25: m² | F25: 191.21 | G25: 0 | H25: =F25*G25 -> 0
D26: Vestiários | E26: m² | F26: 273.16 | G26: 45 | H26: =F26*G26 -> 12292.2
D27: Sanitários | E27: m² | F27: 273.16 | G27: 13.86 | H27: =F27*G27 -> 3785.9976
... D46: Faxineira (alojamento eng / escritório urb) | E46: mês | F46: 2598.22 | G46: 1 | H46: =F46*G46 -> 2598.22
D47: INSTALAÇÕES INDUSTRIAIS
D48: Instalação de Usina de Asfalto | E48: un | F48: 93210.5 | G48: 0 | H48: =F48*G48 -> 0
D49: Instalação de Usina de Solos | E49: un | F49: 61134.23 | G49: 0 | H49: =F49*G49 -> 0
D50: Paiol de explosivos | E50: m² | F50: 191.21 | G50: 0 | H50: =F50*G50 -> 0
D51: SISTEMA VIÁRIO INTERNO E CAMINHOS DE SERVIÇO
D52: Sinalização - placas da obra (caminhos de serviço) | E52: m² | F52: 395.05 | G52: 8 | H52: =F52*G52 -> 3160.4
D53: Sinalização - placas da obra (desvio / pare siga) | E53: m² | F53: 395.05 | G53: 6 | H53: =F53*G53 -> 2370.3
D54: Cone de sinalização (desvio) | E54: un | F54: 100 | G54: 8 | H54: =F54*G54 -> 800
D55: Tambor de 200L (desvio) | E55: un | F55: 106.67 | G55: 10 | H55: =F55*G55 -> 1066.7
D56: Caminhão Pipa (desvio / caminho de serviço) | E56: h | F56: 200.91 | G56: 220 | H56: =F56*G56 -> 44200.2
D57: Servente para sinalização (desvio) | E57: mês | F57: 2598.22 | G57: 20 | H57: =F57*G57 -> 51964.4
D58: LICENÇAS AMBIENTAIS
D59: Licença de Instalação de Canteiro (fixo) | E59: un | F59: 5403.04 | G59: 1 | H59: =F59*G59 -> 5403.04
D60: Licença de Instalação de Canteiro (área) | E60: m2 | F60: 0.4 | G60: 900 | H60: =F60*G60 -> 360
D61: Licença de Usina | E61: un | F61: 6911.2 | G61: 0 | H61: =F61*G61 -> 0
D62: Licença de Cascalheira | E62: un | F62: 16461.31 | G62: 0 | H62: =F62*G62 -> 0
D63: Licença de Outorga de Uso da Água | E63: un | F63: 4807.28 | G63: 1 | H63: =F63*G63 -> 4807.28
D64: CUSTO TOTAL | G64: =SUM(H12:H63) -> 269605.37

Sheet CANTEIRO (CD)
A1: MEMORIAL DE CÁLCULO
B4: OBJETO: | C4: ='ADMINISTRAÇÃO LOCAL (CD)'!C4 -> Construção de ponte de concreto sobre o Rio do Peixe, na GO-479, demolição de ponte existente, transporte e destinação do entulho da demolição | I4: DATA: | J4: ='CAPA - ORÇAMENTO'!$D$17 -> 45681
B5: LOCAL: | C5: ='ADMINISTRAÇÃO LOCAL (CD)'!C5 -> GO-479, Zona Rural, Distrito de Lagolândia, Pirenópolis, GO | I5: REVISÃO: | J5: ='DADOS DA OBRA'!$N$25 -> 00
B6: SERVIÇOS: | C6: CANTEIRO - COM DESONERAÇÃO
D8: CANTEIRO - 10 MESES
D9: DESCRIÇÃO | E9: UNIDADE | F9: CUSTO UNITÁRIO | G9: FAIXA F (INTERVENÇOES PONTUAIS)
G10: QUANTIDADE | H10: CUSTO TOTAL
D11: TERRAPLANAGEM E PREPARAÇÃO DO TERRENO
D12: Desmatamento, destocamento e limpeza - árvores com diâmetros menores de 15 cm | E12: m² | F12: 0.53 | G12: 900 | H12: =F12*G12 -> 477
D13: Escav., carga e transp. 1ª categ. c/ carregadeira p/ pequenos movimentos de terra - (dt: 201 a 400m) | E13: m³ | F13: 11.97 | G13: 280.8 | H13: =F13*G13 -> 3361.176
D14: Compactação a 95% do proctor normal | E14: m³ | F14: 4.71 | G14: 216 | H14: =F14*G14 -> 1017.36
D15: INSTALAÇÕES PROVISÓRIAS
D16: Escritório de campo | E16: m² | F16: 264.19 | G16: 21 | H16: =F16*G16 -> 5547.99
D17: Escritório urbano (cidade) | E17: mês | F17: 3328.42 | G17: 0 | H17: =F17*G17 -> 0
D18: Alojamento (pessoal operacional) | E18: m² | F18: 264.19 | G18: 27.23 | H18: =F18*G18 -> 7193.8937
D19: Alojamento (pessoal técnico administrativo) | E19: m² | F19: 264.19 | G19: 7.26 | H19: =F19*G19 -> 1918.0194
D20: Alojamento (engenheiros) | E20: mês | F20: 3522.37 | G20: 5 | H20: =F20*G20 -> 17611.85
D21: Mobiliário de Escritório (inclusive eq. de informática) | E21: mês | F21: 4216.19 | G21: 5 | H21: =F21*G21 -> 21080.95
D22: Mobiliário de Alojamento (engenheiros) | E22: mês | F22: 386 | G22: 5 | H22: =F22*G22 -> 1930
D23: Almoxarifado | E23: m² | F23: 184.93 | G23: 12 | H23: =F23*G23 -> 2219.16
D24: Galpões para Carpintaria e Armação (cobertura) | E24: m² | F24: 184.93 | G24: 40 | H24: =F24*G24 -> 7397.2
D25: Oficinas | E25: m² | F25: 184.93 | G25: 0 | H25: =F25*G25 -> 0
D26: Fiscalização | E26: m² | F26: 264.19 | G26: 9 | H26: =F26*G26 -> 2377.71
D27: Posto de Combustível e Lubrificação | E27: m² | F27: 184.93 | G27: 0 | H27: =F27*G27 -> 0
... D48: Faxineira (alojamento eng / escritório urb) | E48: mês | F48: 2244.11 | G48: 1 | H48: =F48*G48 -> 2244.11
D49: INSTALAÇÕES INDUSTRIAIS
D50: Instalação de Usina de Asfalto | E50: un | F50: 93210.5 | G50: 0 | H50: =F50*G50 -> 0
D51: Instalação de Usina de Solos | E51: un | F51: 61134.23 | G51: 0 | H51: =F51*G51 -> 0
D52: Paiol de explosivos | E52: m² | F52: 184.93 | G52: 0 | H52: =F52*G52 -> 0
D53: SISTEMA VIÁRIO INTERNO E CAMINHOS DE SERVIÇO
D54: Sinalização - placas da obra (caminhos de serviço) | E54: m² | F54: 393.06 | G54: 8 | H54: =F54*G54 -> 3144.48
D55: Sinalização - placas da obra (desvio / pare siga) | E55: m² | F55: 393.06 | G55: 6 | H55: =F55*G55 -> 2358.36
D56: Cone de sinalização (desvio) | E56: un | F56: 100 | G56: 8 | H56: =F56*G56 -> 800
D57: Tambor de 200L (desvio) | E57: un | F57: 106.67 | G57: 10 | H57: =F57*G57 -> 1066.7
D58: Caminhão Pipa (desvio / caminho de serviço) | E58: h | F58: 198.15 | G58: 220 | H58: =F58*G58 -> 43593
D59: Servente para sinalização (desvio) | E59: mês | F59: 2244.11 | G59: 20 | H59: =F59*G59 -> 44882.2
D60: LICENÇAS AMBIENTAIS
D61: Licença de Instalação de Canteiro (fixo) | E61: un | F61: 5403.04 | G61: 1 | H61: =F61*G61 -> 5403.04
D62: Licença de Instalação de Canteiro (área) | E62: m2 | F62: 0.4 | G62: 900 | H62: =F62*G62 -> 360
D63: Licença de Usina | E63: un | F63: 6911.2 | G63: 0 | H63: =F63*G63 -> 0
D64: Licença de Cascalheira | E64: un | F64: 16461.31 | G64: 0 | H64: =F64*G64 -> 0
D65: Licença de Outorga de Uso da Água | E65: un | F65: 4807.28 | G65: 1 | H65: =F65*G65 -> 4807.28
D66: CUSTO TOTAL SEM BDI | G66: =SUM(H12:H65) -> 257615.61

Sheet PONTE-DEMOLIÇÕES E LIMPEZA
B1: MEMORIAL DE CÁLCULO
B4: OBJETO: | C4: ='DADOS DA OBRA'!$B$13 -> Construção de ponte de concreto sobre o Rio do Peixe, na GO-479, demolição de ponte existente, transporte e destinação do entulho da demolição | L4: DATA: | M4: ='CAPA - ORÇAMENTO'!$D$17 -> 45681
B5: LOCAL: | C5: =+""&'DADOS DA OBRA'!$B$16&", "&'DADOS DA OBRA'!$B$19&", "&'DADOS DA OBRA'!$J$19&", "&'DADOS DA OBRA'!$P$19 -> GO-479, Zona Rural, Distrito de Lagolândia, Pirenópolis, GO | L5: REVISÃO: | M5: ='DADOS DA OBRA'!$N$25 -> 00
B6: SERVIÇOS: | C6: PRELIMINARES
B8: GOINFRA RODOVIÁRIA | C8: 42825 | D8: DEMOLIÇÃO DE CONCRETO ARMADO
D9: Valores estimados da antiga ponte de concreto armado, baseados em visita in loco. Comprimento Total 55m Comprimento Laje de Transição 2,5
D10: Descrição | E10: Elemento | F10: Quantidade | G10: Base (m) | H10: Altura (m) | I10: Comp. (m) | J10: Volume (m³) | K10: Empol. - 50%
D11: Antiga Ponte | E11: Bloco | F11: 1 | G11: 4.7 | H11: 2.3 | I11: 1 | J11: =F11*G11*H11*I11 -> 10.81 | K11: =J11*1.5 -> 16.215
D12: Antiga Ponte | E12: Pilar | F12: 3 | G12: 0.8 | H12: 0.8 | I12: 9.2 | J12: =F12*G12*H12*I12 -> 17.664 | K12: =J12*1.5 -> 26.496
D13: Antiga Ponte | E13: Longarina | F13: 2 | G13: 0.3 | H13: 1.75 | I13: 50 | J13: =F13*G13*H13*I13 -> 52.5 | K13: =J13*1.5 -> 78.75
D14: Antiga Ponte | E14: Transversina | F14: 10 | G14: 0.3 | H14: 1.5 | I14: 2.5 | J14: =F14*G14*H14*I14 -> 11.25 | K14: =J14*1.5 -> 16.875
D15: Antiga Ponte | E15: Laje Tabuleiro | F15: 1 | G15: 4.7 | H15: 0.3 | I15: 55 | J15: =F15*G15*H15*I15 -> 77.55 | K15: =J15*1.5 -> 116.325
D16: Antiga Ponte | E16: Viga (Guarda Corpo) | F16: 2 | G16: 0.15 | H16: 0.15 | I16: 55 | J16: =F16*G16*H16*I16 -> 2.475 | K16: =J16*1.5 -> 3.7125
D17: Antiga Ponte | E17: Montante (Guarda Corpo) | F17: =56*2 -> 112 | G17: 0.15 | H17: 0.15 | I17: 0.8 | J17: =F17*G17*H17*I17 -> 2.016 | K17: =J17*1.5 -> 3.024
D18: Ensaio de PC | E18: Bloco | F18: 1 | G18: 0.75 | H18: 0.75 | I18: 0.7 | J18: ='PONTE-ENSAIO PROVA DE CARGA'!J21 -> 0.421875 | K18: =J18*1.5 -> 0.6328125
D19: VOLUME TOTAL DE CONCRETO A SER DEMOLIDO | J19: =SUM(J11:J18) -> 174.68687 | K19: =SUM(K11:K18) -> 262.03031 | L19: m³
B21: GOINFRA RODOVIÁRIA | C21: 40001 | D21: DESMATAMENTO E LIMPEZA - INCLUSO DESTOCAMENTO DE ÁRVORES COM DIÂMETROS MENORES DE 15 cm
F22: Local | G22: Área (m²) | H22: Entulho Esp. = 5 cm | I22: Emp.: 30% (m³)
F23: Cabeceira | G23: =((4+5)*(10.8+10))*2 -> 374.4 | H23: =+G23*0.05 -> 18.72 | I23: =H23*1.3 -> 24.336
B25: *Limpeza do terreno estimada apenas para a aréa da cabeceira. Valor estimado 5m para ambos os lados.
B27: GOINFRA RODOVIÁRIA | C27: 40005 | D27: CARGA DE ENTULHOS
G28: Local | H28: Volume
G29: Demolição Concreto Armado | H29: =J19 -> 174.68687 | I29: m³
G30: Limpeza Terreno | H30: =H23 -> 18.72 | I30: m³
G31: TOTAL | H31: =SUM(H29:H30) -> 193.40687 | I31: m³
B33: GOINFRA RODOVIÁRIA | C33: 40006 | D33: TRANSPORTE DE ENTULHOS
F34: Discriminação | G34: Volume (m³) | H34: Distância (m) | I34: Transporte (m³km)*
F35: Carga de Entulhos Concreto Armado | G35: =K19 -> 262.03031 | H35: ='PONTE-DMT'!G13 -> 173 | I35: =G35*H35 -> 45331.244
F36: Carga de Entulhos Limpeza Cabeceira | G36: =I23 -> 24.336 | H36: ='PONTE-DMT'!F14 -> 0.5 | I36: =G36*H36 -> 12.168
F38: TOTAL | I38: =SUM(I35:I37) -> 45343.412
D40: *Transporte de entulho para centro de tratamento, localizado em Aparecida de Goiânia.
D41: *Transporte de entulho para bota-fora proximo ao canteiro.
B43: GOINFRA RODOVIÁRIA | C43: 40145 | D43: ESPALHAMENTO DE MATERIAL DEM BOTA-FORA
G44: Discriminação | H44: Entulho Esp. = 5 cm
G45: Carga de Entulhos Limpeza Cabeceira | H45: =H23 -> 18.72
B48: ORSE | C48: 10039 | D48: DESCARTE DE RESÍDUOS DA CONSTRUÇÃO CIVIL EM ÁREA LICENCIADA
G50: Discriminação | H50: Carga (T)
G51: Carga de Entulhos Concreto Armado | H51: =J19*2.5 -> 436.71719

Sheet PONTE-TERRAPLANAGEM
A1: MEMORIAL DE CÁLCULO
B4: OBJETO: | C4: ='DADOS DA OBRA'!$B$13 -> Construção de ponte de concreto sobre o Rio do Peixe, na GO-479, demolição de ponte existente, transporte e destinação do entulho da demolição | J4: DATA: | K4: ='CAPA - ORÇAMENTO'!$D$17 -> 45681
B5: LOCAL: | C5: =+""&'DADOS DA OBRA'!$B$16&", "&'DADOS DA OBRA'!$B$19&", "&'DADOS DA OBRA'!$J$19&", "&'DADOS DA OBRA'!$P$19 -> GO-479, Zona Rural, Distrito de Lagolândia, Pirenópolis, GO | J5: REVISÃO: | K5: ='DADOS DA OBRA'!$N$25 -> 00
B6: SERVIÇOS: | C6: TERRAPLENAGEM
B37: Tabela extraida do arquivo Encabeçamento Ponte Lagolândia_Rio do Peixe
D41: Elemento | F41: Escavação Mecânizada | G41: Fornecimento de Material de Jazida* | H41: Transporte Material de Jazida | I41: Aterro 1° Categoria
F42: (m³) | G42: (m³) | H42: DMT = 500mt Emp = 30% | I42: (m³)
D43: Corte Encabeçamento | F43: 6.29
D44: Aterro Encabeçamento | G44: =I44-F43 -> 8015.37 | H44: =G44*0.5*1.3 -> 5209.9905 | I44: 8021.66
D45: TOTAL | F45: =SUM(F43:F44) -> 6.29 | G45: =SUM(G43:G44) -> 8015.37 | H45: =H44 -> 5209.9905 | I45: =SUM(I43:I44) -> 8021.66
A46: *Para o aterro do encabeçamento ultilizaremos o material escavado de 1º categoria do corte e material escavado da área de empréstimo próximo ao canteiro.
B49: RESUMO DE SERVIÇOS
B50: GOINFRA RODOVIÁRIA | C50: 45020 | D50: ESCAVAÇÃO MECÂNIZADA | J50: M³ | K50: =F45 -> 6.29
B51: GOINFRA RODOVIÁRIA | C51: 40317 | D51: FORNECIMENTO DE MATERIAL DE JAZIDA (CASCALHO) | J51: M³ | K51: =G45 -> 8015.37
B52: GOINFRA RODOVIÁRIA | C52: 40315 | D52: ESCAVAÇÃO E CARGA DE MATERIAL DE JAZIDA | J52: M³ | K52: =G45 -> 8015.37
B53: GOINFRA RODOVIÁRIA | C53: 40320 | D53: TRANSPORTE DE MATERIAL DE JAZIDA (CASCALHO) | J53: M³KM | K53: =H45 -> 5209.9905
B54: GOINFRA RODOVIÁRIA | C54: 40100 | D54: COMPACTAÇÃO A 95% DO PROCTOR NORMAL | J54: M³ | K54: =I45 -> 8021.66

Sheet PONTE-GABIÃO
A1: MEMORIAL DE CÁLCULO
B4: OBJETO: | C4: ='DADOS DA OBRA'!$B$13 -> Construção de ponte de concreto sobre o Rio do Peixe, na GO-479, demolição de ponte existente, transporte e destinação do entulho da demolição | J4: DATA: | K4: ='CAPA - ORÇAMENTO'!$D$17 -> 45681
B5: LOCAL: | C5: =+""&'DADOS DA OBRA'!$B$16&", "&'DADOS DA OBRA'!$B$19&", "&'DADOS DA OBRA'!$J$19&", "&'DADOS DA OBRA'!$P$19 -> GO-479, Zona Rural, Distrito de Lagolândia, Pirenópolis, GO | J5: REVISÃO: | K5: ='DADOS DA OBRA'!$N$25 -> 00
B6: SERVIÇOS: | C6: GABIÃO TIPO CAIXA
E10: MATERIAIS
E11: DESCRIÇÃO | G11: Muro 1 | H11: Muro 2 | I11: Total
E12: Gabião Tipo Caixa 80 H=0,5 (m³) | G12: 31.5 | H12: 30.5 | I12: =SUM(G12:H12) -> 62
E13: Gabião Tipo Caixa 80 H=1,0 (m³) | G13: 812.5 | H13: 578 | I13: =SUM(G13:H13) -> 1390.5
E14: Colchão Reno 60 E=0,23m (m³) | G14: 1386 | H14: 808 | I14: =SUM(G14:H14)*0.23 -> 504.62
E15: Dispositivo de Conexão (kg) | G15: 774 | H15: 524.1 | I15: =SUM(G15:H15) -> 1298.1
E16: Filtro Geotêxtil (m²) | G16: 2100 | H16: 1318 | I16: =SUM(G16:H16) -> 3418
E17: Pedra Rachão (Considerando 15% de perda) (m³) | G17: 1337.2 | H17: 913.5 | I17: =SUM(G17:H17) -> 2250.7
E18: Quantitativo Extraido do Memorial de Calculo
B21: SERVIÇOS
B22: Escavação | C22: Regularização Terreno | D22: Transporte Agregados (m³.km) | E22: Fornecimento de Material de Jazida* | F22: Escavação e Carga de Material de Jazida | G22: Transporte Mat. De Jazida (m³.km) | H22: Aterro/Reaterro | I22: Carga de Mat. de Galeria - Bota Fora | J22: Transporte Mat. De Galeria (m³.km) | K22: Espalhamento - Bota Fora
B23: (m³) | C23: (m²) | D23: DMT = 45,8 mt Emp = 30% | E23: (m³) | F23: (m³) | G23: DMT = 500mt Emp = 30% | H23: (m³) | I23: (m³) | J23: DMT = 500mt Emp = 30% | K23: (m³)
B24: =SUM(H43,H57) -> 3866.475 | C24: =(((0.5+3+1.94+1.97)*85)+((0.5+3+2.89+0.92)*60)) -> 1068.45 | D24: =SUM(I12,I13,I14)*'PONTE-DMT'!G12 -> 89636.096 | E24: =SUM(I43,J43,I57,J57) -> 3695.0875 | F24: =SUM(I43,J43,I57,J57) -> 3695.0875 | G24: ='PONTE-DMT'!F15*F24*1.3 -> 2401.8069 | H24: =SUM(I43,I57,J43,J57) -> 3695.0875 | I24: =B24 -> 3866.475 | J24: ='PONTE-DMT'!F14*I24*1.3 -> 2513.2088 | K24: =I24 -> 3866.475
C31: MURO 01
C32: ESTACA | D32: CORTE | E32: ATERRO | F32: DISTANCIA | G32: REATERRO(AREA) | H32: VOLUME(CORTE) | I32: VOLUME(ATERRO) | J32: VOLUME REATERRO
C33: 0+00 | D33: 18.4 | E33: 17.1 | F33: 10 | G33: 5.42 | H33: =((D33+D34)/2)*F33 -> 222.3 | I33: =((E33+E34)/2)*F33 -> 244.5 | J33: =(((G33+G34)/2)*F33)*1.25 -> 75.75
C34: 0+10 | D34: 26.06 | E34: 31.8 | F34: 10 | G34: 6.7 | H34: =((D34+D35)/2)*F34 -> 244.8 | I34: =((E34+E35)/2)*F34 -> 286.3 | J34: =(((G34+G35)/2)*F34)*1.25 -> 108.125
C35: 0+20 | D35: 22.9 | E35: 25.46 | F35: 10 | G35: 10.6 | H35: =((D35+D36)/2)*F35 -> 254.85 | I35: =((E35+E36)/2)*F35 -> 264.2 | J35: =(((G35+G36)/2)*F35)*1.25 -> 145.625
C36: 0+30 | D36: 28.07 | E36: 27.38 | F36: 10 | G36: 12.7 | H36: =((D36+D37)/2)*F36 -> 256.7 | I36: =((E36+E37)/2)*F36 -> 302.9 | J36: =(((G36+G37)/2)*F36)*1.25 -> 148.125
C37: 0+40 | D37: 23.27 | E37: 33.2 | F37: 10 | G37: 11 | H37: =((D37+D38)/2)*F37 -> 302.6 | I37: =((E37+E38)/2)*F37 -> 169.75 | J37: =(((G37+G38)/2)*F37)*1.25 -> 162.5
C38: 0+50 | D38: 37.25 | E38: 0.75 | F38: 10 | G38: 15 | H38: =((D38+D39)/2)*F38 -> 341.75 | I38: =((E38+E39)/2)*F38 -> 4.25 | J38: =(((G38+G39)/2)*F38)*1.25 -> 193.125
C39: 0+60 | D39: 31.1 | E39: 0.1 | F39: 10 | G39: 15.9 | H39: =((D39+D40)/2)*F39 -> 365 | I39: =((E39+E40)/2)*F39 -> 1 | J39: =(((G39+G40)/2)*F39)*1.25 -> 199.0625
C40: 0+70 | D40: 41.9 | E40: 0.1 | F40: 10 | G40: 15.95 | H40: =((D40+D41)/2)*F40 -> 395.5 | I40: =((E40+E41)/2)*F40 -> 12.25 | J40: =(((G40+G41)/2)*F40)*1.25 -> 197.8125
C41: 0+80 | D41: 37.2 | E41: 2.35 | F41: 10 | G41: 15.7 | H41: =((D41+D42)/2)*F42 -> 164.125 | I41: =((E41+E42)/2)*F42 -> 21.125 | J41: =(((G41+G42)/2)*F41)*1.25 -> 188.125
C42: 0+85 | D42: 28.45 | E42: 6.1 | F42: 5 | G42: 14.4
C43: TOTAL | H43: =SUM(H33:H42) -> 2547.625 | I43: =SUM(I33:I42) -> 1306.275 | J43: =SUM(J36:J42) -> 1088.75
C47: MURO 02
C48: ESTACA | D48: CORTE | E48: ATERRO | F48: DISTANCIA | G48: REATERRO(AREA) | H48: VOLUME(CORTE) | I48: VOLUME(ATERRO) | J48: VOLUME REATERRO
C50: 0+00 | D50: 21.37 | E50: 8.2 | F50: 10 | G50: 10.05 | H50: =((D50+D51)/2)*F50 -> 219.35 | I50: =((E50+E51)/2)*F50 -> 66.5 | J50: =(((G50+G51)/2)*F50)*1.25 -> 133.125
C51: 0+10 | D51: 22.5 | E51: 5.1 | F51: 10 | G51: 11.25 | H51: =((D51+D52)/2)*F51 -> 266.25 | I51: =((E51+E52)/2)*F51 -> 35.75 | J51: =(((G51+G52)/2)*F51)*1.25 -> 157.1875
C52: 0+20 | D52: 30.75 | E52: 2.05 | F52: 10 | G52: 13.9 | H52: =((D52+D53)/2)*F52 -> 229.75 | I52: =((E52+E53)/2)*F52 -> 99.25 | J52: =(((G52+G53)/2)*F52)*1.25 -> 126.25
C53: 0+30 | D53: 15.2 | E53: 17.8 | F53: 10 | G53: 6.3 | H53: =((D53+D54)/2)*F53 -> 207.5 | I53: =((E53+E54)/2)*F53 -> 124 | J53: =(((G53+G54)/2)*F53)*1.25 -> 118.125
C54: 0+40 | D54: 26.3 | E54: 7 | F54: 10 | G54: 12.6 | H54: =((D54+D55)/2)*F54 -> 227.5 | I54: =((E54+E55)/2)*F54 -> 87.5 | J54: =(((G54+G55)/2)*F54)*1.25 -> 132.5
C55: 0+50 | D55: 19.2 | E55: 10.5 | F55: 10 | G55: 8.6 | H55: =((D55+D56)/2)*F55 -> 168.5 | I55: =((E55+E56)/2)*F55 -> 125.5 | J55: =(((G55+G56)/2)*F55)*1.25 -> 94.375
C56: 0+60 | D56: 14.5 | E56: 14.6 | F56: 10 | G56: 6.5
C57: TOTAL | H57: =SUM(H50:H56) -> 1318.85 | I57: =SUM(I50:I56) -> 538.5 | J57: =SUM(J50:J56) -> 761.5625
B62: RESUMO DE SERVIÇOS
B64: GOINFRA RODOVIÁRIA | C64: 42805 | D64: GABIÕES (0,5 M) | J64: M³ | K64: =I12 -> 62
B65: GOINFRA RODOVIÁRIA | C65: 42800 | D65: GABIÕES (1,00 M) | J65: M³ | K65: =I13 -> 1390.5
B66: GOINFRA RODOVIÁRIA | C66: 42810 | D66: COLCHÕES RENO (0,23 M) - Adaptado conforme altura do colchão reno. | J66: M³ | K66: =I14 -> 504.62
B67: GOINFRA CIVIL | C67: 70229 | D67: ARAME GALVANIZADO 10 BWG. (Adaptado conforme modificação do insumo) | J67: KG | K67: =I15 -> 1298.1
B68: GOINFRA RODOVIÁRIA | C68: 45575 | D68: GEOTEXTIL - BIDIM RT-16 OU EQUIVALENTE | J68: M² | K68: =I16 -> 3418
B69: GOINFRA RODOVIÁRIA | C69: 45020 | D69: ESCAVAÇÃO MECÂNIZADA | J69: M³ | K69: =B24 -> 3866.475
B70: GOINFRA RODOVIÁRIA | C70: 41293 | D70: APILOAMENTO MANUAL | J70: M² | K70: =C24 -> 1068.45
B71: GOINFRA RODOVIÁRIA | C71: 40455 | D71: TRANSPORTE COMERCIAL DE AGREGADOS | J71: M³KM | K71: =D24 -> 89636.096
B72: GOINFRA RODOVIÁRIA | C72: 40317 | D72: FORNECIMENTO DE MATERIAL DE JAZIDA (CASCALHO) | J72: M³ | K72: =E24 -> 3695.0875
B73: GOINFRA RODOVIÁRIA | C73: 44100 | D73: ESCAVAÇÃO E CARGA DE MATERIAL DE JAZIDA (PAV.URB.) | J73: M³ | K73: =F24 -> 3695.0875
B74: GOINFRA RODOVIÁRIA | C74: 44102 | D74: TRANSPORTE DE MATERIAL DE JAZIDA (CASCALHO) (PAV.URB.) | J74: M³KM | K74: =G24 -> 2401.8069
B75: GOINFRA RODOVIÁRIA | C75: 45430 | D75: REATERRO APILOADO DE VALAS | J75: M³ | K75: =H24 -> 3695.0875
B76: GOINFRA RODOVIÁRIA | C76: 45605 | D76: CARGA DE MATERIAL DE GALERIAS | J76: M³ | K76: =I24 -> 3866.475
B77: GOINFRA CIVIL | C77: 041006 | D77: TRANSPORTE DE MATERIAL ESCAVADO M3.KM | J77: M³KM | K77: =J24 -> 2513.2088
B78: GOINFRA RODOVIÁRIA | C78: 40145 | D78: ESPALHAMENTO DE MATERIAL EM BOTA-FORA | J78: M³ | K78: =K24 -> 3866.475

Sheet PONTE-INFRAEST-ESTACAS
A1: MEMORIAL DE CÁLCULO
B4: OBJETO: | C4: ='DADOS DA OBRA'!$B$13 -> Construção de ponte de concreto sobre o Rio do Peixe, na GO-479, demolição de ponte existente, transporte e destinação do entulho da demolição | T4: DATA: | U4: ='CAPA - ORÇAMENTO'!$D$17 -> 45681 | Y4: =+'DADOS DA OBRA'!$N$22 -> 45681
B5: LOCAL: | C5: =+""&'DADOS DA OBRA'!$B$16&", "&'DADOS DA OBRA'!$B$19&", "&'DADOS DA OBRA'!$J$19&", "&'DADOS DA OBRA'!$P$19 -> GO-479, Zona Rural, Distrito de Lagolândia, Pirenópolis, GO | T5: REVISÃO: | U5: ='DADOS DA OBRA'!$N$25 -> 00
B6: SERVIÇOS: | C6: ESTACAS RAIZ
B8: Elemento | F8: Quant. | G8: Diâmetro | H8: Profundidade | K8: Arrasamento de Estacas | L8: Volume Concreto (m³) | M8: Material Escavado 1° cat.* | N8: Material Escavado 2° cat.* | O8: Carga Total de Mat. de Galeria | P8: Transporte (m³.km) | Q8: Espalhamento | S8: AÇO - CA 50
H9: Unitário | I9: Solo 1º Categoria | J9: Solo 2º Categoria | S9: Bitola | T9: Comp. Total | U9: Peso Linear | V9: Qtd. Aço
G10: (m) | H10: (m) | I10: (m) | J10: (m) | K10: (m³) | L10: C-20 | M10: (m³) | N10: (m³) | O10: (m³) | P10: DMT = 500mt Emp = 30% | Q10: (m³) | T10: (m) | U10: (kg/m) | V10: (kg)
B11: Estacas em Rochas - Eixo 0 e 3 | F11: 24 | G11: 40 | H11: 6 | J11: =F11*H11 -> 144 | L11: =(((PI()*(G11/100)*(G11/100))/4)*J11) -> 18.095574 | N11: =(((PI()*(G11/100)*(G11/100))/4)*J11) -> 18.095574 | O11: =N15+'PONTE-ENSAIO PROVA DE CARGA'!K14 -> 44.18743 | P11: =O11*0.5*1.3 -> 28.72183 | Q11: =O11 -> 44.18743 | S11: Ø 8 | T11: 2234.4 | U11: 0.395 | V11: =T11*U11-0.01 -> 882.578
B12: Estacas em Solo - Eixo 0 | F12: 12 | G12: 40 | H12: =5.8+1.4 -> 7.2 | I12: =F12*H12 -> 86.4 | K12: =((PI()*((G12/100)^2)/4))*1.4*(F12) -> 2.1111503 | L12: =(((PI()*(G12/100)*(G12/100))/4)*I12) -> 10.857344 | M12: =(((PI()*(G12/100)*(G12/100))/4)*I12) -> 10.857344 | S12: Ø 20 | T12: 4560 | U12: 2.466 | V12: =T12*U12 -> 11244.96
B13: Estacas em Solo - Eixo 3 | F13: 12 | G13: 40 | H13: =5.8+2.5 -> 8.3 | I13: =F13*H13 -> 99.6 | K13: =((PI()*((G13/100)^2)/4))*2.5*(F13) -> 3.7699112 | L13: =(((PI()*(G13/100)*(G13/100))/4)*I13) -> 12.516105 | M13: =(((PI()*(G13/100)*(G13/100))/4)*I13) -> 12.516105
B14: Estacas em Rocha - Eixo 1 e 2 | F14: 36 | G14: 40 | H14: 5.1 | J14: =F14*H14 -> 183.6 | L14: =(((PI()*(G14/100)*(G14/100))/4)*J14) -> 23.071856 | N14: =(((PI()*(G14/100)*(G14/100))/4)*J14) -> 23.071856
B15: TOTAIS | I15: =SUM(I11:I14) -> 186 | J15: =SUM(J11:J14) -> 327.6 | K15: =SUM(K11:K14) -> 5.8810614 | L15: =SUM(L11:L14) -> 64.540879 | M15: =SUM(M11:M14) -> 23.373449 | N15: =SUM(N11:N14) -> 41.16743 | O15: =O11 -> 44.18743 | P15: =P11 -> 28.72183 | Q15: =Q11 -> 44.18743 | S15: TOTAL | V15: =SUM(V11:V14) -> 12127.538
B17: *50% do material da escavação de 1° categoria das estacas será usado para o reaterro dos blocos.
B18: *Material total escavado de 2° categoria das estacas e ensaio de prova de carga será transportado para o bota-fora proximo ao canteiro.
B20: RESUMO DE SERVIÇOS
B21: GOINFRA RODOVIARIA | C21: 45266 | D21: ESTACA RAIZ PERFURADA NO SOLO - D = 40 cm | U21: M | V21: =I15 -> 186
B22: GOINFRA RODOVIARIA | C22: 45276 | D22: ESTACA RAIZ PERFURADA NA ROCHA - D = 40 cm | U22: M | V22: =J15 -> 327.6
B23: GOINFRA RODOVIARIA | C23: 45155 | D23: AÇO CA50/60 AQUISIÇÃO, ARMAÇÃO E COLOCAÇÃO (INCLUSO PERDAS) | U23: KG | V23: =V15 -> 12127.538
B24: GOINFRA RODOVIARIA | C24: 45291 | D24: ARRASAMENTO DE ESTACAS DE CONCRETO | U24: M³ | V24: =K15 -> 5.8810614
B25: GOINFRA RODOVIARIA | C25: 45605 | D25: CARGA DE MATERIAL DE GALERIAS | U25: M³ | V25: =O15 -> 44.18743
B26: GOINFRA CIVIL | C26: 041006 | D26: TRANSPORTE DE MATERIAL ESCAVADO M3.KM | U26: M³KM | V26: =P15 -> 28.72183
B27: GOINFRA RODOVIARIA | C27: 40145 | D27: ESPALHAMENTO DE MATERIAL EM BOTA-FORA | U27: M³ | V27: =Q15 -> 44.18743

Sheet PONTE-INFRAEST-BLOCO
A1: MEMORIAL DE CÁLCULO
B4: OBJETO: | C4: ='DADOS DA OBRA'!$B$13 -> Construção de ponte de concreto sobre o Rio do Peixe, na GO-479, demolição de ponte existente, transporte e destinação do entulho da demolição | X4: DATA: | Y4: ='CAPA - ORÇAMENTO'!$D$17 -> 45681
B5: LOCAL: | C5: =+""&'DADOS DA OBRA'!$B$16&", "&'DADOS DA OBRA'!$B$19&", "&'DADOS DA OBRA'!$J$19&", "&'DADOS DA OBRA'!$P$19 -> GO-479, Zona Rural, Distrito de Lagolândia, Pirenópolis, GO | X5: REVISÃO: | Y5: ='DADOS DA OBRA'!$N$25 -> 00
B6: SERVIÇOS: | C6: BLOCOS
B9: Elemento | C9: Eixo | D9: Quant. | E9: Dimensões Real | H9: Dimensões + Alargamento | L9: Forma de Madeira | M9: Concreto (m³) | N9: Vol. de Escavação 1° cat. | O9: Vol. de Escavação 2° cat. | P9: Lastro de concreto 5 cm | Q9: Apiloamento Solo | R9: Reaterro compactado* | S9: Carga de Mat. de Galeria | T9: Transporte (m³.km) | U9: Espalhamento | W9: Aço - CA 50
E10: Larg. | F10: Comp. | G10: Prof. | H10: Alarg. | I10: Larg. | J10: Comp. | K10: Prof. | W10: Bitola | X10: Comp. Total | Y10: Peso Linear | Z10: Qtd. Aço
E11: (m) | F11: (m) | G11: (m) | H11: (m) | I11: (m) | J11: (m) | K11: (m) | L11: (m²) | M11: C20 | N11: (m³) | O11: (m³) | P11: (m³) | Q11: (m²) | R11: (m³) | S11: (m³) | T11: DMT = 500mt Emp = 30% | U11: (m³) | X11: (m) | Y11: (kg/m) | Z11: (kg)
B12: Bloco | C12: 0 e 3 | D12: 4 | E12: 1.9 | F12: 3.1 | G12: 1.3 | H12: 1 | I12: =E12+H12+H12 -> 3.9 | J12: =F12+H12+H12 -> 5.1 | K12: =G12 -> 1.3 | L12: =((E12+E12+F12+F12)*G12)*D12 -> 52 | M12: =D12*E12*F12*G12 -> 30.628 | N12: =((D12/2)*I12*J12*(K12+0.05+0.2))+((D12/2)*I12*J12*(K12+0.05+1.35)) -> 169.065 | P12: =D12*I12*J12*0.05 -> 3.978 | Q12: =(D12*I12*J12) -> 79.56 | R12: =N12-M12-(P12*0.05) -> 138.2381 | S12: =O13 -> 57.64 | T12: =S12*0.5*1.3 -> 37.466 | U12: =S12 -> 57.64 | W12: Ø 10 | X12: 548.8 | Y12: 0.617 | Z12: =X12*Y12 -> 338.6096
B13: Bloco | C13: 1 e 2 | D13: 4 | E13: 3.5 | F13: 3.5 | G13: 1.1 | H13: 1 | I13: =E13+H13+H13 -> 5.5 | J13: =F13+H13+H13 -> 5.5 | K13: =G13 -> 1.1 | L13: =((E13+E13+F13+F13)*G13)*D13 -> 61.6 | M13: =D13*E13*F13*G13 -> 53.9 | O13: =((D13/2)*((2.34*I13)+(0.2*I13)))+((D13/2)*(2.7*I13)) -> 57.64 | P13: =D13*I13*J13*0.05 -> 6.05 | R13: =O13-((D13/2*(0.86*E13))+(D13/2*(1.32*E13))) -> 42.38 | W13: Ø 12,5 | X13: 704 | Y13: 0.963 | Z13: =X13*Y13 -> 677.952
B14: TOTAIS | L14: =SUM(L12:L13) -> 113.6 | M14: =SUM(M12:M13) -> 84.528 | N14: =SUM(N12:O13) -> 226.705 | P14: =SUM(P12:P13) -> 10.028 | Q14: =SUM(Q12:Q13) -> 79.56 | R14: =SUM(R12:R13) -> 180.6181 | S14: =S12 -> 57.64 | T14: =T12 -> 37.466 | U14: =U12 -> 57.64 | W14: Ø 20 | X14: 5536.8 | Y14: 2.466 | Z14: =X14*Y14 -> 13653.749
W15: TOTAL | Z15: =SUM(Z12:Z14) -> 14670.31
B16: *O reaterro dos blocos será feito com solo de 1ª categoria, escavado dos blocos de eixos 0 e 3 e 50% do material escavado de 1° categoria das estacas.
B17: * Para o lastro de concreto foi considerado concreto usinado bombeavel de 15mpa.
B19: RESUMO DE SERVIÇOS
B20: GOINFRA RODOVIARIA | C20: 45020 | D20: ESCAVAÇÃO MECÂNIZADA | Y20: M³ | Z20: =N14 -> 226.705
B21: GOINFRA RODOVIARIA | C21: 41293 | D21: APILOAMENTO MANUAL | Y21: M² | Z21: =Q14 -> 79.56
B22: GOINFRA RODOVIARIA | C22: 45150 | D22: FORMA CHAPA COMPENSADA PLASTIFICADA 17 mm - UTILIZAÇÃO 3X (CONFECÇÃO, INSTALAÇÃO E RETIRADA) | Y22: M² | Z22: =L14 -> 113.6
B23: GOINFRA RODOVIARIA | C23: 45155 | D23: AÇO CA50/60 AQUISIÇÃO, ARMAÇÃO E COLOCAÇÃO (INCLUSO PERDAS) | Y23: KG | Z23: =Z15 -> 14670.31
B24: GOINFRA RODOVIARIA | C24: 45152 | D24: CONCRETO USINADO BOMBEÁVEL FCK=20 MPA | Y24: M³ | Z24: =M14 -> 84.528
B25: GOINFRA RODOVIARIA | C25: 45054 | D25: CONCRETO USINADO BOMBEÁVEL FCK=15 MPA | Y25: M³ | Z25: =P14 -> 10.028
B26: GOINFRA RODOVIARIA | C26: 45435 | D26: REATERRO DE VALAS C/ COMPACTAÇÃO VIBRATÓRIA | Y26: M³ | Z26: =R14 -> 180.6181
B27: GOINFRA RODOVIARIA | C27: 45605 | D27: CARGA DE MATERIAL DE GALERIAS | Y27: M³ | Z27: =S14 -> 57.64
B28: GOINFRA CIVIL | C28: 041006 | D28: TRANSPORTE DE MATERIAL ESCAVADO M3.KM | Y28: M³KM | Z28: =T14 -> 37.466
B29: GOINFRA RODOVIARIA | C29: 40145 | D29: ESPALHAMENTO DE MATERIAL EM BOTA-FORA | Y29: M³ | Z29: =U14 -> 57.64

Sheet PONTE-ENSAIO PROVA DE CARGA
A1: MEMORIAL DE CÁLCULO
B4: OBJETO: | C4: ='DADOS DA OBRA'!$B$13 -> Construção de ponte de concreto sobre o Rio do Peixe, na GO-479, demolição de ponte existente, transporte e destinação do entulho da demolição | R4: DATA: | S4: ='CAPA - ORÇAMENTO'!$D$17 -> 45681
B5: LOCAL: | C5: =+""&'DADOS DA OBRA'!$B$16&", "&'DADOS DA OBRA'!$B$19&", "&'DADOS DA OBRA'!$J$19&", "&'DADOS DA OBRA'!$P$19 -> GO-479, Zona Rural, Distrito de Lagolândia, Pirenópolis, GO | R5: REVISÃO: | S5: ='DADOS DA OBRA'!$N$25 -> 00
B6: SERVIÇOS: | C6: ENSAIO DE PROVA DE CARGA
B8: ESTACAS | O8: Aço - CA 50
B9: Elemento | E9: Quant. | F9: Diâmetro (cm) | G9: Profundidade | J9: Escavação em Solo | K9: Escavação em Rocha | L9: Volume de Concreto Total (m³) | M9: Solda | O9: Bitola | P9: Comp. Total | Q9: Peso Linear | R9: Qtd. Aço
G10: Unitário (m) | H10: Solo 1º Categoria | I10: Solo 2º Categoria | P10: (m) | Q10: (kg/m) | R10: (kg)
J11: (m³) | K11: (m³) | L11: C20 | M11: (m) | O11: Ø 12,5 | P11: 12.16 | Q11: 0.963 | R11: =P11*Q11 -> 11.71008
B12: Estacas perfuradas em rocha | E12: 4 | F12: 40 | G12: 6 | I12: =E12*G12 -> 24 | K12: =+ROUND(((PI()*(F12/100)^2)/4)*I12,2) -> 3.02 | L12: =SUM(K12,J13) -> 5.89 | M12: =E12*((2*0.15*4)+(0.2*8)) -> 11.2 | O12: Ø 16 | P12: 39.2 | Q12: 1.578 | R12: =P12*Q12 -> 61.8576
B13: Estacas perfuradas em solo | E13: 4 | F13: 40 | G13: 5.7 | H13: =E13*G13 -> 22.8 | J13: =+ROUND(((PI()*(F13/100)^2)/4)*H13,2) -> 2.87 | O13: Ø 25 | P13: 270.4 | Q13: 3.853 | R13: =P13*Q13 -> 1041.8512
B14: TOTAL | H14: =SUM(H12:H13) -> 22.8 | I14: =SUM(I12:I13) -> 24 | J14: =SUM(J12:J13) -> 2.87 | K14: =SUM(K12:K13) -> 3.02 | L14: =L12 -> 5.89 | M14: =SUM(M12) -> 11.2 | O14: TOTAL | R14: =SUM(R11:R13) -> 1115.4189
B16: BLOCO
B17: Elemento | C17: Quant. | D17: Dimensões Bloco | G17: Forma de Madeira | H17: Concreto (m³) | I17: Lastro de concreto 5 cm * | J17: Demolição Concreto Armado (m³)
D18: Altura. (m) | E18: Base (m) | F18: Comp. (m)
G19: (m²) | H19: C35 | I19: (m³) | J19: (m³)
B20: Bloco | C20: 1 | D20: 0.75 | E20: 0.75 | F20: 0.7 | G20: =((D20+D20+E20+E20)*F20)*C20 -> 2.1 | H20: =C20*D20*E20*F20 -> 0.39375 | I20: =C20*D20*E20*0.05 -> 0.028125 | J20: =SUM(H20+I20) -> 0.421875
B21: TOTAIS | G21: =SUM(G20:G20) -> 2.1 | H21: =SUM(H20:H20) -> 0.39375 | I21: =SUM(I20:I20) -> 0.028125 | J21: =J20 -> 0.421875
B23: * Para o lastro de concreto foi considerado concreto usinado bombeavel de 15mpa.
B24: Carga de trabalho da estaca 140tf e carga de ensaio 280tf.
B25: Concreto do Bloco de no mínimo 35mpa ao 7º dias ou na data do ensaio.
B27: RESUMO DE SERVIÇOS
B28: GOINFRA RODOVIÁRIA | C28: 45266 | D28: ESTACA RAIZ PERFURADA NO SOLO - D = 40 cm | R28: M | S28: =H14 -> 22.8
B29: GOINFRA RODOVIÁRIA | C29: 45276 | D29: ESTACA RAIZ PERFURADA NA ROCHA - D = 40 cm | R29: M | S29: =I14 -> 24
B30: GOINFRA RODOVIÁRIA | C30: 45155 | D30: AÇO CA50/60 AQUISIÇÃO, ARMAÇÃO E COLOCAÇÃO (INCLUSO PERDAS) | R30: KG | S30: =R14 -> 1115.4189
B31: SINAPI | C31: 98749 | D31: SOLDA DE TOPO EM CHAPA/PERFIL/TUBO DE AÇO CHANFRADO, ESPESSURA=5/16' (Adaptado para atendimento ao Decreto Estadual 9900/2021) | R31: M | S31: =M14 -> 11.2
B32: GOINFRA RODOVIÁRIA | C32: 45150 | D32: FORMA CHAPA COMPENSADA PLASTIFICADA 17 mm - UTILIZAÇÃO 3X (CONFECÇÃO, INSTALAÇÃO E RETIRADA) | R32: M² | S32: =G21 -> 2.1
B33: GOINFRA RODOVIÁRIA | C33: 45156 | D33: CONCRETO USINADO BOMBEÁVEL FCK=35 MPA | R33: M³ | S33: =H21 -> 0.39375
B34: GOINFRA RODOVIÁRIA | C34: 45054 | D34: CONCRETO USINADO BOMBEÁVEL FCK=15 MPA | R34: M³ | S34: =I21 -> 0.028125
B35: Próprio | C35: 00002 | D35: PROVA DE CARGA ESTATICA EM ESTACA RAIZ, COM CARGA DE ATE 300TF, INCL. MOBILIZAÇAO E DESMOBILIZAÇAO | R35: UN | S35: 1

Sheet PONTE-MESOEST-PILARES
A1: MEMORIAL DE CÁLCULO
B4: OBJETO: | C4: ='DADOS DA OBRA'!$B$13 -> Construção de ponte de concreto sobre o Rio do Peixe, na GO-479, demolição de ponte existente, transporte e destinação do entulho da demolição | O4: DATA: | P4: ='CAPA - ORÇAMENTO'!$D$17 -> 45681
B5: LOCAL: | C5: =+""&'DADOS DA OBRA'!$B$16&", "&'DADOS DA OBRA'!$B$19&", "&'DADOS DA OBRA'!$J$19&", "&'DADOS DA OBRA'!$P$19 -> GO-479, Zona Rural, Distrito de Lagolândia, Pirenópolis, GO | O5: REVISÃO: | P5: ='DADOS DA OBRA'!$N$25 -> 00
B6: SERVIÇOS: | C6: PILARES
C8: Elemento | D8: Eixo | E8: Quant. | F8: Dimensões Pilares | H8: Forma de madeira | I8: Concreto (m³) | L8: AÇO - CA 50
F9: Diametro (m) | G9: Comp. (m) | L9: Bitola | M9: Comp. Total | N9: Peso Linear | O9: Qtd. Aço
H10: (m²) | I10: C35 | M10: (m) | N10: (kg/m) | O10: (kg)
C11: Pilar | D11: 0 | E11: 2 | F11: 1.2 | G11: 2.3 | H11: =PI()*E11*F11*G11 -> 17.341591 | I11: =((PI()*F11^2)/4)*G11*E11 -> 5.2024774 | L11: Ø 8 | M11: 1134 | N11: 0.395 | O11: =M11*N11 -> 447.93
C12: Pilar | D12: 1 | E12: 2 | F12: 1.2 | G12: 12.01 | H12: =PI()*E12*F12*G12 -> 90.553267 | I12: =((PI()*F12^2)/4)*G12*E12 -> 27.16598 | L12: Ø 25 | M12: 2942.12 | N12: 3.853 | O12: =M12*N12 -> 11335.988
C13: Pilar | D13: 2 | E13: 2 | F13: 1.2 | G13: 9.98 | H13: =PI()*E13*F13*G13 -> 75.247427 | I13: =((PI()*F13^2)/4)*G13*E13 -> 22.574228
C14: Pilar | D14: 3 | E14: 2 | F14: 1.2 | G14: 2.3 | H14: =PI()*E14*F14*G14 -> 17.341591 | I14: =((PI()*F14^2)/4)*G14*E14 -> 5.2024774
C15: TOTAIS | H15: =SUM(H11:H14) -> 200.48388 | I15: =SUM(I11:I14) -> 60.145163 | L15: TOTAL | O15: =SUM(O11:O14) -> 11783.918
B17: RESUMO DE SERVIÇOS
B18: GOINFRA RODOVIARIA | C18: 45038 | D18: FORMA CHAPA COMPENSADA PLASTIFICADA 17 mm - UTILIZAÇÃO 1X (CONFECÇÃO, INSTALAÇÃO E RETIRADA) | O18: M² | P18: =H15 -> 200.48388
B19: GOINFRA RODOVIARIA | C19: 45155 | D19: AÇO CA50/60 AQUISIÇÃO, ARMAÇÃO E COLOCAÇÃO (INCLUSO PERDAS) | O19: KG | P19: =O15 -> 11783.918
B20: GOINFRA RODOVIARIA | C20: 45156 | D20: CONCRETO USINADO BOMBEÁVEL FCK=35 MPA | O20: M³ | P20: =I15 -> 60.145163

Sheet PONTE-MESOEST-VL
A1: MEMORIAL DE CÁLCULO
B4: OBJETO: | C4: ='DADOS DA OBRA'!$B$13 -> Construção de ponte de concreto sobre o Rio do Peixe, na GO-479, demolição de ponte existente, transporte e destinação do entulho da demolição | O4: DATA: | P4: ='CAPA - ORÇAMENTO'!$D$17 -> 45681
B5: LOCAL: | C5: =+""&'DADOS DA OBRA'!$B$16&", "&'DADOS DA OBRA'!$B$19&", "&'DADOS DA OBRA'!$J$19&", "&'DADOS DA OBRA'!$P$19 -> GO-479, Zona Rural, Distrito de Lagolândia, Pirenópolis, GO | O5: REVISÃO: | P5: ='DADOS DA OBRA'!$N$25 -> 00
B6: SERVIÇOS: | C6: VIGA DE LIGAÇÃO DOS PILARES
B9: Elemento | C9: Eixo | D9: Quant. | E9: Dimensões | H9: Perimetro | I9: Área | J9: Forma de madeira | K9: Concreto (m³) | M9: AÇO - CA 50
E10: Largura (m) | F10: Altura. (m) | G10: Comp. (m) | M10: Bitola | N10: Comp. Total | O10: Peso Linear | P10: Qtd. Aço
H11: (m) | I11: (m²) | J11: (m²) | K11: C35 | N11: (m) | O11: (kg/m) | P11: (kg)
B12: VLP | C12: 0 e 3 | D12: 2 | E12: 0.5 | F12: 0.9 | G12: 3.9 | H12: =E12+F12+F12 -> 2.3 | I12: =E12*F12 -> 0.45 | J12: =H12*G12*D12 -> 17.94 | K12: =I12*G12*D12 -> 3.51 | M12: Ø 8 | N12: 485.76 | O12: 0.395 | P12: =N12*O12 -> 191.8752
B13: VLP | C13: 1 e 2 | D13: 2 | E13: 0.5 | F13: 1.5 | G13: 3.9 | H13: =E13+F13+F13 -> 3.5 | I13: =E13*F13 -> 0.75 | J13: =H13*G13*D13 -> 27.3 | K13: =I13*G13*D13 -> 5.85 | M13: Ø 12,5 | N13: 1549.6 | O13: 0.963 | P13: =N13*O13 -> 1492.2648
B14: TOTAIS | J14: =SUM(J10:J13) -> 45.24 | K14: =SUM(K10:K13) -> 9.36 | M14: Ø 20 | N14: 204.16 | O14: 2.466 | P14: =N14*O14 -> 503.45856
M15: TOTAL | P15: =SUM(P12:P14) -> 2187.5986
B17: RESUMO DE SERVIÇOS
B18: GOINFRA RODOVIARIA | C18: 45150 | D18: FORMA CHAPA COMPENSADA PLASTIFICADA 17 mm - UTILIZAÇÃO 3X (CONFECÇÃO, INSTALAÇÃO E RETIRADA) | O18: M² | P18: =J14 -> 45.24
B19: GOINFRA RODOVIARIA | C19: 45155 | D19: AÇO CA50/60 AQUISIÇÃO, ARMAÇÃO E COLOCAÇÃO (INCLUSO PERDAS) | O19: KG | P19: =P15 -> 2187.5986
B20: GOINFRA RODOVIARIA | C20: 45156 | D20: CONCRETO USINADO BOMBEÁVEL FCK=35 MPA | O20: M³ | P20: =K14 -> 9.36

Sheet PONTE-MESOEST-VR
A1: MEMORIAL DE CÁLCULO
B4: OBJETO: | C4: ='DADOS DA OBRA'!$B$13 -> Construção de ponte de concreto sobre o Rio do Peixe, na GO-479, demolição de ponte existente, transporte e destinação do entulho da demolição | O4: DATA: | P4: ='CAPA - ORÇAMENTO'!$D$17 -> 45681
B5: LOCAL: | C5: =+""&'DADOS DA OBRA'!$B$16&", "&'DADOS DA OBRA'!$B$19&", "&'DADOS DA OBRA'!$J$19&", "&'DADOS DA OBRA'!$P$19 -> GO-479, Zona Rural, Distrito de Lagolândia, Pirenópolis, GO | O5: REVISÃO: | P5: ='DADOS DA OBRA'!$N$25 -> 00
B6: SERVIÇOS: | C6: VIGA DE RIGIDEZ
B9: Elemento | C9: Eixo | D9: Quant. | E9: Dimensões | H9: Perimetro | I9: Área | J9: Forma de madeira | K9: Concreto (m³) | M9: AÇO - CA 50
E10: Largura (m) | F10: Altura. (m) | G10: Comp. (m) | M10: Bitola | N10: Comp. Total | O10: Peso Linear | P10: Qtd. Aço
H11: (m) | I11: (m²) | J11: (m²) | K11: C20 | N11: (m) | O11: (kg/m) | P11: (kg)
B12: VLR | C12: 0 e 3 | D12: 2 | E12: 0.5 | F12: 0.8 | G12: 3.2 | H12: =E12+F12+F12 -> 2.1 | I12: =E12*F12 -> 0.4 | J12: =H12*G12*D12 -> 13.44 | K12: =I12*G12*D12 -> 2.56 | M12: Ø 8 | N12: 303.6 | O12: 0.395 | P12: =N12*O12 -> 119.922
B13: VLR | C13: 1 e 2 | D13: 2 | E13: 0.5 | F13: 0.65 | G13: 1.6 | H13: =E13+F13+F13 -> 1.8 | I13: =E13*F13 -> 0.325 | J13: =H13*G13*D13 -> 5.76 | K13: =I13*G13*D13 -> 1.04 | M13: Ø 12,5 | N13: 998.4 | O13: 0.963 | P13: =N13*O13 -> 961.4592
B14: TOTAIS | J14: =SUM(J12:J13) -> 19.2 | K14: =SUM(K12:K13) -> 3.6 | M14: Ø 20 | N14: 200.96 | O14: 2.466 | P14: =N14*O14 -> 495.56736
M15: TOTAL | P15: =SUM(P12:P14) -> 1576.9486
B17: RESUMO DE SERVIÇOS
B18: GOINFRA RODOVIARIA | C18: 45150 | D18: FORMA CHAPA COMPENSADA PLASTIFICADA 17 mm - UTILIZAÇÃO 3X (CONFECÇÃO, INSTALAÇÃO E RETIRADA) | O18: M² | P18: =J14 -> 19.2
B19: GOINFRA RODOVIARIA | C19: 45155 | D19: AÇO CA50/60 AQUISIÇÃO, ARMAÇÃO E COLOCAÇÃO (INCLUSO PERDAS) | O19: KG | P19: =P15 -> 1576.9486
B20: GOINFRA RODOVIARIA | C20: 45156 | D20: CONCRETO USINADO BOMBEÁVEL FCK=35 MPA | O20: M³ | P20: =K14 -> 3.6

Sheet PONTE-SUPEREST-LONGARINA
A1: MEMORIAL DE CÁLCULO
B4: OBJETO: | C4: ='DADOS DA OBRA'!$B$13 -> Construção de ponte de concreto sobre o Rio do Peixe, na GO-479, demolição de ponte existente, transporte e destinação do entulho da demolição | O4: DATA: | P4: ='CAPA - ORÇAMENTO'!$D$17 -> 45681
B5: LOCAL: | C5: =+""&'DADOS DA OBRA'!$B$16&", "&'DADOS DA OBRA'!$B$19&", "&'DADOS DA OBRA'!$J$19&", "&'DADOS DA OBRA'!$P$19 -> GO-479, Zona Rural, Distrito de Lagolândia, Pirenópolis, GO | O5: REVISÃO: | P5: ='DADOS DA OBRA'!$N$25 -> 00
B6: SERVIÇOS: | C6: LONGARINAS
C9: Elemento | D9: Quant. | E9: Comp. (m) | F9: Perimetro | G9: Área | H9: Forma de madeira | I9: Concreto (m³) | M9: AÇO - CA 50
M10: Bitola | N10: Comp. Total | O10: Peso Linear | P10: Qtd. Aço
F11: (m) | G11: (m²) | H11: (m²) | I11: C35 | N11: (m) | O11: (kg/m) | P11: (kg)
C12: Longarina | D12: 2 | E12: 2.35 | F12: 161.86 | G12: 49.66 | H12: =F12*E12*D12 -> 760.742 | I12: =G12*E12*D12 -> 233.402 | M12: Ø 12,5 | N12: 3645.6 | O12: 0.963 | P12: =N12*O12 -> 3510.7128
C13: TOTAIS | H13: =SUM(H12) -> 760.742 | I13: =SUM(I12) -> 233.402 | M13: Ø 16 | N13: 17781.2 | O13: 2.01 | P13: =N13*O13 -> 35740.212
M14: Ø 25 | N14: 10255.72 | O14: 3.853 | P14: =N14*O14 -> 39515.289
M15: TOTAL | P15: =SUM(P12:P14) -> 78766.214
B17: RESUMO DE SERVIÇOS
B18: GOINFRA RODOVIARIA | C18: 45150 | D18: FORMA CHAPA COMPENSADA PLASTIFICADA 17 mm - UTILIZAÇÃO 3X (CONFECÇÃO, INSTALAÇÃO E RETIRADA) | O18: M² | P18: =H13 -> 760.742
B19: GOINFRA RODOVIARIA | C19: 45155 | D19: AÇO CA50/60 AQUISIÇÃO, ARMAÇÃO E COLOCAÇÃO (INCLUSO PERDAS) | O19: KG | P19: =P15 -> 78766.214
B20: GOINFRA RODOVIARIA | C20: 45156 | D20: CONCRETO USINADO BOMBEÁVEL FCK=35 MPA | O20: M³ | P20: =I13 -> 233.402

Sheet PONTE-SUPEREST-TRANSVERSINAS
A1: MEMORIAL DE CÁLCULO
B4: OBJETO: | C4: ='DADOS DA OBRA'!$B$13 -> Construção de ponte de concreto sobre o Rio do Peixe, na GO-479, demolição de ponte existente, transporte e destinação do entulho da demolição | O4: DATA: | P4: ='CAPA - ORÇAMENTO'!$D$17 -> 45681
B5: LOCAL: | C5: =+""&'DADOS DA OBRA'!$B$16&", "&'DADOS DA OBRA'!$B$19&", "&'DADOS DA OBRA'!$J$19&", "&'DADOS DA OBRA'!$P$19 -> GO-479, Zona Rural, Distrito de Lagolândia, Pirenópolis, GO | O5: REVISÃO: | P5: ='DADOS DA OBRA'!$N$25 -> 00
B6: SERVIÇOS: | C6: TRANSVERSINAS
B9: Elemento | C9: Quant. | D9: Dimensões | G9: Perimetro | H9: Área | I9: Forma de madeira | J9: Concreto (m³) | L9: AÇO - CA 50/60
D10: Largura (m) | E10: Altura. (m) | F10: Comp. (m) | L10: Bitola | M10: Comp. Total | N10: Peso Linear | O10: Qtd. Aço
G11: (m) | H11: (m²) | I11: (m²) | J11: C35 | M11: (m) | N11: (kg/m) | O11: (kg)
B12: Transversina de Vão | C12: 6 | D12: 0.2 | E12: 1.65 | F12: 5.3 | G12: =D12+E12+E12 -> 3.5 | H12: =D12*E12 -> 0.33 | I12: =G12*F12*C12 -> 111.3 | J12: =H12*F12*C12 -> 10.494 | L12: Ø 5 | M12: 1171.2 | N12: 0.154 | O12: =M12*N12 -> 180.3648
B13: Transversina de Apoio | C13: 4 | D13: 0.2 | E13: 1.65 | F13: 3.9 | G13: =D13+E13+E13 -> 3.5 | H13: =D13*E13 -> 0.33 | I13: =G13*F13*C13 -> 54.6 | J13: =H13*F13*C13 -> 5.148 | L13: Ø 6,3 | M13: 1214.4 | N13: 0.245 | O13: =M13*N13 -> 297.528
B14: TOTAIS | I14: =SUM(I10:I13) -> 165.9 | J14: =SUM(J10:J13) -> 15.642 | L14: Ø 16 | M14: 429.6 | N14: 1.578 | O14: =M14*N14 -> 677.9088
L15: TOTAL | O15: =SUM(O12:O14) -> 1155.8016
B17: RESUMO DE SERVIÇOS
B18: GOINFRA RODOVIARIA | C18: 45150 | D18: FORMA CHAPA COMPENSADA PLASTIFICADA 17 mm - UTILIZAÇÃO 3X (CONFECÇÃO, INSTALAÇÃO E RETIRADA) | O18: M² | P18: =I14 -> 165.9
B19: GOINFRA RODOVIARIA | C19: 45155 | D19: AÇO CA50/60 AQUISIÇÃO, ARMAÇÃO E COLOCAÇÃO (INCLUSO PERDAS) | O19: KG | P19: =O15 -> 1155.8016
B20: GOINFRA RODOVIARIA | C20: 45156 | D20: CONCRETO USINADO BOMBEÁVEL FCK=35 MPA | O20: M³ | P20: =J14 -> 15.642

Sheet PONTE-SUPEREST-LAJE TABULEIRO
A1: MEMORIAL DE CÁLCULO
B4: OBJETO: | C4: ='DADOS DA OBRA'!$B$13 -> Construção de ponte de concreto sobre o Rio do Peixe, na GO-479, demolição de ponte existente, transporte e destinação do entulho da demolição | L4: DATA: | M4: ='CAPA - ORÇAMENTO'!$D$17 -> 45681
B5: LOCAL: | C5: =+""&'DADOS DA OBRA'!$B$16&", "&'DADOS DA OBRA'!$B$19&", "&'DADOS DA OBRA'!$J$19&", "&'DADOS DA OBRA'!$P$19 -> GO-479, Zona Rural, Distrito de Lagolândia, Pirenópolis, GO | L5: REVISÃO: | M5: ='DADOS DA OBRA'!$N$25 -> 00
B6: SERVIÇOS: | C6: LAJE TABULEIRO
B9: Elemento | C9: Quant. | D9: Comp. (m) | E9: Perimetro | F9: Área | G9: Forma de madeira | H9: Concreto (m³) | J9: Aço - CA 50
J10: Bitola | K10: Comp. Total | L10: Peso Linear | M10: Qtd. Aço
E11: (m) | F11: (m²) | G11: (m²) | H11: C35 | K11: (m) | L11: (kg/m) | M11: (kg)
B12: Laje Principal | C12: 1 | D12: 80 | E12: =(22.31-10.8) -> 11.51 | F12: 3.3 | G12: =E12*D12*C12 -> 920.8 | H12: =F12*D12*C12 -> 264 | J12: Ø 10 | K12: 3214.08 | L12: 0.617 | M12: =K12*L12 -> 1983.0874
B13: TOTAL | G13: =G12 -> 920.8 | H13: =H12 -> 264 | J13: Ø 12,5 | K13: 3590.5 | L13: 0.963 | M13: =K13*L13 -> 3457.6515
J14: Ø 16 | K14: 16826.62 | L14: 1.578 | M14: =K14*L14 -> 26552.406
J15: Ø 20 | K15: 6446.59 | L15: 2.466 | M15: =L15*K15 -> 15897.291
J16: TOTAL | M16: =SUM(M12:M15) -> 47890.436
B17: RESUMO DE SERVIÇOS
B18: GOINFRA RODOVIARIA | C18: 45150 | D18: FORMA CHAPA COMPENSADA PLASTIFICADA 17 mm - UTILIZAÇÃO 3X (CONFECÇÃO, INSTALAÇÃO E RETIRADA) | L18: M² | M18: =G13 -> 920.8
B19: GOINFRA RODOVIARIA | C19: 45155 | D19: AÇO CA50/60 AQUISIÇÃO, ARMAÇÃO E COLOCAÇÃO (INCLUSO PERDAS) | L19: KG | M19: =M16 -> 47890.436
B20: GOINFRA RODOVIARIA | C20: 45156 | D20: CONCRETO USINADO BOMBEÁVEL FCK=35 MPA | L20: M³ | M20: =H13 -> 264

Sheet PONTE-SUPEREST-BARREIRA N.J
A1: MEMORIAL DE CÁLCULO
B4: OBJETO: | C4: ='DADOS DA OBRA'!$B$13 -> Construção de ponte de concreto sobre o Rio do Peixe, na GO-479, demolição de ponte existente, transporte e destinação do entulho da demolição | N4: DATA: | O4: ='CAPA - ORÇAMENTO'!$D$17 -> 45681
B5: LOCAL: | C5: =+""&'DADOS DA OBRA'!$B$16&", "&'DADOS DA OBRA'!$B$19&", "&'DADOS DA OBRA'!$J$19&", "&'DADOS DA OBRA'!$P$19 -> GO-479, Zona Rural, Distrito de Lagolândia, Pirenópolis, GO | N5: REVISÃO: | O5: ='DADOS DA OBRA'!$N$25 -> 00
B6: SERVIÇOS: | C6: BARREIRA NEW JERSEY
B9: Elemento | C9: Quant. | D9: Comp. (m) | E9: Perimetro | F9: Área | G9: Forma de madeira | H9: Concreto (m³) | J9: Aço - CA 50
J10: Bitola | K10: Comp. Total | L10: Peso Linear | M10: Qtd. Aço
E11: (m) | F11: (m²) | G11: (m²) | H11: C30 | K11: (m) | L11: (kg/m) | M11: (kg)
B12: Guarda Rodas | C12: 2 | D12: 80 | E12: =(2.34-0.17-0.4) -> 1.77 | F12: 0.24 | G12: =E12*D12*C12 -> 283.2 | H12: =F12*D12*C12 -> 38.4 | J12: Ø 6,3 | K12: 1918.8 | L12: 0.245 | M12: =K12*L12 -> 470.106
B13: TOTAIS | G13: =SUM(G12) -> 283.2 | H13: =SUM(H12) -> 38.4 | J13: Ø 10 | K13: 4295.48 | L13: 0.617 | M13: =K13*L13 -> 2650.3112
J14: TOTAL | M14: =SUM(M12:M13) -> 3120.4172
B16: RESUMO DE SERVIÇOS
B17: GOINFRA RODOVIARIA | C17: 45150 | D17: FORMA CHAPA COMPENSADA PLASTIFICADA 17 mm - UTILIZAÇÃO 3X (CONFECÇÃO, INSTALAÇÃO E RETIRADA) | M17: M² | O17: =G13 -> 283.2
B18: GOINFRA RODOVIARIA | C18: 45155 | D18: AÇO CA50/60 AQUISIÇÃO, ARMAÇÃO E COLOCAÇÃO (INCLUSO PERDAS) | M18: KG | O18: =M14 -> 3120.4172
B19: GOINFRA RODOVIARIA | C19: 45154 | D19: CONCRETO USINADO BOMBEÁVEL FCK=30 MPA | M19: M³ | O19: =H13 -> 38.4

Sheet PONTE-SUPEREST-CABECEIRA
A1: MEMORIAL DE CÁLCULO
B4: OBJETO: | C4: ='DADOS DA OBRA'!$B$13 -> Construção de ponte de concreto sobre o Rio do Peixe, na GO-479, demolição de ponte existente, transporte e destinação do entulho da demolição | P4: DATA: | Q4: ='CAPA - ORÇAMENTO'!$D$17 -> 45681
B5: LOCAL: | C5: =+""&'DADOS DA OBRA'!$B$16&", "&'DADOS DA OBRA'!$B$19&", "&'DADOS DA OBRA'!$J$19&", "&'DADOS DA OBRA'!$P$19 -> GO-479, Zona Rural, Distrito de Lagolândia, Pirenópolis, GO | P5: REVISÃO: | Q5: ='DADOS DA OBRA'!$N$25 -> 00
B6: SERVIÇOS: | C6: ELEMENTOS DA CABEÇEIRA
B9: Elemento | C9: Quant. | D9: Dimensões | H9: Perimetro | I9: Área | J9: Forma de madeira | K9: Concreto (m³) | L9: Lastro de concreto 5 cm | N9: Aço - CA 50
D10: Largura (m) | E10: Altura. (m) | F10: Comp. (m) | G10: Expess. (m) | N10: Bitola | O10: Comp. Total | P10: Peso Linear | Q10: Qtd. Aço
H11: (m) | I11: (m²) | J11: (m²) | K11: C35 | L11: (m³) | O11: (m) | P11: (kg/m) | Q11: (kg)
B12: Cortina | C12: 2 | F12: 10.8 | H12: =5.8-0.25 -> 5.55 | I12: 0.66 | J12: =H12*F12*C12 -> 119.88 | K12: =I12*F12*C12 -> 14.256 | N12: Ø 8 | O12: 312.28 | P12: 0.395 | Q12: =O12*P12 -> 123.3506
B13: Ala | C13: 4 | G13: 0.25 | H13: =9.5-3 -> 6.5 | I13: 4.78 | J13: =((I13*2)+(H13*G13))*C13 -> 44.74 | K13: =C13*G13*I13 -> 4.78 | N13: Ø 10 | O13: 1241.92 | P13: 0.617 | Q13: =O13*P13 -> 766.26464
B14: Laje de Transição | C14: 2 | D14: 10.3 | E14: 4 | G14: 0.25 | H14: =10.3+4+4 -> 18.3 | I14: =D14*E14 -> 41.2 | J14: =C14*H14*G14 -> 9.15 | K14: =C14*G14*I14 -> 20.6 | L14: =C14*D14*E14*0.05 -> 4.12 | N14: Ø 12,5 | O14: 5760.4 | P14: 0.963 | Q14: =O14*P14 -> 5547.2652
B15: TOTAIS | J15: =SUM(J12:J14) -> 173.77 | K15: =SUM(K12:K14) -> 39.636 | L15: =SUM(L12:L14) -> 4.12 | N15: Ø 16 | O15: 46.8 | P15: 1.578 | Q15: =O15*P15 -> 73.8504
N16: Ø 20 | O16: 368 | P16: 2.466 | Q16: =O16*P16 -> 907.488
N17: Ø 25 | O17: 66.48 | P17: 3.853 | Q17: =O17*P17 -> 256.14744
N18: TOTAL | Q18: =SUM(Q12:Q17) -> 7674.3663
B20: RESUMO DE SERVIÇOS
B21: GOINFRA RODOVIARIA | C21: 45150 | D21: FORMA CHAPA COMPENSADA PLASTIFICADA 17 mm - UTILIZAÇÃO 3X (CONFECÇÃO, INSTALAÇÃO E RETIRADA) | P21: M² | Q21: =J15 -> 173.77
B22: GOINFRA RODOVIARIA | C22: 45155 | D22: AÇO CA50/60 AQUISIÇÃO, ARMAÇÃO E COLOCAÇÃO (INCLUSO PERDAS) | P22: KG | Q22: =Q18 -> 7674.3663
B23: GOINFRA RODOVIARIA | C23: 45156 | D23: CONCRETO USINADO BOMBEÁVEL FCK=35 MPA | P23: M³ | Q23: =K15 -> 39.636
B24: GOINFRA RODOVIARIA | C24: 45054 | D24: CONCRETO USINADO BOMBEÁVEL FCK=15 MPA | P24: M³ | Q24: =L15 -> 4.12

Sheet PONTE-ACABAMENTOS-SOBRELAJE
A1: MEMORIAL DE CÁLCULO
B4: OBJETO: | C4: ='DADOS DA OBRA'!$B$13 -> Construção de ponte de concreto sobre o Rio do Peixe, na GO-479, demolição de ponte existente, transporte e destinação do entulho da demolição | J4: DATA: | K4: ='CAPA - ORÇAMENTO'!$D$17 -> 45681
B5: LOCAL: | C5: =+""&'DADOS DA OBRA'!$B$16&", "&'DADOS DA OBRA'!$B$19&", "&'DADOS DA OBRA'!$J$19&", "&'DADOS DA OBRA'!$P$19 -> GO-479, Zona Rural, Distrito de Lagolândia, Pirenópolis, GO | J5: REVISÃO: | K5: ='DADOS DA OBRA'!$N$25 -> 00
B6: SERVIÇOS: | C6: SOBRELAJE
C8: Elemento | D8: Local | E8: Comprimento (m) | F8: Perimetro (m) | G8: Área (m²) | H8: Forma Madeira (m²) | I8: Volume Concreto (m³)
C9: Sobrelaje | D9: Laje Tabuleiro | E9: 88 | F9: =0.05+0.05 -> 0.1 | G9: 1.23 | H9: =E9*F9 -> 8.8 | I9: =E9*G9 -> 108.24
B13: RESUMO DE SERVIÇOS
B14: GOINFRA RODOVIARIA | C14: 45150 | D14: FORMA CHAPA COMPENSADA PLASTIFICADA 17 mm - UTILIZAÇÃO 3X (CONFECÇÃO, INSTALAÇÃO E RETIRADA) | J14: M² | K14: =H9 -> 8.8
B15: GOINFRA RODOVIARIA | C15: 45153 | D15: CONCRETO USINADO BOMBEÁVEL FCK=25 MPA | J15: M³ | K15: =I9 -> 108.24

Sheet PONTE-DIVERSOS
A1: MEMORIAL DE CÁLCULO
B4: OBJETO: | C4: ='DADOS DA OBRA'!$B$13 -> Construção de ponte de concreto sobre o Rio do Peixe, na GO-479, demolição de ponte existente, transporte e destinação do entulho da demolição | L4: DATA: | M4: ='CAPA - ORÇAMENTO'!$D$17 -> 45681
B5: LOCAL: | C5: =+""&'DADOS DA OBRA'!$B$16&", "&'DADOS DA OBRA'!$B$19&", "&'DADOS DA OBRA'!$J$19&", "&'DADOS DA OBRA'!$P$19 -> GO-479, Zona Rural, Distrito de Lagolândia, Pirenópolis, GO | L5: REVISÃO: | M5: ='DADOS DA OBRA'!$N$25 -> 00
B6: SERVIÇOS: | C6: DIVERSOS
B10: GOINFRA CIVIL | C10: 050251 | D10: CORPO DE PROVA
B12: De acordo com a NBR 12655, a quantidade de corpos de prova que devem ser moldados in loco deve ser de no mínimo dois por idade a ser testada. Além disso, a NBR 12655 também exige que os corpos de prova sejam moldados a cada 50 m³ de concreto ou um andar, no máximo. Nesse caso foi considerado o ensaio de compressão de corpos de prova com 7 e 28 dias para cada 25 m³ de concreto produzido, por se tratar de uma obra de arte especial foi adotado esse valor para aumentar a frequência de controle tecnológico do concreto.
F14: Volume total de concreto | H14: =SUM('PONTE-ENSAIO PROVA DE CARGA'!L14,'PONTE-ENSAIO PROVA DE CARGA'!H21,'PONTE-ENSAIO PROVA DE CARGA'!I21,'PONTE-INFRAEST-ESTACAS'!L15,'PONTE-INFRAEST-BLOCO'!M14,'PONTE-INFRAEST-BLOCO'!P14,'PONTE-MESOEST-PILARES'!I15,'PONTE-MESOEST-VL'!K14,'PONTE-MESOEST-VR'!K14,'PONTE-SUPEREST-LONGARINA'!I13,'PONTE-SUPEREST-TRANSVERSINAS'!J14,'PONTE-SUPEREST-LAJE TABULEIRO'!H13,'PONTE-SUPEREST-BARREIRA N.J'!H13,'PONTE-SUPEREST-CABECEIRA'!K15,'PONTE-SUPEREST-CABECEIRA'!L15,'PONTE-ACABAMENTOS-SOBRELAJE'!I9) -> 941.95392 | I14: m³
F15: Volume para ensaio | H15: 25 | I15: m³
F16: Quantidade de amostras | H16: =(_xlfn.FLOOR.MATH(H14/H15,3)+1)*6 -> 222 | I16: un
B19: GOINFRA RODOVIARIA | C19: 40436 | D19: TRANSPORTE LOCAL DE CONCRETO
E21: Local | F21: Volume (m³) | G21: Distância (m) | H21: Transporte (m³km)*
E22: Concreto Usinado Total | F22: =H14 -> 941.95392 | G22: ='PONTE-DMT'!G11 -> 42.4 | H22: =F22*G22 -> 39938.846
B26: GOINFRA RODOVIARIA | C26: 45235 | D26: NEOPRENE
D40: Local | E40: Quantidade | F40: Largura (dm) | G40: Altura (dm) | H40: Espessura (dm) | I40: Volume (dm³) | J40: Peso (kg)
D41: Apoio - Pilar e Longarina | E41: 8 | F41: 8 | G41: 8 | H41: 1.02 | I41: =E41*F41*G41*H41 -> 522.24 | J41: =I41/0.39 -> 1339.0769
B45: GOINFRA RODOVIARIA | C45: 45230 | D45: DRENOS 100 MM - Adaptada
B47: A drenagem das águas pluviais da pista da ponte está localizada nos extremos do tabuleiro e se dá por tubos de PVC de 100,0 mm de diâmetro, espaçados longitudinalmente.
E60: Local | F60: Unidade | G60: Comprimento (m) | H60: Diâmetro (mm) | I60: Espaçamento (m)
E61: Laje Tabuleiro | F61: =19*2 -> 38 | G61: 0.4 | H61: 100 | I61: 4
B65: GOINFRA RODOVIARIA | C65: 45245 | D65: LIMPEZA GERAL
F67: Local | G67: Área (m²)
F68: Tabuleiro Ponte | G68: =88*10.8 -> 950.4

Sheet PONTE- ESCORAMENTO
A1: MEMORIAL DE CÁLCULO
B4: OBJETO: | C4: ='DADOS DA OBRA'!$B$13 -> Construção de ponte de concreto sobre o Rio do Peixe, na GO-479, demolição de ponte existente, transporte e destinação do entulho da demolição | I4: DATA: | J4: ='CAPA - ORÇAMENTO'!$D$17 -> 45681
B5: LOCAL: | C5: =+""&'DADOS DA OBRA'!$B$16&", "&'DADOS DA OBRA'!$B$19&", "&'DADOS DA OBRA'!$J$19&", "&'DADOS DA OBRA'!$P$19 -> GO-479, Zona Rural, Distrito de Lagolândia, Pirenópolis, GO | I5: REVISÃO: | J5: ='DADOS DA OBRA'!$N$25 -> 00
B6: SERVIÇOS: | C6: ESCORAMENTO
B9: Comprimento total a ser escorado 80m
B10: Considerando a maior distância do nivel do terreno até a altura da estrutura.
D12: Largura (m) | E12: Comprimento (m) | F12: Área da seção (m²) | G12: Distância (m) | H12: Volume (m³)
D13: 10.8 | E13: 80 | F13: =D13*E13 -> 864 | G13: 13.9 | H13: =F13*G13 -> 12009.6
E15: VOLUME TOTAL A SER ESCORADO | G15: =H13 -> 12009.6 | H15: M³
B18: RESUMO DE SERVIÇOS
B19: GOINFRA RODOVIARIA | C19: 45135 | D19: ESCORAMENTO PARA PONTE | I19: M³ | J19: =G15 -> 12009.6

Sheet SINALIZAÇÃO
A1: MEMORIAL DE CÁLCULO
B4: OBJETO: | C4: ='DADOS DA OBRA'!$B$13 -> Construção de ponte de concreto sobre o Rio do Peixe, na GO-479, demolição de ponte existente, transporte e destinação do entulho da demolição | M4: DATA: | N4: ='CAPA - ORÇAMENTO'!$D$17 -> 45681
B5: LOCAL: | C5: =+""&'DADOS DA OBRA'!$B$16&", "&'DADOS DA OBRA'!$B$19&", "&'DADOS DA OBRA'!$J$19&", "&'DADOS DA OBRA'!$P$19 -> GO-479, Zona Rural, Distrito de Lagolândia, Pirenópolis, GO | M5: REVISÃO: | N5: ='DADOS DA OBRA'!$N$25 -> 00
B6: SERVIÇOS: | C6: SINALIZAÇÃO
B9: PLACAS RETANGULARES | K9: SUPORTE
B10: CÓDIGO | C10: MODELO | D10: LOC. ESTACA | E10: LADO | F10: TIPO DE SUBSTRATO | G10: TIPO DE PELÍCULA | H10: DIMENSÃO (m) | I10: QUANT. | J10: TOTAL (m²) | K10: TIPO | L10: QTDE POR PLACA | M10: MATERIAL | N10: QTDE TOTAL
B11: SO-01 | D11: Lagolândia | E11: LD | F11: AÇO | G11: III + III | H11: 2,00x1,00 | I11: 1 | J11: =(2*1)*I11 -> 2 | K11: COLUNA DUPLA | L11: 2 | M11: MADEIRA | N11: =I11*L11 -> 2
B12: SO-02 | D12: Ponte Sobre o Rio do Peixe | E12: LD | F12: AÇO | G12: III + III | H12: 2,00x1,00 | I12: 1 | J12: =(2*1)*I12 -> 2 | K12: COLUNA DUPLA | L12: 2 | M12: MADEIRA | N12: =I12*L12 -> 2
B13: SO-03 | D13: Ponte Sobre o Rio do Peixe | E13: LD | F13: AÇO | G13: III + III | H13: 2,00x1,00 | I13: 1 | J13: =(2*1)*I13 -> 2 | K13: COLUNA DUPLA | L13: 2 | M13: MADEIRA | N13: =I13*L13 -> 2
B14: SO-04 | D14: Ponte Sobre o Rio do Peixe | E14: LD | F14: AÇO | G14: III + III | H14: 2,00x1,00 | I14: 1 | J14: =(2*1)*I14 -> 2 | K14: COLUNA DUPLA | L14: 2 | M14: MADEIRA | N14: =I14*L14 -> 2
B15: SO-05 | D15: Ponte Sobre o Rio do Peixe | E15: LD | F15: AÇO | G15: III + III | H15: 0,50x0,50 | I15: 2 | J15: =(0.5*0.5)*I15 -> 0.5 | K15: COLUNA SIMPLES | L15: 1 | M15: MADEIRA | N15: =I15*L15 -> 2
B16: SO-06 | D16: Lagolândia | E16: LD | F16: AÇO | G16: III + III | H16: 2,00x0,5 | I16: 1 | J16: =(2*0.5)*I16 -> 1 | K16: COLUNA DUPLA | L16: 2 | M16: MADEIRA | N16: =I16*L16 -> 2
B17: ÁREA TOTAL DAS PLACAS (m²): | J17: =SUM(J11:J16) -> 9.5 | K17: TOTAL DE SUPORTES (und): | N17: =SUM(N11:N16) -> 12
B20: Nota de Serviço e Quantidades de Sinalização de Obras (Complementares)
B21: Figura | E21: Descrição | H21: Quantidade | K21: Observações
E22: SICRO - 5213387 - Barreira de sinalização tipo III de direcionamento ou bloqueio - confecção | H22: =((11.6/2)+(20/2)) -> 15.8 | K22: Será posicionada uma ao ladro da outra contabilizando 6 no início da intervenção de construção da nova ponte e 10 no final, conforme projeto tipo.
B39: RESUMO DE SERVIÇOS
B40: GOINFRA RODOVIÁRIA | C40: 40853 | D40: SINALIZAÇÃO VERTICAL TOTALMENTE REFLETIVA (TIPO III) - (Adaptada conforme Decreto 9.900). | L40: M² | M40: =J17 -> 9.5
B41: SICRO3 | C41: 5213387 | D41: BARREIRA DE SINALIZAÇÃO TIPO III DE DIRECIONAMENTO OU BLOQUEIO - CONFECÇÃO. (Adaptado conforme Decreto Estadual 9900/2021) | L41: un | M41: =H22 -> 15.8

Sheet PONTE-DMT
A1: MEMORIAL DE CÁLCULO
B4: OBJETO: | C4: ='DADOS DA OBRA'!$B$13 -> Construção de ponte de concreto sobre o Rio do Peixe, na GO-479, demolição de ponte existente, transporte e destinação do entulho da demolição | I4: DATA: | J4: ='CAPA - ORÇAMENTO'!$D$17 -> 45681
B5: LOCAL: | C5: =+""&'DADOS DA OBRA'!$B$16&", "&'DADOS DA OBRA'!$B$19&", "&'DADOS DA OBRA'!$J$19&", "&'DADOS DA OBRA'!$P$19 -> GO-479, Zona Rural, Distrito de Lagolândia, Pirenópolis, GO | I5: REVISÃO: | J5: ='DADOS DA OBRA'!$N$25 -> 00
B6: SERVIÇOS: | C6: DMT
B8: QUADRO RESUMO DE DISTÂNCIA MÉDIA DE TRANSPORTES - DMT
B9: DESCRIÇÃO DOS SERVIÇOS | C9: MATERIAL | D9: PERCURSO | F9: DISTÂNCIA ESTIMADA (KM) | G9: DISTÂNCIA CALCULADA (KM) | H9: LINK GOOGLE MAPS
D10: ORIGEM | E10: DESTINO
B11: Diversos | C11: Concreto Usinado Bombável | D11: Fort Beton | E11: Canteiro | G11: 42.4 | H11: https://www.google.com/maps/dir/FortBeton-Canteiro_Lagolândia
C12: Materiais Pétreos | D12: Pedreira Cooperados | E12: Canteiro | G12: 45.8 | H12: https://www.google.com.br/maps/dir/Pedreira_Cooperado-Lagolandia
C13: Carga de Entulho | D13: Canteiro | E13: Centro - Aparecida de Goiânia | G13: 173 | H13: https://www.google.com/maps/dir/Canteiro-EcoblendingAmbiental
C14: Carga de Entulho | D14: Canteiro | E14: Bota-Fora | F14: 0.5
C15: Material de Jazida | D15: Proximo ao Canteiro | E15: Canteiro | F15: 0.5
B16: Mobilização e Desmobilização | D16: Goiânia | E16: Lagolândia | G16: 162
B17: Canteiro de Obras localizado no Distrito de Lagolândia, coordenadas: -15.600570º, - 49.024100º.
